Workbook
Name dol: [1]TABULACION!#REF!
Name dol: [1]TABULACION!#REF!
Name dol: [1]TABULACION!#REF!
Name dol: [1]TABULACION!#REF!
Name dol: [1]TABULACION!#REF!
Name dol: [1]TABULACION!#REF!
Name dol: [1]TABULACION!#REF!
Name dol: [1]TABULACION!#REF!
Name dol: [1]TABULACION!#REF!
Name DOLAR: [2]TABULACION!$C$22
Name DOLAR1: [3]TABULACION!#REF!
Name DOLAR1: [3]TABULACION!#REF!
Name DOLAR1: [3]TABULACION!#REF!
Name DOLAR1: [3]TABULACION!#REF!
Name DOLAR1: [3]TABULACION!#REF!
Name DOLAR1: [3]TABULACION!#REF!
Name DOLAR1: [3]TABULACION!#REF!
Name DOLAR1: [3]TABULACION!#REF!
Name DOLAR1: [3]TABULACION!#REF!
Name LO: [3]TABULACION!#REF!
Name LO: [3]TABULACION!#REF!
Name LO: [3]TABULACION!#REF!
Name LO: [3]TABULACION!#REF!
Name LO: [3]TABULACION!#REF!
Name LO: [3]TABULACION!#REF!
Name LO: [3]TABULACION!#REF!
Name LO: [3]TABULACION!#REF!
Name LO: [3]TABULACION!#REF!

Sheet INICIAL
B2: TABULACIÓN DEPURADA COTIZACIONES PARA EL ESTUDIO DE SECTOR Y DE MERCADO | F2: SIP-DA-007-2026 | M2: ADQUISICIÓN DE ELEMENTOS DE PAPELERÍA Y ÚTILES DE OFICINA PARA LAS DEPENDENCIAS DE LA SUPERTRANSPORTE.
F4: SUMICORP LTDA | G4: CONSTRUCTORA PINEDA SAS | H4: SEEMATECH | I4: GRUPO SUMINISTROS S.A.S. | J4: GRAN PAPELERIA BOLIVAR SAS | K4: SOLINCO COLOMBIA S.A.S | L4: Support IT
B5: ITEM | C5: DESCRIPCION | D5: UNIDAD | E5: Cant. | F5: VALOR UNITARIO INCLUIDO IVA | G5: VALOR UNITARIO INCLUIDO IVA | H5: VALOR TOTAL INCLUIDO IVA | I5: VALOR TOTAL INCLUIDO IVA | J5: VALOR TOTAL INCLUIDO IVA | K5: VALOR TOTAL INCLUIDO IVA | L5: VALOR TOTAL INCLUIDO IVA | M5: MUESTRA | N5: VALOR PROMEDIO UNITARIO | O5: VALOR TOTAL | P5: DESVIACION ESTANDAR | Q5: COEF VARIACION | R5: MARGEN DE CONFIABILIDAD | S5: NIVEL DE CONFIABILIDAD DE LOS DATOS
B7: 1 | C7: BISTURI | D7: UNIDAD | E7: 40 | F7: 1785 | G7: 1319 | J7: 1071 | M7: =COUNT(F7:L7) -> 3 | N7: =ROUND(AVERAGE(F7:L7),0) -> 1392 | O7: =+N7*E7 -> 55680 | P7: =STDEVP(F7:J7) -> 295.98348 | Q7: =P7/N7*100 -> 21.263181 | R7: =100-Q7 -> 78.736819 | S7: =IF(R7>70,"ALTO","BAJO") -> ALTO
B8: 2 | C8: BLOCK DE NOTAS BLANCO CUADRICULADO TAMAÑO CARTA x 50 HOJAS | D8: UNIDAD | E8: 250 | F8: 5712 | G8: 6797 | J8: 3451 | M8: =COUNT(F8:L8) -> 3 | N8: =ROUND(AVERAGE(F8:L8),0) -> 5320 | O8: =+N8*E8 -> 1330000 | P8: =STDEVP(F8:J8) -> 1393.8381 | Q8: =P8/N8*100 -> 26.199964 | R8: =100-Q8 -> 73.800036 | S8: =IF(R8>70,"ALTO","BAJO") -> ALTO
B9: =+B8+1 -> 3 | C9: BORRADOR NATA 20*20 | D9: UNIDAD | E9: 100 | F9: 1071 | G9: 1303 | J9: 476 | M9: =COUNT(F9:L9) -> 3 | N9: =ROUND(AVERAGE(F9:L9),0) -> 950 | O9: =+N9*E9 -> 95000 | P9: =STDEVP(F9:J9) -> 348.29394 | Q9: =P9/N9*100 -> 36.66252 | R9: =100-Q9 -> 63.33748 | S9: =IF(R9>70,"ALTO","BAJO") -> BAJO
B10: =+B9+1 -> 4 | C10: BORRADOR PARA TABLERO ACRÍLICO | D10: UNIDAD | E10: 12 | F10: 2499 | G10: 2850 | J10: 1785 | M10: =COUNT(F10:L10) -> 3 | N10: =ROUND(AVERAGE(F10:L10),0) -> 2378 | O10: =+N10*E10 -> 28536 | P10: =STDEVP(F10:J10) -> 443.12301 | Q10: =P10/N10*100 -> 18.634273 | R10: =100-Q10 -> 81.365727 | S10: =IF(R10>70,"ALTO","BAJO") -> ALTO
B11: =+B10+1 -> 5 | C11: CARTULINA BLANCA X OCTAVOS | D11: UNIDAD | E11: 2000 | F11: 178.5 | G11: 240 | J11: 226 | M11: =COUNT(F11:L11) -> 3 | N11: =ROUND(AVERAGE(F11:L11),0) -> 215 | O11: =+N11*E11 -> 430000 | P11: =STDEVP(F11:J11) -> 26.319617 | Q11: =P11/N11*100 -> 12.241682 | R11: =100-Q11 -> 87.758318 | S11: =IF(R11>70,"ALTO","BAJO") -> ALTO
B12: =+B11+1 -> 6 | C12: CINTA ADHESIVA DELGADA TRANSPARENTE 12MT X 40MT | D12: UNIDAD | E12: 50 | F12: 1785 | G12: 2931 | J12: 1071 | M12: =COUNT(F12:L12) -> 3 | N12: =ROUND(AVERAGE(F12:L12),0) -> 1929 | O12: =+N12*E12 -> 96450 | P12: =STDEVP(F12:J12) -> 766.13837 | Q12: =P12/N12*100 -> 39.716867 | R12: =100-Q12 -> 60.283133 | S12: =IF(R12>70,"ALTO","BAJO") -> BAJO
B13: =+B12+1 -> 7 | C13: CINTA AISLANTE NEGRA 18MX29MM | D13: UNIDAD | E13: 24 | F13: 4998 | G13: 2443 | J13: 7497 | M13: =COUNT(F13:L13) -> 3 | N13: =ROUND(AVERAGE(F13:L13),0) -> 4979 | O13: =+N13*E13 -> 119496 | P13: =STDEVP(F13:J13) -> 2063.3291 | Q13: =P13/N13*100 -> 41.440632 | R13: =100-Q13 -> 58.559368 | S13: =IF(R13>70,"ALTO","BAJO") -> BAJO
B14: =+B13+1 -> 8 | C14: CINTA ANCHA ADHESIVA TRANSPARENTE 100 M X 48 MM | D14: UNIDAD | E14: 100 | F14: 7080 | G14: 28499 | J14: 5831 | M14: =COUNT(F14:L14) -> 3 | N14: =ROUND(AVERAGE(F14:L14),0) -> 13803 | O14: =+N14*E14 -> 1380300 | P14: =STDEVP(F14:J14) -> 10403.908 | Q14: =P14/N14*100 -> 75.374255 | R14: =100-Q14 -> 24.625745 | S14: =IF(R14>70,"ALTO","BAJO") -> BAJO
B15: =+B14+1 -> 9 | C15: CINTA CERA IMPRESORA DE ZEBRA REF. SAT RCOUT110X74 | D15: UNIDAD | E15: 50 | F15: 17850 | G15: 10993 | J15: 34510 | M15: =COUNT(F15:L15) -> 3 | N15: =ROUND(AVERAGE(F15:L15),0) -> 21118 | O15: =+N15*E15 -> 1055900 | P15: =STDEVP(F15:J15) -> 9874.9027 | Q15: =P15/N15*100 -> 46.760596 | R15: =100-Q15 -> 53.239404 | S15: =IF(R15>70,"ALTO","BAJO") -> BAJO
B16: =+B15+1 -> 10 | C16: CINTA DE ENMASCARAR DELGADA 24MMX20 METROS | D16: UNIDAD | E16: 50 | F16: 4700.5 | G16: 3121 | J16: 2618 | M16: =COUNT(F16:L16) -> 3 | N16: =ROUND(AVERAGE(F16:L16),0) -> 3480 | O16: =+N16*E16 -> 174000 | P16: =STDEVP(F16:J16) -> 887.23262 | Q16: =P16/N16*100 -> 25.49519 | R16: =100-Q16 -> 74.50481 | S16: =IF(R16>70,"ALTO","BAJO") -> ALTO
B17: =+B16+1 -> 11 | C17: CINTA DE ENMASCARAR GRUESA 48MM X40 METROS | D17: UNIDAD | E17: 50 | F17: 7199.5 | G17: 14569 | J17: 8925 | M17: =COUNT(F17:L17) -> 3 | N17: =ROUND(AVERAGE(F17:L17),0) -> 10231 | O17: =+N17*E17 -> 511550 | P17: =STDEVP(F17:J17) -> 3147.1613 | Q17: =P17/N17*100 -> 30.761033 | R17: =100-Q17 -> 69.238967 | S17: =IF(R17>70,"ALTO","BAJO") -> BAJO
B18: =+B17+1 -> 12 | C18: CINTA DE IMPRESIÓN REF. RIBBON YMCKT‑KT DS3 D 350 | D18: UNIDAD | E18: 6 | F18: 1725500 | G18: 1547089 | J18: 1166200 | M18: =COUNT(F18:L18) -> 3 | N18: =ROUND(AVERAGE(F18:L18),0) -> 1479596 | O18: =+N18*E18 -> 8877576 | P18: =STDEVP(F18:J18) -> 233267.47 | Q18: =P18/N18*100 -> 15.765619 | R18: =100-Q18 -> 84.234381 | S18: =IF(R18>70,"ALTO","BAJO") -> ALTO
B19: =+B18+1 -> 13 | C19: CINTA DOBLE FAZ 30M X 12MM | D19: UNIDAD | E19: 24 | F19: 8568 | G19: 64327 | J19: 40460 | M19: =COUNT(F19:L19) -> 3 | N19: =ROUND(AVERAGE(F19:L19),0) -> 37785 | O19: =+N19*E19 -> 906840 | P19: =STDEVP(F19:J19) -> 22841.968 | Q19: =P19/N19*100 -> 60.452475 | R19: =100-Q19 -> 39.547525 | S19: =IF(R19>70,"ALTO","BAJO") -> BAJO
B20: =+B19+1 -> 14 | C20: CINTA GAFFER 50M X50MM | D20: UNIDAD | E20: 6 | F20: 339983 | G20: 223107 | J20: 165410 | M20: =COUNT(F20:L20) -> 3 | N20: =ROUND(AVERAGE(F20:L20),0) -> 242833 | O20: =+N20*E20 -> 1456998 | P20: =STDEVP(F20:J20) -> 72621.297 | Q20: =P20/N20*100 -> 29.90586 | R20: =100-Q20 -> 70.09414 | S20: =IF(R20>70,"ALTO","BAJO") -> ALTO
... B46: =+B45+1 -> 40 | C46: TIJERAS CORTADORA DE PAPEL 7” | D46: UNIDAD | E46: 15 | F46: 5117 | G46: 11074 | J46: 4760 | M46: =COUNT(F46:L46) -> 3 | N46: =ROUND(AVERAGE(F46:L46),0) -> 6984 | O46: =+N46*E46 -> 104760 | P46: =STDEVP(F46:J46) -> 2895.9722 | Q46: =P46/N46*100 -> 41.46581 | R46: =100-Q46 -> 58.53419 | S46: =IF(R46>70,"ALTO","BAJO") -> BAJO
B47: =+B46+1 -> 41 | C47: TONER HP BLACK MANAGED W9004MC - MFP E62555/65/75 – REF CF237YC | D47: UNIDAD | E47: 15 | F47: 4462500 | G47: 1847475 | H47: 1119790 | I47: 962900 | J47: 1188810 | M47: =COUNT(F47:L47) -> 5 | N47: =ROUND(AVERAGE(F47:L47),0) -> 1916295 | O47: =+N47*E47 -> 28744425 | P47: =STDEVP(F47:J47) -> 1308473.4 | Q47: =P47/N47*100 -> 68.281416 | R47: =100-Q47 -> 31.718584 | S47: =IF(R47>70,"ALTO","BAJO") -> BAJO
N48: =ROUND(AVERAGE(F48:L48),0) -> #DIV/0! | O48: =+N48*E47 -> #DIV/0! | P48: =STDEVP(F48:J48) -> #DIV/0! | Q48: =P48/N48*100 -> #DIV/0! | R48: =100-Q48 -> #DIV/0! | S48: =IF(R48>70,"ALTO","BAJO") -> #DIV/0!
M49: =COUNT(F49:L49) -> 0 | N49: =ROUND(AVERAGE(F49:L49),0) -> #DIV/0! | O49: =+N49*E49 -> #DIV/0! | P49: =STDEVP(F49:J49) -> #DIV/0! | Q49: =P49/N49*100 -> #DIV/0! | R49: =100-Q49 -> #DIV/0! | S49: =IF(R49>70,"ALTO","BAJO") -> #DIV/0!
M50: =COUNT(F50:L50) -> 0 | N50: =ROUND(AVERAGE(F50:L50),0) -> #DIV/0! | O50: =+N50*E50 -> #DIV/0! | P50: =STDEVP(F50:J50) -> #DIV/0! | Q50: =P50/N50*100 -> #DIV/0! | R50: =100-Q50 -> #DIV/0! | S50: =IF(R50>70,"ALTO","BAJO") -> #DIV/0!
M51: =COUNT(F51:L51) -> 0 | N51: =ROUND(AVERAGE(F51:L51),0) -> #DIV/0! | O51: =+N51*E51 -> #DIV/0! | P51: =STDEVP(F51:J51) -> #DIV/0! | Q51: =P51/N51*100 -> #DIV/0! | R51: =100-Q51 -> #DIV/0! | S51: =IF(R51>70,"ALTO","BAJO") -> #DIV/0!
M52: =COUNT(F52:L52) -> 0 | N52: =ROUND(AVERAGE(F52:L52),0) -> #DIV/0! | O52: =+N52*E52 -> #DIV/0! | P52: =STDEVP(F52:J52) -> #DIV/0! | Q52: =P52/N52*100 -> #DIV/0! | R52: =100-Q52 -> #DIV/0! | S52: =IF(R52>70,"ALTO","BAJO") -> #DIV/0!
M53: =COUNT(F53:L53) -> 0 | N53: =ROUND(AVERAGE(F53:L53),0) -> #DIV/0! | O53: =+N53*E53 -> #DIV/0! | P53: =STDEVP(F53:J53) -> #DIV/0! | Q53: =P53/N53*100 -> #DIV/0! | R53: =100-Q53 -> #DIV/0! | S53: =IF(R53>70,"ALTO","BAJO") -> #DIV/0!
M54: =COUNT(F54:L54) -> 0 | N54: =ROUND(AVERAGE(F54:L54),0) -> #DIV/0! | O54: =+N54*E54 -> #DIV/0! | P54: =STDEVP(F54:J54) -> #DIV/0! | Q54: =P54/N54*100 -> #DIV/0! | R54: =100-Q54 -> #DIV/0! | S54: =IF(R54>70,"ALTO","BAJO") -> #DIV/0!
M55: =COUNT(F55:L55) -> 0 | N55: =ROUND(AVERAGE(F55:L55),0) -> #DIV/0! | O55: =+N55*E55 -> #DIV/0! | P55: =STDEVP(F55:J55) -> #DIV/0! | Q55: =P55/N55*100 -> #DIV/0! | R55: =100-Q55 -> #DIV/0! | S55: =IF(R55>70,"ALTO","BAJO") -> #DIV/0!
M56: =COUNT(F56:L56) -> 0 | N56: =ROUND(AVERAGE(F56:L56),0) -> #DIV/0! | O56: =+N56*E56 -> #DIV/0! | P56: =STDEVP(F56:J56) -> #DIV/0! | Q56: =P56/N56*100 -> #DIV/0! | R56: =100-Q56 -> #DIV/0! | S56: =IF(R56>70,"ALTO","BAJO") -> #DIV/0!
M57: =COUNT(F57:L57) -> 0 | N57: =ROUND(AVERAGE(F57:L57),0) -> #DIV/0! | O57: =+N57*E57 -> #DIV/0! | P57: =STDEVP(F57:J57) -> #DIV/0! | Q57: =P57/N57*100 -> #DIV/0! | R57: =100-Q57 -> #DIV/0! | S57: =IF(R57>70,"ALTO","BAJO") -> #DIV/0!
M58: =COUNT(F58:L58) -> 0 | N58: =ROUND(AVERAGE(F58:L58),0) -> #DIV/0! | O58: =+N58*E58 -> #DIV/0! | P58: =STDEVP(F58:J58) -> #DIV/0! | Q58: =P58/N58*100 -> #DIV/0! | R58: =100-Q58 -> #DIV/0! | S58: =IF(R58>70,"ALTO","BAJO") -> #DIV/0!
M59: =COUNT(F59:L59) -> 0 | N59: =ROUND(AVERAGE(F59:L59),0) -> #DIV/0! | O59: =+N59*E59 -> #DIV/0! | P59: =STDEVP(F59:J59) -> #DIV/0! | Q59: =P59/N59*100 -> #DIV/0! | R59: =100-Q59 -> #DIV/0! | S59: =IF(R59>70,"ALTO","BAJO") -> #DIV/0!
M60: =COUNT(F60:L60) -> 0 | N60: =ROUND(AVERAGE(F60:L60),0) -> #DIV/0! | O60: =+N60*E60 -> #DIV/0! | P60: =STDEVP(F60:J60) -> #DIV/0! | Q60: =P60/N60*100 -> #DIV/0! | R60: =100-Q60 -> #DIV/0! | S60: =IF(R60>70,"ALTO","BAJO") -> #DIV/0!
... M72: =COUNT(F72:L72) -> 0 | N72: =ROUND(AVERAGE(F72:L72),0) -> #DIV/0! | O72: =+N72*E72 -> #DIV/0! | P72: =STDEVP(F72:J72) -> #DIV/0! | Q72: =P72/N72*100 -> #DIV/0! | R72: =100-Q72 -> #DIV/0! | S72: =IF(R72>70,"ALTO","BAJO") -> #DIV/0!
O73: =+N73*E73 -> 0
O74: =+N74*E74 -> 0
O75: =+N75*E75 -> 0
O76: =+N76*E76 -> 0
M77: Total todo costo | O77: =+SUM(O7:O47) -> 59479873
B78: NOTA: En caso que el valor unitario se encuentra en dólares, la tasa de cambio (TRM) a aplicar será la vigente al día en que se realiza la tabulación y el análisis de los datos estadísticos. Para determinar las variaciones anuales de los precios se debe aplicar el Índice de Precios al Consumidor (IPC). Se debe especificar si el bien o servicio sobre el que se realiza el análisis se encuentra gravado con el impuesto sobre las ventas (IVA) o por el contrario se encuentra exento de dicho gravamen.
D83: IPC ACUMULADO ANUAL -DANE
D84: 2020 | E84: 1.61 | F84: =+E84/100+1 -> 1.0161
D85: 2021 | E85: 5.62 | F85: =+E85/100+1 -> 1.0562 | M85: verificado datos abiertos no se evidencia de iguales condiciones para coger datos referencia
D86: 2022 | E86: 13.12 | F86: =+E86/100+1 -> 1.1312
D87: 2023 | E87: 9.28 | F87: =+E87/100+1 -> 1.0928
D88: 2024 | E88: 5.2 | F88: =+E88/100+1 -> 1.052
D89: 2025 | E89: 5.22 | F89: =+E89/100+1 -> 1.0522
D90: ENERO | E90: 1.18 | F90: =+E90/100+1 -> 1.0118
F91: =+E91/100+1 -> 1
F92: =+E92/100+1 -> 1
F93: =+E93/100+1 -> 1
F94: =+E94/100+1 -> 1
F95: =+E95/100+1 -> 1
F96: =+E96/100+1 -> 1
F97: =+E97/100+1 -> 1
F98: =+E98/100+1 -> 1
F99: =+E99/100+1 -> 1
D100: https://www.dane.gov.co/index.php/estadisticas-por-tema/precios-y-costos/indice-de-precios-al-consumidor-ipc/ipc-historico#indice-de-precios-al-consumidor-ipc-2025

Sheet DEPURADO
B2: TABULACIÓN DEPURADA COTIZACIONES PARA EL ESTUDIO DE SECTOR Y DE MERCADO | F2: SIP-DA-007-2026 | M2: ADQUISICIÓN DE ELEMENTOS DE PAPELERÍA Y ÚTILES DE OFICINA PARA LAS DEPENDENCIAS DE LA SUPERTRANSPORTE.
F4: SUMICORP LTDA | G4: CONSTRUCTORA PINEDA SAS | H4: SEEMATECH | I4: GRUPO SUMINISTROS S.A.S. | J4: GRAN PAPELERIA BOLIVAR SAS | K4: SOLINCO COLOMBIA S.A.S | L4: Support IT
B5: ITEM | C5: DESCRIPCION | D5: UNIDAD | E5: Cant. | F5: VALOR UNITARIO INCLUIDO IVA | G5: VALOR UNITARIO INCLUIDO IVA | H5: VALOR TOTAL INCLUIDO IVA | I5: VALOR TOTAL INCLUIDO IVA | J5: VALOR TOTAL INCLUIDO IVA | K5: VALOR TOTAL INCLUIDO IVA | L5: VALOR TOTAL INCLUIDO IVA | M5: MUESTRA | N5: VALOR PROMEDIO UNITARIO | O5: VALOR TOTAL | P5: DESVIACION ESTANDAR | Q5: COEF VARIACION | R5: MARGEN DE CONFIABILIDAD | S5: NIVEL DE CONFIABILIDAD DE LOS DATOS
B7: 1 | C7: BISTURI | D7: UNIDAD | E7: 40 | F7: 1785 | G7: 1319 | J7: 1071 | M7: =COUNT(F7:L7) -> 3 | N7: =ROUND(AVERAGE(F7:L7),0) -> 1392 | O7: =+N7*E7 -> 55680 | P7: =STDEVP(F7:J7) -> 295.98348 | Q7: =P7/N7*100 -> 21.263181 | R7: =100-Q7 -> 78.736819 | S7: =IF(R7>70,"ALTO","BAJO") -> ALTO
B8: 2 | C8: BLOCK DE NOTAS BLANCO CUADRICULADO TAMAÑO CARTA x 50 HOJAS | D8: UNIDAD | E8: 250 | F8: 5712 | G8: 6797 | J8: 3451 | M8: =COUNT(F8:L8) -> 3 | N8: =ROUND(AVERAGE(F8:L8),0) -> 5320 | O8: =+N8*E8 -> 1330000 | P8: =STDEVP(F8:J8) -> 1393.8381 | Q8: =P8/N8*100 -> 26.199964 | R8: =100-Q8 -> 73.800036 | S8: =IF(R8>70,"ALTO","BAJO") -> ALTO
B9: =+B8+1 -> 3 | C9: BORRADOR NATA 20*20 | D9: UNIDAD | E9: 100 | F9: 1071 | G9: 1303 | M9: =COUNT(F9:L9) -> 2 | N9: =ROUND(AVERAGE(F9:L9),0) -> 1187 | O9: =+N9*E9 -> 118700 | P9: =STDEVP(F9:J9) -> 116 | Q9: =P9/N9*100 -> 9.7725358 | R9: =100-Q9 -> 90.227464 | S9: =IF(R9>70,"ALTO","BAJO") -> ALTO
B10: =+B9+1 -> 4 | C10: BORRADOR PARA TABLERO ACRÍLICO | D10: UNIDAD | E10: 12 | F10: 2499 | G10: 2850 | J10: 1785 | M10: =COUNT(F10:L10) -> 3 | N10: =ROUND(AVERAGE(F10:L10),0) -> 2378 | O10: =+N10*E10 -> 28536 | P10: =STDEVP(F10:J10) -> 443.12301 | Q10: =P10/N10*100 -> 18.634273 | R10: =100-Q10 -> 81.365727 | S10: =IF(R10>70,"ALTO","BAJO") -> ALTO
B11: =+B10+1 -> 5 | C11: CARTULINA BLANCA X OCTAVOS | D11: UNIDAD | E11: 2000 | F11: 178.5 | G11: 240 | J11: 226 | M11: =COUNT(F11:L11) -> 3 | N11: =ROUND(AVERAGE(F11:L11),0) -> 215 | O11: =+N11*E11 -> 430000 | P11: =STDEVP(F11:J11) -> 26.319617 | Q11: =P11/N11*100 -> 12.241682 | R11: =100-Q11 -> 87.758318 | S11: =IF(R11>70,"ALTO","BAJO") -> ALTO
B12: =+B11+1 -> 6 | C12: CINTA ADHESIVA DELGADA TRANSPARENTE 12MT X 40MT | D12: UNIDAD | E12: 50 | F12: 1785 | J12: 1071 | M12: =COUNT(F12:L12) -> 2 | N12: =ROUND(AVERAGE(F12:L12),0) -> 1428 | O12: =+N12*E12 -> 71400 | P12: =STDEVP(F12:J12) -> 357 | Q12: =P12/N12*100 -> 25 | R12: =100-Q12 -> 75 | S12: =IF(R12>70,"ALTO","BAJO") -> ALTO
B13: =+B12+1 -> 7 | C13: CINTA AISLANTE NEGRA 18MX29MM | D13: UNIDAD | E13: 24 | F13: 4998 | J13: 7497 | M13: =COUNT(F13:L13) -> 2 | N13: =ROUND(AVERAGE(F13:L13),0) -> 6248 | O13: =+N13*E13 -> 149952 | P13: =STDEVP(F13:J13) -> 1249.5 | Q13: =P13/N13*100 -> 19.998399 | R13: =100-Q13 -> 80.001601 | S13: =IF(R13>70,"ALTO","BAJO") -> ALTO
B14: =+B13+1 -> 8 | C14: CINTA ANCHA ADHESIVA TRANSPARENTE 100 M X 48 MM | D14: UNIDAD | E14: 100 | F14: 7080 | J14: 5831 | M14: =COUNT(F14:L14) -> 2 | N14: =ROUND(AVERAGE(F14:L14),0) -> 6456 | O14: =+N14*E14 -> 645600 | P14: =STDEVP(F14:J14) -> 624.5 | Q14: =P14/N14*100 -> 9.6731722 | R14: =100-Q14 -> 90.326828 | S14: =IF(R14>70,"ALTO","BAJO") -> ALTO
B15: =+B14+1 -> 9 | C15: CINTA CERA IMPRESORA DE ZEBRA REF. SAT RCOUT110X74 | D15: UNIDAD | E15: 50 | F15: 17850 | G15: 10993 | M15: =COUNT(F15:L15) -> 2 | N15: =ROUND(AVERAGE(F15:L15),0) -> 14422 | O15: =+N15*E15 -> 721100 | P15: =STDEVP(F15:J15) -> 3428.5 | Q15: =P15/N15*100 -> 23.772708 | R15: =100-Q15 -> 76.227292 | S15: =IF(R15>70,"ALTO","BAJO") -> ALTO
B16: =+B15+1 -> 10 | C16: CINTA DE ENMASCARAR DELGADA 24MMX20 METROS | D16: UNIDAD | E16: 50 | F16: 4700.5 | G16: 3121 | J16: 2618 | M16: =COUNT(F16:L16) -> 3 | N16: =ROUND(AVERAGE(F16:L16),0) -> 3480 | O16: =+N16*E16 -> 174000 | P16: =STDEVP(F16:J16) -> 887.23262 | Q16: =P16/N16*100 -> 25.49519 | R16: =100-Q16 -> 74.50481 | S16: =IF(R16>70,"ALTO","BAJO") -> ALTO
B17: =+B16+1 -> 11 | C17: CINTA DE ENMASCARAR GRUESA 48MM X40 METROS | D17: UNIDAD | E17: 50 | G17: 14569 | J17: 8925 | M17: =COUNT(F17:L17) -> 2 | N17: =ROUND(AVERAGE(F17:L17),0) -> 11747 | O17: =+N17*E17 -> 587350 | P17: =STDEVP(F17:J17) -> 2822 | Q17: =P17/N17*100 -> 24.023155 | R17: =100-Q17 -> 75.976845 | S17: =IF(R17>70,"ALTO","BAJO") -> ALTO
B18: =+B17+1 -> 12 | C18: CINTA DE IMPRESIÓN REF. RIBBON YMCKT‑KT DS3 D 350 | D18: UNIDAD | E18: 6 | F18: 1725500 | G18: 1547089 | J18: 1166200 | M18: =COUNT(F18:L18) -> 3 | N18: =ROUND(AVERAGE(F18:L18),0) -> 1479596 | O18: =+N18*E18 -> 8877576 | P18: =STDEVP(F18:J18) -> 233267.47 | Q18: =P18/N18*100 -> 15.765619 | R18: =100-Q18 -> 84.234381 | S18: =IF(R18>70,"ALTO","BAJO") -> ALTO
B19: =+B18+1 -> 13 | C19: CINTA DOBLE FAZ 30M X 12MM | D19: UNIDAD | E19: 24 | G19: 64327 | J19: 40460 | M19: =COUNT(F19:L19) -> 2 | N19: =ROUND(AVERAGE(F19:L19),0) -> 52394 | O19: =+N19*E19 -> 1257456 | P19: =STDEVP(F19:J19) -> 11933.5 | Q19: =P19/N19*100 -> 22.776463 | R19: =100-Q19 -> 77.223537 | S19: =IF(R19>70,"ALTO","BAJO") -> ALTO
B20: =+B19+1 -> 14 | C20: CINTA GAFFER 50M X50MM | D20: UNIDAD | E20: 6 | F20: 339983 | G20: 223107 | J20: 165410 | M20: =COUNT(F20:L20) -> 3 | N20: =ROUND(AVERAGE(F20:L20),0) -> 242833 | O20: =+N20*E20 -> 1456998 | P20: =STDEVP(F20:J20) -> 72621.297 | Q20: =P20/N20*100 -> 29.90586 | R20: =100-Q20 -> 70.09414 | S20: =IF(R20>70,"ALTO","BAJO") -> ALTO
B21: =+B20+1 -> 15 | C21: CINTA MÁGICA 19 MM X 32.9 M | D21: UNIDAD | E21: 24 | F21: 8687 | G21: 7506 | J21: 9758 | M21: =COUNT(F21:L21) -> 3 | N21: =ROUND(AVERAGE(F21:L21),0) -> 8650 | O21: =+N21*E21 -> 207600 | P21: =STDEVP(F21:J21) -> 919.74066 | Q21: =P21/N21*100 -> 10.63284 | R21: =100-Q21 -> 89.36716 | S21: =IF(R21>70,"ALTO","BAJO") -> ALTO
B22: =+B21+1 -> 16 | C22: DVD´S | D22: UNIDAD | E22: 50 | G22: 1183 | J22: 1666 | M22: =COUNT(F22:L22) -> 2 | N22: =ROUND(AVERAGE(F22:L22),0) -> 1425 | O22: =+N22*E22 -> 71250 | P22: =STDEVP(F22:J22) -> 241.5 | Q22: =P22/N22*100 -> 16.947368 | R22: =100-Q22 -> 83.052632 | S22: =IF(R22>70,"ALTO","BAJO") -> ALTO
B23: =+B22+1 -> 17 | C23: ESFEROS TINTA NEGRA | D23: UNIDAD | E23: 800 | F23: 535.5 | G23: 669 | J23: 655 | M23: =COUNT(F23:L23) -> 3 | N23: =ROUND(AVERAGE(F23:L23),0) -> 620 | O23: =+N23*E23 -> 496000 | P23: =STDEVP(F23:J23) -> 59.905945 | Q23: =P23/N23*100 -> 9.6622492 | R23: =100-Q23 -> 90.337751 | S23: =IF(R23>70,"ALTO","BAJO") -> ALTO
B24: =+B23+1 -> 18 | C24: GANCHO DE COSEDORA ESTANDAR | D24: CAJA | E24: 30 | F24: 3689 | G24: 3126 | J24: 3451 | M24: =COUNT(F24:L24) -> 3 | N24: =ROUND(AVERAGE(F24:L24),0) -> 3422 | O24: =+N24*E24 -> 102660 | P24: =STDEVP(F24:J24) -> 230.75673 | Q24: =P24/N24*100 -> 6.7433292 | R24: =100-Q24 -> 93.256671 | S24: =IF(R24>70,"ALTO","BAJO") -> ALTO
B25: =+B24+1 -> 19 | C25: GANCHO DE COSEDORA INDUSTRIAL | D25: CAJA | E25: 12 | F25: 4629.1 | G25: 8957 | J25: 6902 | M25: =COUNT(F25:L25) -> 3 | N25: =ROUND(AVERAGE(F25:L25),0) -> 6829 | O25: =+N25*E25 -> 81948 | P25: =STDEVP(F25:J25) -> 1767.6041 | Q25: =P25/N25*100 -> 25.883791 | R25: =100-Q25 -> 74.116209 | S25: =IF(R25>70,"ALTO","BAJO") -> ALTO
B26: =+B25+1 -> 20 | C26: GRAPADORAS ESTANDAR | D26: UNIDAD | E26: 40 | F26: 17850 | G26: 10803 | J26: 14875 | M26: =COUNT(F26:L26) -> 3 | N26: =ROUND(AVERAGE(F26:L26),0) -> 14509 | O26: =+N26*E26 -> 580360 | P26: =STDEVP(F26:J26) -> 2888.5217 | Q26: =P26/N26*100 -> 19.908482 | R26: =100-Q26 -> 80.091518 | S26: =IF(R26>70,"ALTO","BAJO") -> ALTO
B27: =+B26+1 -> 21 | C27: GUILLOTINA METÁLICA A4 | D27: UNIDAD | E27: 3 | F27: 278460 | G27: 164412 | M27: =COUNT(F27:L27) -> 2 | N27: =ROUND(AVERAGE(F27:L27),0) -> 221436 | O27: =+N27*E27 -> 664308 | P27: =STDEVP(F27:J27) -> 57024 | Q27: =P27/N27*100 -> 25.75191 | R27: =100-Q27 -> 74.24809 | S27: =IF(R27>70,"ALTO","BAJO") -> ALTO
B28: =+B27+1 -> 22 | C28: LÁPIZ MINA NEGRA HB | D28: UNIDAD | E28: 100 | F28: 540 | G28: 821 | J28: 500 | M28: =COUNT(F28:L28) -> 3 | N28: =ROUND(AVERAGE(F28:L28),0) -> 620 | O28: =+N28*E28 -> 62000 | P28: =STDEVP(F28:J28) -> 142.82935 | Q28: =P28/N28*100 -> 23.036991 | R28: =100-Q28 -> 76.963009 | S28: =IF(R28>70,"ALTO","BAJO") -> ALTO
B29: =+B28+1 -> 23 | C29: MARCA PAGINAS - BANDERITAS - 5 COLORES/PAQUETE (100-125 HOJAS) | D29: PAQUETE | E29: 100 | F29: 1785 | J29: 1904 | M29: =COUNT(F29:L29) -> 2 | N29: =ROUND(AVERAGE(F29:L29),0) -> 1845 | O29: =+N29*E29 -> 184500 | P29: =STDEVP(F29:J29) -> 59.5 | Q29: =P29/N29*100 -> 3.2249322 | R29: =100-Q29 -> 96.775068 | S29: =IF(R29>70,"ALTO","BAJO") -> ALTO
B30: =+B29+1 -> 24 | C30: MARCADOR PERMANENTE NEGRO | D30: UNIDAD | E30: 24 | F30: 1666 | G30: 1274 | J30: 1904 | M30: =COUNT(F30:L30) -> 3 | N30: =ROUND(AVERAGE(F30:L30),0) -> 1615 | O30: =+N30*E30 -> 38760 | P30: =STDEVP(F30:J30) -> 259.74517 | Q30: =P30/N30*100 -> 16.083293 | R30: =100-Q30 -> 83.916707 | S30: =IF(R30>70,"ALTO","BAJO") -> ALTO
B31: =+B30+1 -> 25 | C31: MARCADOR PUNTA FINA NEGRO | D31: UNIDAD | E31: 24 | F31: 2142 | G31: 4071 | J31: 3332 | M31: =COUNT(F31:L31) -> 3 | N31: =ROUND(AVERAGE(F31:L31),0) -> 3182 | O31: =+N31*E31 -> 76368 | P31: =STDEVP(F31:J31) -> 794.6531 | Q31: =P31/N31*100 -> 24.973385 | R31: =100-Q31 -> 75.026615 | S31: =IF(R31>70,"ALTO","BAJO") -> ALTO
B32: =+B31+1 -> 26 | C32: MARCADORES BORRABLES – AZUL | D32: UNIDAD | E32: 100 | F32: 2261 | G32: 1405 | J32: 2142 | M32: =COUNT(F32:L32) -> 3 | N32: =ROUND(AVERAGE(F32:L32),0) -> 1936 | O32: =+N32*E32 -> 193600 | P32: =STDEVP(F32:J32) -> 378.60357 | Q32: =P32/N32*100 -> 19.55597 | R32: =100-Q32 -> 80.44403 | S32: =IF(R32>70,"ALTO","BAJO") -> ALTO
B33: =+B32+1 -> 27 | C33: MARCADORES BORRABLES – NEGRO | D33: UNIDAD | E33: 100 | F33: 2261 | G33: 1430 | J33: 2142 | M33: =COUNT(F33:L33) -> 3 | N33: =ROUND(AVERAGE(F33:L33),0) -> 1944 | O33: =+N33*E33 -> 194400 | P33: =STDEVP(F33:J33) -> 366.919 | Q33: =P33/N33*100 -> 18.874434 | R33: =100-Q33 -> 81.125566 | S33: =IF(R33>70,"ALTO","BAJO") -> ALTO
B34: =+B33+1 -> 28 | C34: MARCADORES BORRABLES – ROJO | D34: UNIDAD | E34: 100 | F34: 2261 | G34: 1430 | J34: 2142 | M34: =COUNT(F34:L34) -> 3 | N34: =ROUND(AVERAGE(F34:L34),0) -> 1944 | O34: =+N34*E34 -> 194400 | P34: =STDEVP(F34:J34) -> 366.919 | Q34: =P34/N34*100 -> 18.874434 | R34: =100-Q34 -> 81.125566 | S34: =IF(R34>70,"ALTO","BAJO") -> ALTO
B35: =+B34+1 -> 29 | C35: MEMORIA USB 32 GB | D35: UNIDAD | E35: 24 | F35: 32725 | G35: 39239 | J35: 22610 | M35: =COUNT(F35:L35) -> 3 | N35: =ROUND(AVERAGE(F35:L35),0) -> 31525 | O35: =+N35*E35 -> 756600 | P35: =STDEVP(F35:J35) -> 6841.6134 | Q35: =P35/N35*100 -> 21.702184 | R35: =100-Q35 -> 78.297816 | S35: =IF(R35>70,"ALTO","BAJO") -> ALTO
B36: =+B35+1 -> 30 | C36: NOTAS ADHESIVAS EN COLORES 76 X 76 MM PAQUETE X 5 | D36: PAQUETE | E36: 50 | F36: 2975 | G36: 3077 | M36: =COUNT(F36:L36) -> 2 | N36: =ROUND(AVERAGE(F36:L36),0) -> 3026 | O36: =+N36*E36 -> 151300 | P36: =STDEVP(F36:J36) -> 51 | Q36: =P36/N36*100 -> 1.6853933 | R36: =100-Q36 -> 98.314607 | S36: =IF(R36>70,"ALTO","BAJO") -> ALTO
B37: =+B36+1 -> 31 | C37: PILAS ALCALINAS AA (PAR) | D37: UNIDAD | E37: 60 | F37: 5759.6 | G37: 5338 | J37: 4284 | M37: =COUNT(F37:L37) -> 3 | N37: =ROUND(AVERAGE(F37:L37),0) -> 5127 | O37: =+N37*E37 -> 307620 | P37: =STDEVP(F37:J37) -> 620.5784 | Q37: =P37/N37*100 -> 12.104123 | R37: =100-Q37 -> 87.895877 | S37: =IF(R37>70,"ALTO","BAJO") -> ALTO
B38: =+B37+1 -> 32 | C38: PILAS ALCALINAS AAA (PAR) | D38: UNIDAD | E38: 60 | F38: 5759.6 | G38: 5273 | J38: 4284 | M38: =COUNT(F38:L38) -> 3 | N38: =ROUND(AVERAGE(F38:L38),0) -> 5106 | O38: =+N38*E38 -> 306360 | P38: =STDEVP(F38:J38) -> 613.93955 | Q38: =P38/N38*100 -> 12.023885 | R38: =100-Q38 -> 87.976115 | S38: =IF(R38>70,"ALTO","BAJO") -> ALTO
B39: =+B38+1 -> 33 | C39: RESALTADOR - AMARRILLO | D39: UNIDAD | E39: 100 | F39: 1951.6 | G39: 1365 | J39: 1309 | M39: =COUNT(F39:L39) -> 3 | N39: =ROUND(AVERAGE(F39:L39),0) -> 1542 | O39: =+N39*E39 -> 154200 | P39: =STDEVP(F39:J39) -> 290.62582 | Q39: =P39/N39*100 -> 18.84733 | R39: =100-Q39 -> 81.15267 | S39: =IF(R39>70,"ALTO","BAJO") -> ALTO
B40: =+B39+1 -> 34 | C40: RESMAS DE PAPEL TAMAÑO CARTA | D40: UNIDAD | E40: 50 | F40: 22967 | G40: 19617 | J40: 16660 | M40: =COUNT(F40:L40) -> 3 | N40: =ROUND(AVERAGE(F40:L40),0) -> 19748 | O40: =+N40*E40 -> 987400 | P40: =STDEVP(F40:J40) -> 2576.4877 | Q40: =P40/N40*100 -> 13.046828 | R40: =100-Q40 -> 86.953172 | S40: =IF(R40>70,"ALTO","BAJO") -> ALTO
B41: =+B40+1 -> 35 | C41: RESMAS DE PAPEL TAMAÑO OFICIO 75 G | D41: UNIDAD | E41: 250 | F41: 28441 | G41: 31385 | J41: 22610 | M41: =COUNT(F41:L41) -> 3 | N41: =ROUND(AVERAGE(F41:L41),0) -> 27479 | O41: =+N41*E41 -> 6869750 | P41: =STDEVP(F41:J41) -> 3646.4339 | Q41: =P41/N41*100 -> 13.269893 | R41: =100-Q41 -> 86.730107 | S41: =IF(R41>70,"ALTO","BAJO") -> ALTO
B42: =+B41+1 -> 36 | C42: SACA GANCHOS ESTANDAR | D42: UNIDAD | E42: 10 | F42: 2499 | G42: 2934 | J42: 1785 | M42: =COUNT(F42:L42) -> 3 | N42: =ROUND(AVERAGE(F42:L42),0) -> 2406 | O42: =+N42*E42 -> 24060 | P42: =STDEVP(F42:J42) -> 473.66444 | Q42: =P42/N42*100 -> 19.686801 | R42: =100-Q42 -> 80.313199 | S42: =IF(R42>70,"ALTO","BAJO") -> ALTO
B43: =+B42+1 -> 37 | C43: TABLA PORTA DOCUMENTOS TAMAÑO OFICIO | D43: UNIDAD | E43: 12 | F43: 8925 | G43: 9233 | J43: 6188 | M43: =COUNT(F43:L43) -> 3 | N43: =ROUND(AVERAGE(F43:L43),0) -> 8115 | O43: =+N43*E43 -> 97380 | P43: =STDEVP(F43:J43) -> 1368.6188 | Q43: =P43/N43*100 -> 16.865297 | R43: =100-Q43 -> 83.134703 | S43: =IF(R43>70,"ALTO","BAJO") -> ALTO
B44: =+B43+1 -> 38 | C44: TABLERO ACRILICO 120CMX80CM | D44: UNIDAD | E44: 5 | F44: 173502 | G44: 213990 | J44: 208250 | M44: =COUNT(F44:L44) -> 3 | N44: =ROUND(AVERAGE(F44:L44),0) -> 198581 | O44: =+N44*E44 -> 992905 | P44: =STDEVP(F44:J44) -> 17887.454 | Q44: =P44/N44*100 -> 9.0076364 | R44: =100-Q44 -> 90.992364 | S44: =IF(R44>70,"ALTO","BAJO") -> ALTO
B45: =+B44+1 -> 39 | C45: TAJALÁPIZ METÁLICO | D45: UNIDAD | E45: 20 | G45: 350 | J45: 476 | M45: =COUNT(F45:L45) -> 2 | N45: =ROUND(AVERAGE(F45:L45),0) -> 413 | O45: =+N45*E45 -> 8260 | P45: =STDEVP(F45:J45) -> 63 | Q45: =P45/N45*100 -> 15.254237 | R45: =100-Q45 -> 84.745763 | S45: =IF(R45>70,"ALTO","BAJO") -> ALTO
B46: =+B45+1 -> 40 | C46: TIJERAS CORTADORA DE PAPEL 7” | D46: UNIDAD | E46: 15 | F46: 5117 | J46: 4760 | M46: =COUNT(F46:L46) -> 2 | N46: =ROUND(AVERAGE(F46:L46),0) -> 4939 | O46: =+N46*E46 -> 74085 | P46: =STDEVP(F46:J46) -> 178.5 | Q46: =P46/N46*100 -> 3.6140919 | R46: =100-Q46 -> 96.385908 | S46: =IF(R46>70,"ALTO","BAJO") -> ALTO
B47: =+B46+1 -> 41 | C47: TONER HP BLACK MANAGED W9004MC - MFP E62555/65/75 – REF CF237YC | D47: UNIDAD | E47: 15 | G47: 1847475 | H47: 1119790 | I47: 962900 | J47: 1188810 | M47: =COUNT(F47:L47) -> 4 | N47: =ROUND(AVERAGE(F47:L47),0) -> 1279744 | O47: =+N47*E47 -> 19196160 | P47: =STDEVP(F47:J47) -> 337847.19 | Q47: =P47/N47*100 -> 26.399591 | R47: =100-Q47 -> 73.600409 | S47: =IF(R47>70,"ALTO","BAJO") -> ALTO
N48: =ROUND(AVERAGE(F48:L48),0) -> #DIV/0! | O48: =+N48*E47 -> #DIV/0! | P48: =STDEVP(F48:J48) -> #DIV/0! | Q48: =P48/N48*100 -> #DIV/0! | R48: =100-Q48 -> #DIV/0! | S48: =IF(R48>70,"ALTO","BAJO") -> #DIV/0!
M49: =COUNT(F49:L49) -> 0 | N49: =ROUND(AVERAGE(F49:L49),0) -> #DIV/0! | O49: =+N49*E49 -> #DIV/0! | P49: =STDEVP(F49:J49) -> #DIV/0! | Q49: =P49/N49*100 -> #DIV/0! | R49: =100-Q49 -> #DIV/0! | S49: =IF(R49>70,"ALTO","BAJO") -> #DIV/0!
M50: =COUNT(F50:L50) -> 0 | N50: =ROUND(AVERAGE(F50:L50),0) -> #DIV/0! | O50: =+N50*E50 -> #DIV/0! | P50: =STDEVP(F50:J50) -> #DIV/0! | Q50: =P50/N50*100 -> #DIV/0! | R50: =100-Q50 -> #DIV/0! | S50: =IF(R50>70,"ALTO","BAJO") -> #DIV/0!
M51: =COUNT(F51:L51) -> 0 | N51: =ROUND(AVERAGE(F51:L51),0) -> #DIV/0! | O51: =+N51*E51 -> #DIV/0! | P51: =STDEVP(F51:J51) -> #DIV/0! | Q51: =P51/N51*100 -> #DIV/0! | R51: =100-Q51 -> #DIV/0! | S51: =IF(R51>70,"ALTO","BAJO") -> #DIV/0!
M52: =COUNT(F52:L52) -> 0 | N52: =ROUND(AVERAGE(F52:L52),0) -> #DIV/0! | O52: =+N52*E52 -> #DIV/0! | P52: =STDEVP(F52:J52) -> #DIV/0! | Q52: =P52/N52*100 -> #DIV/0! | R52: =100-Q52 -> #DIV/0! | S52: =IF(R52>70,"ALTO","BAJO") -> #DIV/0!
M53: =COUNT(F53:L53) -> 0 | N53: =ROUND(AVERAGE(F53:L53),0) -> #DIV/0! | O53: =+N53*E53 -> #DIV/0! | P53: =STDEVP(F53:J53) -> #DIV/0! | Q53: =P53/N53*100 -> #DIV/0! | R53: =100-Q53 -> #DIV/0! | S53: =IF(R53>70,"ALTO","BAJO") -> #DIV/0!
M54: =COUNT(F54:L54) -> 0 | N54: =ROUND(AVERAGE(F54:L54),0) -> #DIV/0! | O54: =+N54*E54 -> #DIV/0! | P54: =STDEVP(F54:J54) -> #DIV/0! | Q54: =P54/N54*100 -> #DIV/0! | R54: =100-Q54 -> #DIV/0! | S54: =IF(R54>70,"ALTO","BAJO") -> #DIV/0!
M55: =COUNT(F55:L55) -> 0 | N55: =ROUND(AVERAGE(F55:L55),0) -> #DIV/0! | O55: =+N55*E55 -> #DIV/0! | P55: =STDEVP(F55:J55) -> #DIV/0! | Q55: =P55/N55*100 -> #DIV/0! | R55: =100-Q55 -> #DIV/0! | S55: =IF(R55>70,"ALTO","BAJO") -> #DIV/0!
M56: =COUNT(F56:L56) -> 0 | N56: =ROUND(AVERAGE(F56:L56),0) -> #DIV/0! | O56: =+N56*E56 -> #DIV/0! | P56: =STDEVP(F56:J56) -> #DIV/0! | Q56: =P56/N56*100 -> #DIV/0! | R56: =100-Q56 -> #DIV/0! | S56: =IF(R56>70,"ALTO","BAJO") -> #DIV/0!
M57: =COUNT(F57:L57) -> 0 | N57: =ROUND(AVERAGE(F57:L57),0) -> #DIV/0! | O57: =+N57*E57 -> #DIV/0! | P57: =STDEVP(F57:J57) -> #DIV/0! | Q57: =P57/N57*100 -> #DIV/0! | R57: =100-Q57 -> #DIV/0! | S57: =IF(R57>70,"ALTO","BAJO") -> #DIV/0!
M58: =COUNT(F58:L58) -> 0 | N58: =ROUND(AVERAGE(F58:L58),0) -> #DIV/0! | O58: =+N58*E58 -> #DIV/0! | P58: =STDEVP(F58:J58) -> #DIV/0! | Q58: =P58/N58*100 -> #DIV/0! | R58: =100-Q58 -> #DIV/0! | S58: =IF(R58>70,"ALTO","BAJO") -> #DIV/0!
M59: =COUNT(F59:L59) -> 0 | N59: =ROUND(AVERAGE(F59:L59),0) -> #DIV/0! | O59: =+N59*E59 -> #DIV/0! | P59: =STDEVP(F59:J59) -> #DIV/0! | Q59: =P59/N59*100 -> #DIV/0! | R59: =100-Q59 -> #DIV/0! | S59: =IF(R59>70,"ALTO","BAJO") -> #DIV/0!
M60: =COUNT(F60:L60) -> 0 | N60: =ROUND(AVERAGE(F60:L60),0) -> #DIV/0! | O60: =+N60*E60 -> #DIV/0! | P60: =STDEVP(F60:J60) -> #DIV/0! | Q60: =P60/N60*100 -> #DIV/0! | R60: =100-Q60 -> #DIV/0! | S60: =IF(R60>70,"ALTO","BAJO") -> #DIV/0!
... M72: =COUNT(F72:L72) -> 0 | N72: =ROUND(AVERAGE(F72:L72),0) -> #DIV/0! | O72: =+N72*E72 -> #DIV/0! | P72: =STDEVP(F72:J72) -> #DIV/0! | Q72: =P72/N72*100 -> #DIV/0! | R72: =100-Q72 -> #DIV/0! | S72: =IF(R72>70,"ALTO","BAJO") -> #DIV/0!
O73: =+N73*E73 -> 0
O74: =+N74*E74 -> 0
O75: =+N75*E75 -> 0
O76: =+N76*E76 -> 0
M77: Total todo costo | O77: =+SUM(O7:O47) -> 48978582
B78: NOTA: En caso que el valor unitario se encuentra en dólares, la tasa de cambio (TRM) a aplicar será la vigente al día en que se realiza la tabulación y el análisis de los datos estadísticos. Para determinar las variaciones anuales de los precios se debe aplicar el Índice de Precios al Consumidor (IPC). Se debe especificar si el bien o servicio sobre el que se realiza el análisis se encuentra gravado con el impuesto sobre las ventas (IVA) o por el contrario se encuentra exento de dicho gravamen.
D83: IPC ACUMULADO ANUAL -DANE
D84: 2020 | E84: 1.61 | F84: =+E84/100+1 -> 1.0161
D85: 2021 | E85: 5.62 | F85: =+E85/100+1 -> 1.0562 | M85: verificado datos abiertos no se evidencia de iguales condiciones para coger datos referencia
D86: 2022 | E86: 13.12 | F86: =+E86/100+1 -> 1.1312
D87: 2023 | E87: 9.28 | F87: =+E87/100+1 -> 1.0928
D88: 2024 | E88: 5.2 | F88: =+E88/100+1 -> 1.052
D89: 2025 | E89: 5.22 | F89: =+E89/100+1 -> 1.0522
D90: ENERO | E90: 1.18 | F90: =+E90/100+1 -> 1.0118
F91: =+E91/100+1 -> 1
F92: =+E92/100+1 -> 1
F93: =+E93/100+1 -> 1
F94: =+E94/100+1 -> 1
F95: =+E95/100+1 -> 1
F96: =+E96/100+1 -> 1
F97: =+E97/100+1 -> 1
F98: =+E98/100+1 -> 1
F99: =+E99/100+1 -> 1
D100: https://www.dane.gov.co/index.php/estadisticas-por-tema/precios-y-costos/indice-de-precios-al-consumidor-ipc/ipc-historico#indice-de-precios-al-consumidor-ipc-2025

Sheet POE
B2: | | F2: SIP-DA-007-2026 | M2: ADQUISICIÓN DE ELEMENTOS DE PAPELERÍA Y ÚTILES DE OFICINA PARA LAS DEPENDENCIAS DE LA SUPERTRANSPORTE.
F4: SUMICORP LTDA | G4: CONSTRUCTORA PINEDA SAS | H4: SEEMATECH | I4: GRUPO SUMINISTROS S.A.S. | J4: GRAN PAPELERIA BOLIVAR SAS | K4: SOLINCO COLOMBIA S.A.S | L4: Support IT
B5: ITEM | C5: DESCRIPCION | D5: UNIDAD | E5: Cant. | F5: VALOR UNITARIO INCLUIDO IVA | G5: VALOR UNITARIO INCLUIDO IVA | H5: VALOR TOTAL INCLUIDO IVA | I5: VALOR TOTAL INCLUIDO IVA | J5: VALOR TOTAL INCLUIDO IVA | K5: VALOR TOTAL INCLUIDO IVA | L5: VALOR TOTAL INCLUIDO IVA | M5: MUESTRA | N5: VALOR PROMEDIO UNITARIO | O5: VALOR TOTAL | P5: DESVIACION ESTANDAR | Q5: COEF VARIACION | R5: MARGEN DE CONFIABILIDAD | S5: NIVEL DE CONFIABILIDAD DE LOS DATOS
B7: 1 | C7: BISTURI | D7: UNIDAD | E7: 40 | F7: 1785 | G7: 1319 | J7: 1071 | M7: =COUNT(F7:L7) -> 3 | N7: =ROUND(AVERAGE(F7:L7),0) -> 1392 | O7: =+N7*E7 -> 55680 | P7: =STDEVP(F7:J7) -> 295.98348 | Q7: =P7/N7*100 -> 21.263181 | R7: =100-Q7 -> 78.736819 | S7: =IF(R7>70,"ALTO","BAJO") -> ALTO
B8: 2 | C8: BLOCK DE NOTAS BLANCO CUADRICULADO TAMAÑO CARTA x 50 HOJAS | D8: UNIDAD | E8: 250 | F8: 5712 | G8: 6797 | J8: 3451 | M8: =COUNT(F8:L8) -> 3 | N8: =ROUND(AVERAGE(F8:L8),0) -> 5320 | O8: =+N8*E8 -> 1330000 | P8: =STDEVP(F8:J8) -> 1393.8381 | Q8: =P8/N8*100 -> 26.199964 | R8: =100-Q8 -> 73.800036 | S8: =IF(R8>70,"ALTO","BAJO") -> ALTO
B9: =+B8+1 -> 3 | C9: BORRADOR NATA 20*20 | D9: UNIDAD | E9: 100 | F9: 1071 | G9: 1303 | M9: =COUNT(F9:L9) -> 2 | N9: =ROUND(AVERAGE(F9:L9),0) -> 1187 | O9: =+N9*E9 -> 118700 | P9: =STDEVP(F9:J9) -> 116 | Q9: =P9/N9*100 -> 9.7725358 | R9: =100-Q9 -> 90.227464 | S9: =IF(R9>70,"ALTO","BAJO") -> ALTO
B10: =+B9+1 -> 4 | C10: BORRADOR PARA TABLERO ACRÍLICO | D10: UNIDAD | E10: 12 | F10: 2499 | G10: 2850 | J10: 1785 | M10: =COUNT(F10:L10) -> 3 | N10: =ROUND(AVERAGE(F10:L10),0) -> 2378 | O10: =+N10*E10 -> 28536 | P10: =STDEVP(F10:J10) -> 443.12301 | Q10: =P10/N10*100 -> 18.634273 | R10: =100-Q10 -> 81.365727 | S10: =IF(R10>70,"ALTO","BAJO") -> ALTO
B11: =+B10+1 -> 5 | C11: CARTULINA BLANCA X OCTAVOS | D11: UNIDAD | E11: 2000 | F11: 178.5 | G11: 240 | J11: 226 | M11: =COUNT(F11:L11) -> 3 | N11: =ROUND(AVERAGE(F11:L11),0) -> 215 | O11: =+N11*E11 -> 430000 | P11: =STDEVP(F11:J11) -> 26.319617 | Q11: =P11/N11*100 -> 12.241682 | R11: =100-Q11 -> 87.758318 | S11: =IF(R11>70,"ALTO","BAJO") -> ALTO
B12: =+B11+1 -> 6 | C12: CINTA ADHESIVA DELGADA TRANSPARENTE 12MT X 40MT | D12: UNIDAD | E12: 50 | F12: 1785 | J12: 1071 | M12: =COUNT(F12:L12) -> 2 | N12: =ROUND(AVERAGE(F12:L12),0) -> 1428 | O12: =+N12*E12 -> 71400 | P12: =STDEVP(F12:J12) -> 357 | Q12: =P12/N12*100 -> 25 | R12: =100-Q12 -> 75 | S12: =IF(R12>70,"ALTO","BAJO") -> ALTO
B13: =+B12+1 -> 7 | C13: CINTA AISLANTE NEGRA 18MX29MM | D13: UNIDAD | E13: 24 | F13: 4998 | J13: 7497 | M13: =COUNT(F13:L13) -> 2 | N13: =ROUND(AVERAGE(F13:L13),0) -> 6248 | O13: =+N13*E13 -> 149952 | P13: =STDEVP(F13:J13) -> 1249.5 | Q13: =P13/N13*100 -> 19.998399 | R13: =100-Q13 -> 80.001601 | S13: =IF(R13>70,"ALTO","BAJO") -> ALTO
B14: =+B13+1 -> 8 | C14: CINTA ANCHA ADHESIVA TRANSPARENTE 100 M X 48 MM | D14: UNIDAD | E14: 100 | F14: 7080 | J14: 5831 | M14: =COUNT(F14:L14) -> 2 | N14: =ROUND(AVERAGE(F14:L14),0) -> 6456 | O14: =+N14*E14 -> 645600 | P14: =STDEVP(F14:J14) -> 624.5 | Q14: =P14/N14*100 -> 9.6731722 | R14: =100-Q14 -> 90.326828 | S14: =IF(R14>70,"ALTO","BAJO") -> ALTO
B15: =+B14+1 -> 9 | C15: CINTA CERA IMPRESORA DE ZEBRA REF. SAT RCOUT110X74 | D15: UNIDAD | E15: 50 | F15: 17850 | G15: 10993 | M15: =COUNT(F15:L15) -> 2 | N15: =ROUND(AVERAGE(F15:L15),0) -> 14422 | O15: =+N15*E15 -> 721100 | P15: =STDEVP(F15:J15) -> 3428.5 | Q15: =P15/N15*100 -> 23.772708 | R15: =100-Q15 -> 76.227292 | S15: =IF(R15>70,"ALTO","BAJO") -> ALTO
B16: =+B15+1 -> 10 | C16: CINTA DE ENMASCARAR DELGADA 24MMX20 METROS | D16: UNIDAD | E16: 50 | F16: 4700.5 | G16: 3121 | J16: 2618 | M16: =COUNT(F16:L16) -> 3 | N16: =ROUND(AVERAGE(F16:L16),0) -> 3480 | O16: =+N16*E16 -> 174000 | P16: =STDEVP(F16:J16) -> 887.23262 | Q16: =P16/N16*100 -> 25.49519 | R16: =100-Q16 -> 74.50481 | S16: =IF(R16>70,"ALTO","BAJO") -> ALTO
B17: =+B16+1 -> 11 | C17: CINTA DE ENMASCARAR GRUESA 48MM X40 METROS | D17: UNIDAD | E17: 50 | G17: 14569 | J17: 8925 | M17: =COUNT(F17:L17) -> 2 | N17: =ROUND(AVERAGE(F17:L17),0) -> 11747 | O17: =+N17*E17 -> 587350 | P17: =STDEVP(F17:J17) -> 2822 | Q17: =P17/N17*100 -> 24.023155 | R17: =100-Q17 -> 75.976845 | S17: =IF(R17>70,"ALTO","BAJO") -> ALTO
B18: =+B17+1 -> 12 | C18: CINTA DE IMPRESIÓN REF. RIBBON YMCKT‑KT DS3 D 350 | D18: UNIDAD | E18: 6 | F18: 1725500 | G18: 1547089 | J18: 1166200 | M18: =COUNT(F18:L18) -> 3 | N18: =ROUND(AVERAGE(F18:L18),0) -> 1479596 | O18: =+N18*E18 -> 8877576 | P18: =STDEVP(F18:J18) -> 233267.47 | Q18: =P18/N18*100 -> 15.765619 | R18: =100-Q18 -> 84.234381 | S18: =IF(R18>70,"ALTO","BAJO") -> ALTO
B19: =+B18+1 -> 13 | C19: CINTA DOBLE FAZ 30M X 12MM | D19: UNIDAD | E19: 24 | G19: 64327 | J19: 40460 | M19: =COUNT(F19:L19) -> 2 | N19: =ROUND(AVERAGE(F19:L19),0) -> 52394 | O19: =+N19*E19 -> 1257456 | P19: =STDEVP(F19:J19) -> 11933.5 | Q19: =P19/N19*100 -> 22.776463 | R19: =100-Q19 -> 77.223537 | S19: =IF(R19>70,"ALTO","BAJO") -> ALTO
B20: =+B19+1 -> 14 | C20: CINTA GAFFER 50M X50MM | D20: UNIDAD | E20: 6 | F20: 339983 | G20: 223107 | J20: 165410 | M20: =COUNT(F20:L20) -> 3 | N20: =ROUND(AVERAGE(F20:L20),0) -> 242833 | O20: =+N20*E20 -> 1456998 | P20: =STDEVP(F20:J20) -> 72621.297 | Q20: =P20/N20*100 -> 29.90586 | R20: =100-Q20 -> 70.09414 | S20: =IF(R20>70,"ALTO","BAJO") -> ALTO
B21: =+B20+1 -> 15 | C21: CINTA MÁGICA 19 MM X 32.9 M | D21: UNIDAD | E21: 24 | F21: 8687 | G21: 7506 | J21: 9758 | M21: =COUNT(F21:L21) -> 3 | N21: =ROUND(AVERAGE(F21:L21),0) -> 8650 | O21: =+N21*E21 -> 207600 | P21: =STDEVP(F21:J21) -> 919.74066 | Q21: =P21/N21*100 -> 10.63284 | R21: =100-Q21 -> 89.36716 | S21: =IF(R21>70,"ALTO","BAJO") -> ALTO
B22: =+B21+1 -> 16 | C22: DVD´S | D22: UNIDAD | E22: 50 | G22: 1183 | J22: 1666 | M22: =COUNT(F22:L22) -> 2 | N22: =ROUND(AVERAGE(F22:L22),0) -> 1425 | O22: =+N22*E22 -> 71250 | P22: =STDEVP(F22:J22) -> 241.5 | Q22: =P22/N22*100 -> 16.947368 | R22: =100-Q22 -> 83.052632 | S22: =IF(R22>70,"ALTO","BAJO") -> ALTO
B23: =+B22+1 -> 17 | C23: ESFEROS TINTA NEGRA | D23: UNIDAD | E23: 800 | F23: 535.5 | G23: 669 | J23: 655 | M23: =COUNT(F23:L23) -> 3 | N23: =ROUND(AVERAGE(F23:L23),0) -> 620 | O23: =+N23*E23 -> 496000 | P23: =STDEVP(F23:J23) -> 59.905945 | Q23: =P23/N23*100 -> 9.6622492 | R23: =100-Q23 -> 90.337751 | S23: =IF(R23>70,"ALTO","BAJO") -> ALTO
B24: =+B23+1 -> 18 | C24: GANCHO DE COSEDORA ESTANDAR | D24: CAJA | E24: 30 | F24: 3689 | G24: 3126 | J24: 3451 | M24: =COUNT(F24:L24) -> 3 | N24: =ROUND(AVERAGE(F24:L24),0) -> 3422 | O24: =+N24*E24 -> 102660 | P24: =STDEVP(F24:J24) -> 230.75673 | Q24: =P24/N24*100 -> 6.7433292 | R24: =100-Q24 -> 93.256671 | S24: =IF(R24>70,"ALTO","BAJO") -> ALTO
B25: =+B24+1 -> 19 | C25: GANCHO DE COSEDORA INDUSTRIAL | D25: CAJA | E25: 12 | F25: 4629.1 | G25: 8957 | J25: 6902 | M25: =COUNT(F25:L25) -> 3 | N25: =ROUND(AVERAGE(F25:L25),0) -> 6829 | O25: =+N25*E25 -> 81948 | P25: =STDEVP(F25:J25) -> 1767.6041 | Q25: =P25/N25*100 -> 25.883791 | R25: =100-Q25 -> 74.116209 | S25: =IF(R25>70,"ALTO","BAJO") -> ALTO
B26: =+B25+1 -> 20 | C26: GRAPADORAS ESTANDAR | D26: UNIDAD | E26: 40 | F26: 17850 | G26: 10803 | J26: 14875 | M26: =COUNT(F26:L26) -> 3 | N26: =ROUND(AVERAGE(F26:L26),0) -> 14509 | O26: =+N26*E26 -> 580360 | P26: =STDEVP(F26:J26) -> 2888.5217 | Q26: =P26/N26*100 -> 19.908482 | R26: =100-Q26 -> 80.091518 | S26: =IF(R26>70,"ALTO","BAJO") -> ALTO
B27: =+B26+1 -> 21 | C27: GUILLOTINA METÁLICA A4 | D27: UNIDAD | E27: 3 | F27: 278460 | G27: 164412 | M27: =COUNT(F27:L27) -> 2 | N27: =ROUND(AVERAGE(F27:L27),0) -> 221436 | O27: =+N27*E27 -> 664308 | P27: =STDEVP(F27:J27) -> 57024 | Q27: =P27/N27*100 -> 25.75191 | R27: =100-Q27 -> 74.24809 | S27: =IF(R27>70,"ALTO","BAJO") -> ALTO
B28: =+B27+1 -> 22 | C28: LÁPIZ MINA NEGRA HB | D28: UNIDAD | E28: 100 | F28: 540 | G28: 821 | J28: 500 | M28: =COUNT(F28:L28) -> 3 | N28: =ROUND(AVERAGE(F28:L28),0) -> 620 | O28: =+N28*E28 -> 62000 | P28: =STDEVP(F28:J28) -> 142.82935 | Q28: =P28/N28*100 -> 23.036991 | R28: =100-Q28 -> 76.963009 | S28: =IF(R28>70,"ALTO","BAJO") -> ALTO
B29: =+B28+1 -> 23 | C29: MARCA PAGINAS - BANDERITAS - 5 COLORES/PAQUETE (100-125 HOJAS) | D29: PAQUETE | E29: 100 | F29: 1785 | J29: 1904 | M29: =COUNT(F29:L29) -> 2 | N29: =ROUND(AVERAGE(F29:L29),0) -> 1845 | O29: =+N29*E29 -> 184500 | P29: =STDEVP(F29:J29) -> 59.5 | Q29: =P29/N29*100 -> 3.2249322 | R29: =100-Q29 -> 96.775068 | S29: =IF(R29>70,"ALTO","BAJO") -> ALTO
B30: =+B29+1 -> 24 | C30: MARCADOR PERMANENTE NEGRO | D30: UNIDAD | E30: 24 | F30: 1666 | G30: 1274 | J30: 1904 | M30: =COUNT(F30:L30) -> 3 | N30: =ROUND(AVERAGE(F30:L30),0) -> 1615 | O30: =+N30*E30 -> 38760 | P30: =STDEVP(F30:J30) -> 259.74517 | Q30: =P30/N30*100 -> 16.083293 | R30: =100-Q30 -> 83.916707 | S30: =IF(R30>70,"ALTO","BAJO") -> ALTO
B31: =+B30+1 -> 25 | C31: MARCADOR PUNTA FINA NEGRO | D31: UNIDAD | E31: 24 | F31: 2142 | G31: 4071 | J31: 3332 | M31: =COUNT(F31:L31) -> 3 | N31: =ROUND(AVERAGE(F31:L31),0) -> 3182 | O31: =+N31*E31 -> 76368 | P31: =STDEVP(F31:J31) -> 794.6531 | Q31: =P31/N31*100 -> 24.973385 | R31: =100-Q31 -> 75.026615 | S31: =IF(R31>70,"ALTO","BAJO") -> ALTO
B32: =+B31+1 -> 26 | C32: MARCADORES BORRABLES – AZUL | D32: UNIDAD | E32: 100 | F32: 2261 | G32: 1405 | J32: 2142 | M32: =COUNT(F32:L32) -> 3 | N32: =ROUND(AVERAGE(F32:L32),0) -> 1936 | O32: =+N32*E32 -> 193600 | P32: =STDEVP(F32:J32) -> 378.60357 | Q32: =P32/N32*100 -> 19.55597 | R32: =100-Q32 -> 80.44403 | S32: =IF(R32>70,"ALTO","BAJO") -> ALTO
B33: =+B32+1 -> 27 | C33: MARCADORES BORRABLES – NEGRO | D33: UNIDAD | E33: 100 | F33: 2261 | G33: 1430 | J33: 2142 | M33: =COUNT(F33:L33) -> 3 | N33: =ROUND(AVERAGE(F33:L33),0) -> 1944 | O33: =+N33*E33 -> 194400 | P33: =STDEVP(F33:J33) -> 366.919 | Q33: =P33/N33*100 -> 18.874434 | R33: =100-Q33 -> 81.125566 | S33: =IF(R33>70,"ALTO","BAJO") -> ALTO
B34: =+B33+1 -> 28 | C34: MARCADORES BORRABLES – ROJO | D34: UNIDAD | E34: 100 | F34: 2261 | G34: 1430 | J34: 2142 | M34: =COUNT(F34:L34) -> 3 | N34: =ROUND(AVERAGE(F34:L34),0) -> 1944 | O34: =+N34*E34 -> 194400 | P34: =STDEVP(F34:J34) -> 366.919 | Q34: =P34/N34*100 -> 18.874434 | R34: =100-Q34 -> 81.125566 | S34: =IF(R34>70,"ALTO","BAJO") -> ALTO
B35: =+B34+1 -> 29 | C35: MEMORIA USB 32 GB | D35: UNIDAD | E35: 24 | F35: 32725 | G35: 39239 | J35: 22610 | M35: =COUNT(F35:L35) -> 3 | N35: =ROUND(AVERAGE(F35:L35),0) -> 31525 | O35: =+N35*E35 -> 756600 | P35: =STDEVP(F35:J35) -> 6841.6134 | Q35: =P35/N35*100 -> 21.702184 | R35: =100-Q35 -> 78.297816 | S35: =IF(R35>70,"ALTO","BAJO") -> ALTO
B36: =+B35+1 -> 30 | C36: NOTAS ADHESIVAS EN COLORES 76 X 76 MM PAQUETE X 5 | D36: PAQUETE | E36: 50 | F36: 2975 | G36: 3077 | M36: =COUNT(F36:L36) -> 2 | N36: =ROUND(AVERAGE(F36:L36),0) -> 3026 | O36: =+N36*E36 -> 151300 | P36: =STDEVP(F36:J36) -> 51 | Q36: =P36/N36*100 -> 1.6853933 | R36: =100-Q36 -> 98.314607 | S36: =IF(R36>70,"ALTO","BAJO") -> ALTO
B37: =+B36+1 -> 31 | C37: PILAS ALCALINAS AA (PAR) | D37: UNIDAD | E37: 60 | F37: 5759.6 | G37: 5338 | J37: 4284 | M37: =COUNT(F37:L37) -> 3 | N37: =ROUND(AVERAGE(F37:L37),0) -> 5127 | O37: =+N37*E37 -> 307620 | P37: =STDEVP(F37:J37) -> 620.5784 | Q37: =P37/N37*100 -> 12.104123 | R37: =100-Q37 -> 87.895877 | S37: =IF(R37>70,"ALTO","BAJO") -> ALTO
B38: =+B37+1 -> 32 | C38: PILAS ALCALINAS AAA (PAR) | D38: UNIDAD | E38: 60 | F38: 5759.6 | G38: 5273 | J38: 4284 | M38: =COUNT(F38:L38) -> 3 | N38: =ROUND(AVERAGE(F38:L38),0) -> 5106 | O38: =+N38*E38 -> 306360 | P38: =STDEVP(F38:J38) -> 613.93955 | Q38: =P38/N38*100 -> 12.023885 | R38: =100-Q38 -> 87.976115 | S38: =IF(R38>70,"ALTO","BAJO") -> ALTO
B39: =+B38+1 -> 33 | C39: RESALTADOR - AMARRILLO | D39: UNIDAD | E39: 100 | F39: 1951.6 | G39: 1365 | J39: 1309 | M39: =COUNT(F39:L39) -> 3 | N39: =ROUND(AVERAGE(F39:L39),0) -> 1542 | O39: =+N39*E39 -> 154200 | P39: =STDEVP(F39:J39) -> 290.62582 | Q39: =P39/N39*100 -> 18.84733 | R39: =100-Q39 -> 81.15267 | S39: =IF(R39>70,"ALTO","BAJO") -> ALTO
B40: =+B39+1 -> 34 | C40: RESMAS DE PAPEL TAMAÑO CARTA | D40: UNIDAD | E40: 50 | F40: 22967 | G40: 19617 | J40: 16660 | M40: =COUNT(F40:L40) -> 3 | N40: =ROUND(AVERAGE(F40:L40),0) -> 19748 | O40: =+N40*E40 -> 987400 | P40: =STDEVP(F40:J40) -> 2576.4877 | Q40: =P40/N40*100 -> 13.046828 | R40: =100-Q40 -> 86.953172 | S40: =IF(R40>70,"ALTO","BAJO") -> ALTO
B41: =+B40+1 -> 35 | C41: RESMAS DE PAPEL TAMAÑO OFICIO 75 G | D41: UNIDAD | E41: 250 | F41: 28441 | G41: 31385 | J41: 22610 | M41: =COUNT(F41:L41) -> 3 | N41: =ROUND(AVERAGE(F41:L41),0) -> 27479 | O41: =+N41*E41 -> 6869750 | P41: =STDEVP(F41:J41) -> 3646.4339 | Q41: =P41/N41*100 -> 13.269893 | R41: =100-Q41 -> 86.730107 | S41: =IF(R41>70,"ALTO","BAJO") -> ALTO
B42: =+B41+1 -> 36 | C42: SACA GANCHOS ESTANDAR | D42: UNIDAD | E42: 10 | F42: 2499 | G42: 2934 | J42: 1785 | M42: =COUNT(F42:L42) -> 3 | N42: =ROUND(AVERAGE(F42:L42),0) -> 2406 | O42: =+N42*E42 -> 24060 | P42: =STDEVP(F42:J42) -> 473.66444 | Q42: =P42/N42*100 -> 19.686801 | R42: =100-Q42 -> 80.313199 | S42: =IF(R42>70,"ALTO","BAJO") -> ALTO
B43: =+B42+1 -> 37 | C43: TABLA PORTA DOCUMENTOS TAMAÑO OFICIO | D43: UNIDAD | E43: 12 | F43: 8925 | G43: 9233 | J43: 6188 | M43: =COUNT(F43:L43) -> 3 | N43: =ROUND(AVERAGE(F43:L43),0) -> 8115 | O43: =+N43*E43 -> 97380 | P43: =STDEVP(F43:J43) -> 1368.6188 | Q43: =P43/N43*100 -> 16.865297 | R43: =100-Q43 -> 83.134703 | S43: =IF(R43>70,"ALTO","BAJO") -> ALTO
B44: =+B43+1 -> 38 | C44: TABLERO ACRILICO 120CMX80CM | D44: UNIDAD | E44: 5 | F44: 173502 | G44: 213990 | J44: 208250 | M44: =COUNT(F44:L44) -> 3 | N44: =ROUND(AVERAGE(F44:L44),0) -> 198581 | O44: =+N44*E44 -> 992905 | P44: =STDEVP(F44:J44) -> 17887.454 | Q44: =P44/N44*100 -> 9.0076364 | R44: =100-Q44 -> 90.992364 | S44: =IF(R44>70,"ALTO","BAJO") -> ALTO
B45: =+B44+1 -> 39 | C45: TAJALÁPIZ METÁLICO | D45: UNIDAD | E45: 20 | G45: 350 | J45: 476 | M45: =COUNT(F45:L45) -> 2 | N45: =ROUND(AVERAGE(F45:L45),0) -> 413 | O45: =+N45*E45 -> 8260 | P45: =STDEVP(F45:J45) -> 63 | Q45: =P45/N45*100 -> 15.254237 | R45: =100-Q45 -> 84.745763 | S45: =IF(R45>70,"ALTO","BAJO") -> ALTO
B46: =+B45+1 -> 40 | C46: TIJERAS CORTADORA DE PAPEL 7” | D46: UNIDAD | E46: 15 | F46: 5117 | J46: 4760 | M46: =COUNT(F46:L46) -> 2 | N46: =ROUND(AVERAGE(F46:L46),0) -> 4939 | O46: =+N46*E46 -> 74085 | P46: =STDEVP(F46:J46) -> 178.5 | Q46: =P46/N46*100 -> 3.6140919 | R46: =100-Q46 -> 96.385908 | S46: =IF(R46>70,"ALTO","BAJO") -> ALTO
B47: =+B46+1 -> 41 | C47: TONER HP BLACK MANAGED W9004MC - MFP E62555/65/75 – REF CF237YC | D47: UNIDAD | E47: 15 | G47: 1847475 | H47: 1119790 | I47: 962900 | J47: 1188810 | M47: =COUNT(F47:L47) -> 4 | N47: =ROUND(AVERAGE(F47:L47),0) -> 1279744 | O47: =+N47*E47 -> 19196160 | P47: =STDEVP(F47:J47) -> 337847.19 | Q47: =P47/N47*100 -> 26.399591 | R47: =100-Q47 -> 73.600409 | S47: =IF(R47>70,"ALTO","BAJO") -> ALTO
N48: =ROUND(AVERAGE(F48:L48),0) -> #DIV/0! | O48: =+N48*E47 -> #DIV/0! | P48: =STDEVP(F48:J48) -> #DIV/0! | Q48: =P48/N48*100 -> #DIV/0! | R48: =100-Q48 -> #DIV/0! | S48: =IF(R48>70,"ALTO","BAJO") -> #DIV/0!
M49: =COUNT(F49:L49) -> 0 | N49: =ROUND(AVERAGE(F49:L49),0) -> #DIV/0! | O49: =+N49*E49 -> #DIV/0! | P49: =STDEVP(F49:J49) -> #DIV/0! | Q49: =P49/N49*100 -> #DIV/0! | R49: =100-Q49 -> #DIV/0! | S49: =IF(R49>70,"ALTO","BAJO") -> #DIV/0!
M50: =COUNT(F50:L50) -> 0 | N50: =ROUND(AVERAGE(F50:L50),0) -> #DIV/0! | O50: =+N50*E50 -> #DIV/0! | P50: =STDEVP(F50:J50) -> #DIV/0! | Q50: =P50/N50*100 -> #DIV/0! | R50: =100-Q50 -> #DIV/0! | S50: =IF(R50>70,"ALTO","BAJO") -> #DIV/0!
M51: =COUNT(F51:L51) -> 0 | N51: =ROUND(AVERAGE(F51:L51),0) -> #DIV/0! | O51: =+N51*E51 -> #DIV/0! | P51: =STDEVP(F51:J51) -> #DIV/0! | Q51: =P51/N51*100 -> #DIV/0! | R51: =100-Q51 -> #DIV/0! | S51: =IF(R51>70,"ALTO","BAJO") -> #DIV/0!
M52: =COUNT(F52:L52) -> 0 | N52: =ROUND(AVERAGE(F52:L52),0) -> #DIV/0! | O52: =+N52*E52 -> #DIV/0! | P52: =STDEVP(F52:J52) -> #DIV/0! | Q52: =P52/N52*100 -> #DIV/0! | R52: =100-Q52 -> #DIV/0! | S52: =IF(R52>70,"ALTO","BAJO") -> #DIV/0!
M53: =COUNT(F53:L53) -> 0 | N53: =ROUND(AVERAGE(F53:L53),0) -> #DIV/0! | O53: =+N53*E53 -> #DIV/0! | P53: =STDEVP(F53:J53) -> #DIV/0! | Q53: =P53/N53*100 -> #DIV/0! | R53: =100-Q53 -> #DIV/0! | S53: =IF(R53>70,"ALTO","BAJO") -> #DIV/0!
M54: =COUNT(F54:L54) -> 0 | N54: =ROUND(AVERAGE(F54:L54),0) -> #DIV/0! | O54: =+N54*E54 -> #DIV/0! | P54: =STDEVP(F54:J54) -> #DIV/0! | Q54: =P54/N54*100 -> #DIV/0! | R54: =100-Q54 -> #DIV/0! | S54: =IF(R54>70,"ALTO","BAJO") -> #DIV/0!
M55: =COUNT(F55:L55) -> 0 | N55: =ROUND(AVERAGE(F55:L55),0) -> #DIV/0! | O55: =+N55*E55 -> #DIV/0! | P55: =STDEVP(F55:J55) -> #DIV/0! | Q55: =P55/N55*100 -> #DIV/0! | R55: =100-Q55 -> #DIV/0! | S55: =IF(R55>70,"ALTO","BAJO") -> #DIV/0!
M56: =COUNT(F56:L56) -> 0 | N56: =ROUND(AVERAGE(F56:L56),0) -> #DIV/0! | O56: =+N56*E56 -> #DIV/0! | P56: =STDEVP(F56:J56) -> #DIV/0! | Q56: =P56/N56*100 -> #DIV/0! | R56: =100-Q56 -> #DIV/0! | S56: =IF(R56>70,"ALTO","BAJO") -> #DIV/0!
M57: =COUNT(F57:L57) -> 0 | N57: =ROUND(AVERAGE(F57:L57),0) -> #DIV/0! | O57: =+N57*E57 -> #DIV/0! | P57: =STDEVP(F57:J57) -> #DIV/0! | Q57: =P57/N57*100 -> #DIV/0! | R57: =100-Q57 -> #DIV/0! | S57: =IF(R57>70,"ALTO","BAJO") -> #DIV/0!
M58: =COUNT(F58:L58) -> 0 | N58: =ROUND(AVERAGE(F58:L58),0) -> #DIV/0! | O58: =+N58*E58 -> #DIV/0! | P58: =STDEVP(F58:J58) -> #DIV/0! | Q58: =P58/N58*100 -> #DIV/0! | R58: =100-Q58 -> #DIV/0! | S58: =IF(R58>70,"ALTO","BAJO") -> #DIV/0!
M59: =COUNT(F59:L59) -> 0 | N59: =ROUND(AVERAGE(F59:L59),0) -> #DIV/0! | O59: =+N59*E59 -> #DIV/0! | P59: =STDEVP(F59:J59) -> #DIV/0! | Q59: =P59/N59*100 -> #DIV/0! | R59: =100-Q59 -> #DIV/0! | S59: =IF(R59>70,"ALTO","BAJO") -> #DIV/0!
M60: =COUNT(F60:L60) -> 0 | N60: =ROUND(AVERAGE(F60:L60),0) -> #DIV/0! | O60: =+N60*E60 -> #DIV/0! | P60: =STDEVP(F60:J60) -> #DIV/0! | Q60: =P60/N60*100 -> #DIV/0! | R60: =100-Q60 -> #DIV/0! | S60: =IF(R60>70,"ALTO","BAJO") -> #DIV/0!
... M72: =COUNT(F72:L72) -> 0 | N72: =ROUND(AVERAGE(F72:L72),0) -> #DIV/0! | O72: =+N72*E72 -> #DIV/0! | P72: =STDEVP(F72:J72) -> #DIV/0! | Q72: =P72/N72*100 -> #DIV/0! | R72: =100-Q72 -> #DIV/0! | S72: =IF(R72>70,"ALTO","BAJO") -> #DIV/0!
O73: =+N73*E73 -> 0
O74: =+N74*E74 -> 0
O75: =+N75*E75 -> 0
O76: =+N76*E76 -> 0
M77: Total todo costo | O77: =+SUM(O7:O47) -> 48978582
B78: NOTA: En caso que el valor unitario se encuentra en dólares, la tasa de cambio (TRM) a aplicar será la vigente al día en que se realiza la tabulación y el análisis de los datos estadísticos. Para determinar las variaciones anuales de los precios se debe aplicar el Índice de Precios al Consumidor (IPC). Se debe especificar si el bien o servicio sobre el que se realiza el análisis se encuentra gravado con el impuesto sobre las ventas (IVA) o por el contrario se encuentra exento de dicho gravamen.
D83: IPC ACUMULADO ANUAL -DANE
D84: 2020 | E84: 1.61 | F84: =+E84/100+1 -> 1.0161
D85: 2021 | E85: 5.62 | F85: =+E85/100+1 -> 1.0562 | M85: verificado datos abiertos no se evidencia de iguales condiciones para coger datos referencia
D86: 2022 | E86: 13.12 | F86: =+E86/100+1 -> 1.1312
D87: 2023 | E87: 9.28 | F87: =+E87/100+1 -> 1.0928
D88: 2024 | E88: 5.2 | F88: =+E88/100+1 -> 1.052
D89: 2025 | E89: 5.22 | F89: =+E89/100+1 -> 1.0522
D90: ENERO | E90: 1.18 | F90: =+E90/100+1 -> 1.0118
F91: =+E91/100+1 -> 1
F92: =+E92/100+1 -> 1
F93: =+E93/100+1 -> 1
F94: =+E94/100+1 -> 1
F95: =+E95/100+1 -> 1
F96: =+E96/100+1 -> 1
F97: =+E97/100+1 -> 1
F98: =+E98/100+1 -> 1
F99: =+E99/100+1 -> 1
D100: https://www.dane.gov.co/index.php/estadisticas-por-tema/precios-y-costos/indice-de-precios-al-consumidor-ipc/ipc-historico#indice-de-precios-al-consumidor-ipc-2025

Sheet FM-029 Depurada 4Nov2020
D2: FORMATO CUADRO DE TABULACIÓN Y ANÁLISIS DE DATOS ESTADÍSTICOS - ESTUDIO DE SECTOR
D3: CÓDIGO: GCON-FM-029 | M3: VERSIÓN: 2
D4: FECHA DE APLICACIÓN: JULIO DE 2019
B6: TABULACIÓN NO DEPURADA COTIZACIONES Y CONTRATACIONES SIMILARES EN LA UAERMV Y/O DE OTRAS ENTIDADES PARA EL ESTUDIO DE SECTOR | F6: COTIZACIONES GESTIONADAS PARA EL ESTUDIO DE SECTOR | J6: CONTRATACIONES OTRAS ENTIDADES | M6: CONTRATACIONES SIMILARES EN LA UMV | N6: ADQUISICIÓN DE ELEMENTOS DE PROTECCIÓN PERSONAL Y ELEMENTOS DE PROTECCIÓN CONTRA CAÍDAS
F8: SAISO SAS | G8: TECHNICAL SOLUTIONS SAFETY SAS | H8: Agroinsumos LTDA | I8: CENTRAL DE SOLDADURAS Y PROTECCIÓN INDUSTRIAL SA | J8: SDH-SMINC-014-2020 | K8: MC-253-GINRED4-2020 | L8: MC-CUC-CA-037-2020 | M8: 2019
B9: ITEM | C9: DESCRIPCIÓN | D9: UND | E9: Cant. | F9: VALOR PRESUPUESTADO | J9: VALOR UNITARIO SIN IVA A PRECIO 2020 | N9: MUESTRA | O9: VALOR PROMEDIO UNITARIO | P9: VALOR PROMEDIO TOTAL | Q9: DESVIACION ESTANDAR | R9: COEF VARIACION | S9: MARGEN DE CONFIABILIDAD | T9: NIVEL DE CONFIABILIDAD DE LOS DATOS | Z9: Diferencia 4Nov-16Oct | AA9: DIFERENCIA EN CANTIDADES 4 NOV 19 NOV
B10: 1 | C10: Casco dieléctrico de seguridad color gris. Casco de seguridad, con banda de sudor reemplazable, suspensión de 4 puntos, en banda de hilo, tipo rachet, con ajuste de altura, Sistema universal de ensamble para protectores auditivos tipo copa, alta resistencia, fabricado en Polímero de alto impacto, con 3 y/o 4 puntos de sujeción para barbuquejo en reata no elástico. | D10: UND | E10: 40 | F10: 33000 | G10: 20400 | H10: =1.19*14252 -> 16959.88 | I10: 18907.563 | K10: 16363 | L10: 27500 | M10: 30071.121 | N10: =COUNT(F10:M10) -> 7 | O10: =ROUND(AVERAGE(F10:M10),2) -> 23314.51 | P10: =ROUND(+O10*E10,2) -> 932580.4 | Q10: =STDEVP(F10:L10) -> 6059.961 | R10: =Q10/O10*100 -> 25.99223 | S10: =100-R10 -> 74.00777 | T10: =IF(S10>70,"ALTO","BAJO") -> ALTO | Z10: =P10-'FM-029 Depurada16Oct2020'!Q10 -> 24820.4 | AA10: =#REF!-'FM-029 Depurada 4Nov2020'!E10 -> #REF!
B11: 2 | C11: Casco dieléctrico de seguridad color blanco. Casco de seguridad, con banda de sudor reemplazable, suspensión de 4 puntos, en banda de hilo, tipo rachet, con ajuste de altura, Sistema universal de ensamble para protectores auditivos tipo copa, alta resistencia, fabricado en Polímero de alto impacto, con 3 y/o 4 puntos de sujeción para barbuquejo en reata no elástico. | D11: UND | E11: 10 | G11: 20400 | H11: =1.19*14252 -> 16959.88 | I11: 18907.563 | K11: 16363 | L11: 25000 | N11: =COUNT(F11:M11) -> 5 | O11: =ROUND(AVERAGE(F11:M11),2) -> 19526.09 | P11: =ROUND(+O11*E11,2) -> 195260.9 | Q11: =STDEVP(F11:L11) -> 3088.7071 | R11: =Q11/O11*100 -> 15.818359 | S11: =100-R11 -> 84.181641 | T11: =IF(S11>70,"ALTO","BAJO") -> ALTO | Z11: =P11-'FM-029 Depurada16Oct2020'!Q11 -> 0.9 | AA11: =#REF!-'FM-029 Depurada 4Nov2020'!E11 -> #REF!
B12: 3 | C12: Casco dieléctrico de seguridad color azul. Casco de seguridad, con banda de sudor reemplazable, suspensión de 4 puntos, en banda de hilo, tipo rachet, con ajuste de altura, Sistema universal de ensamble para protectores auditivos tipo copa, alta resistencia, fabricado en Polímero de alto impacto, con 3 y/o 4 puntos de sujeción para barbuquejo en reata no elástico. | D12: UND | E12: 5 | F12: 33000 | G12: 20400 | H12: =1.19*14252 -> 16959.88 | I12: 18907.563 | K12: 16363 | N12: =COUNT(F12:M12) -> 5 | O12: =ROUND(AVERAGE(F12:M12),2) -> 21126.09 | P12: =ROUND(+O12*E12,2) -> 105630.45 | Q12: =STDEVP(F12:L12) -> 6107.0965 | R12: =Q12/O12*100 -> 28.907841 | S12: =100-R12 -> 71.092159 | T12: =IF(S12>70,"ALTO","BAJO") -> ALTO | Z12: =P12-'FM-029 Depurada16Oct2020'!Q12 -> 14845.45 | AA12: =#REF!-'FM-029 Depurada 4Nov2020'!E12 -> #REF!
B13: 4 | C13: Gafas de Seguridad Lente Claro. Gafas de seguridad con lente espejado, compuesto por unas lentes sin montura y unas patillas con longitud fija. Con protecciones laterales y sistema de difusión de la presión a través de la patilla. Con almohadillas ajustables en el puente nasal y con recubrimiento antideslizante en la cara interna de la patilla. Excelente ajuste y buen campo de visión. Antirayadura y antiempañante. | D13: UND | E13: 100 | F13: 12000 | G13: 7480 | H13: =1.19*5310 -> 6318.9 | I13: 5600 | K13: 6395 | M13: 10983.026 | N13: =COUNT(F13:M13) -> 6 | O13: =ROUND(AVERAGE(F13:M13),2) -> 8129.49 | P13: =ROUND(+O13*E13,2) -> 812949 | Q13: =STDEVP(F13:L13) -> 2300.3977 | R13: =Q13/O13*100 -> 28.296949 | S13: =100-R13 -> 71.703051 | T13: =IF(S13>70,"ALTO","BAJO") -> ALTO | Z13: =P13-'FM-029 Depurada16Oct2020'!Q13 -> 87749 | AA13: =#REF!-'FM-029 Depurada 4Nov2020'!E13 -> #REF!
B14: 5 | C14: Gafas de Seguridad Lente Oscuro. Recubrimiento duro anti-rayaduras, antiestático y tratamiento antiempañante. Fabricados con materiales hipoalergénicos, lavables y reutilizables. Cuenta con cordón para colgar los lentes alrededor del cuello cuando no están en uso Cumplen los requerimientos de protección contra alto impacto y educación de la norma ANSI Z87.1: 2003. Protección contra radiaciones UV en un 99.9%. Lentes fabricados completamente con policarbonato de alto impacto. | D14: UND | E14: 150 | G14: 5440 | H14: =1.19*6300 -> 7497 | I14: 6500 | K14: 6422 | N14: =COUNT(F14:M14) -> 4 | O14: =ROUND(AVERAGE(F14:M14),2) -> 6464.75 | P14: =ROUND(+O14*E14,2) -> 969712.5 | Q14: =STDEVP(F14:L14) -> 727.79165 | R14: =Q14/O14*100 -> 11.257847 | S14: =100-R14 -> 88.742153 | T14: =IF(S14>70,"ALTO","BAJO") -> ALTO | Z14: =P14-'FM-029 Depurada16Oct2020'!Q14 -> -37.5 | AA14: =#REF!-'FM-029 Depurada 4Nov2020'!E14 -> #REF!
B15: 6 | C15: Gafas de seguridad lente claro adaptable para colocar sobre gafas formuladas. Gafas de seguridad para utilizar sobre lentes formulados, material policarbonato con patillas de nylon para un mayor confort. Cubrimiento lateral para mayor visibilidad, protección de rayos U.V. | D15: UND | E15: 20 | H15: =1.19*7600 -> 9044 | I15: 10500 | K15: 10342 | M15: 11613.595 | N15: =COUNT(F15:M15) -> 4 | O15: =ROUND(AVERAGE(F15:M15),2) -> 10374.9 | P15: =ROUND(+O15*E15,2) -> 207498 | Q15: =STDEVP(F15:L15) -> 652.32098 | R15: =Q15/O15*100 -> 6.2874918 | S15: =100-R15 -> 93.712508 | T15: =IF(S15>70,"ALTO","BAJO") -> ALTO | Z15: =P15-'FM-029 Depurada16Oct2020'!Q15 -> -582 | AA15: =#REF!-'FM-029 Depurada 4Nov2020'!E15 -> #REF!
B16: 7 | C16: Careta para esmerilar. Fabricada en polímero de alta resistencia a la humedad, al calor y al impacto de partículas. Liviano e indeformable, visor transparente resistente al choque de partículas a gran velocidad. | D16: UND | E16: 10 | G16: 24500 | H16: =1.19*25900 -> 30821 | I16: 28000 | M16: 34935.212 | N16: =COUNT(F16:M16) -> 4 | O16: =ROUND(AVERAGE(F16:M16),2) -> 29564.05 | P16: =ROUND(+O16*E16,2) -> 295640.5 | Q16: =STDEVP(F16:L16) -> 2585.4955 | R16: =Q16/O16*100 -> 8.7454036 | S16: =100-R16 -> 91.254596 | T16: =IF(S16>70,"ALTO","BAJO") -> ALTO | Z16: =P16-'FM-029 Depurada16Oct2020'!Q16 -> -4189.5 | AA16: =#REF!-'FM-029 Depurada 4Nov2020'!E16 -> #REF!
B17: 8 | C17: Respirador libre de Mantenimiento N95 con válvula o Sin Válvula. NO PLEGABLE. Fabricado con un Medio Filtrante Electrostático Avanzado, novedoso sistema de retención de partículas que permite mayor eficiencia del filtro con menor caída de presión que ofrece mayor comodidad y frescura al usuario. Brinda una efectiva, confortable e higiénica protección respiratoria contra aerosoles sólidos y ciertos líquidos sin aceite OPCIONAL. Se acepta respirador con válvula de exhalación (válvula de aire fresco) o Sin Válvula. | D17: UND | E17: 750 | H17: =1.19*12000 -> 14280 | I17: 14300 | M17: 6727.4704 | N17: =COUNT(F17:M17) -> 3 | O17: =ROUND(AVERAGE(F17:M17),2) -> 11769.16 | P17: =ROUND(+O17*E17,2) -> 8826870 | Q17: =STDEVP(F17:L17) -> 10 | R17: =Q17/O17*100 -> 0.084967831 | S17: =100-R17 -> 99.915032 | T17: =IF(S17>70,"ALTO","BAJO") -> ALTO | Z17: =P17-'FM-029 Depurada16Oct2020'!Q17 -> 78870 | AA17: =#REF!-'FM-029 Depurada 4Nov2020'!E17 -> #REF!
B18: 9 | C18: Respirador libre de Mantenimiento N95 con válvula O sin valvula PLEGABLE Fabricado con un Medio Filtrante Electrostático Avanzado, novedoso sistema de retención de partículas que permite mayor eficiencia del filtro con menor caída de presión que ofrece mayor comodidad y frescura al usuario. Brinda una efectiva, confortable e higiénica protección respiratoria contra aerosoles sólidos y ciertos líquidos sin aceite OPCIONAL. Se acepta respirador con válvula de exhalación (válvula de aire fresco) o Sin Válvula. | D18: UND | E18: 750 | H18: =1.19*12000 -> 14280 | I18: 14300 | M18: 6727.4704 | N18: =COUNT(F18:M18) -> 3 | O18: =ROUND(AVERAGE(F18:M18),2) -> 11769.16 | P18: =ROUND(+O18*E18,2) -> 8826870 | Q18: =STDEVP(F18:L18) -> 10 | R18: =Q18/O18*100 -> 0.084967831 | S18: =100-R18 -> 99.915032 | T18: =IF(S18>70,"ALTO","BAJO") -> ALTO | Z18: =P18-'FM-029 Depurada16Oct2020'!Q18 -> 78870 | AA18: =#REF!-'FM-029 Depurada 4Nov2020'!E18 -> #REF!
B19: 10 | C19: Respirador libre de Mantenimiento N95 con válvula o Sin Válvula NO PLEGABLE. Fabricado con un Medio Filtrante Electrostático Avanzado, novedoso sistema de retención de partículas que permite mayor eficiencia del filtro con menor caída de presión que ofrece mayor comodidad y frescura al usuario. Brinda una efectiva, confortable e higiénica protección respiratoria contra aerosoles sólidos y ciertos líquidos sin aceite OPCIONAL. Se acepta respirador con válvula de exhalación (válvula de aire fresco) o Sin Válvula. | D19: UND | E19: 499 | H19: =1.19*12000 -> 14280 | I19: 14500 | M19: 17077.828 | N19: =COUNT(F19:M19) -> 3 | O19: =ROUND(AVERAGE(F19:M19),2) -> 15285.94 | P19: =ROUND(+O19*E19,2) -> 7627684.1 | Q19: =STDEVP(F19:L19) -> 110 | R19: =Q19/O19*100 -> 0.71961554 | S19: =100-R19 -> 99.280384 | T19: =IF(S19>70,"ALTO","BAJO") -> ALTO | Z19: =P19-'FM-029 Depurada16Oct2020'!Q19 -> -806015.94 | AA19: =#REF!-'FM-029 Depurada 4Nov2020'!E19 -> #REF!
B20: 11 | C20: Mascara Full Face. Pieza facial cara completa con visor, para colocar doble cartucho (ofrece la posibilidad de ser utilizada con filtros y cartuchos reemplazables para protección contra ciertos gases, vapores y material particulado). Fabricada en elastómero, visor de policarbonato | D20: UND | E20: 2 | G20: 479000 | H20: =1.19*430000 -> 511700 | I20: 378151.26 | M20: 416797.85 | N20: =COUNT(F20:M20) -> 4 | O20: =ROUND(AVERAGE(F20:M20),2) -> 446412.28 | P20: =ROUND(+O20*E20,2) -> 892824.56 | Q20: =STDEVP(F20:L20) -> 56838 | R20: =Q20/O20*100 -> 12.732177 | S20: =100-R20 -> 87.267823 | T20: =IF(S20>70,"ALTO","BAJO") -> ALTO | Z20: =P20-'FM-029 Depurada16Oct2020'!Q20 -> 27482.56 | AA20: =#REF!-'FM-029 Depurada 4Nov2020'!E20 -> #REF!
B21: 12 | C21: Mascara Media Cara. Pieza facial media cara diseño anatómico y ajuste hermético, permite el uso de monogafas, para colocar doble cartucho (ofrece la posibilidad de ser utilizada con filtros y cartuchos reemplazables para protección contra ciertos gases, vapores y material particulado) fabricada en material siliconado. | D21: UND | E21: 8 | G21: 53000 | H21: =1.19*41430 -> 49301.7 | I21: 47058.824 | K21: 52182 | M21: 66551.805 | N21: =COUNT(F21:M21) -> 5 | O21: =ROUND(AVERAGE(F21:M21),2) -> 53618.87 | P21: =ROUND(+O21*E21,2) -> 428950.96 | Q21: =STDEVP(F21:L21) -> 2361.3778 | R21: =Q21/O21*100 -> 4.4040052 | S21: =100-R21 -> 95.595995 | T21: =IF(S21>70,"ALTO","BAJO") -> ALTO | Z21: =P21-'FM-029 Depurada16Oct2020'!Q21 -> -8913.04 | AA21: =#REF!-'FM-029 Depurada 4Nov2020'!E21 -> #REF!
B22: 13 | C22: Cartuchos para vapores orgánicos y gases ácidos. Compatibles para instalar en mascara FULL FACE o Media Cara, protección para vapores orgánicos (exposición a solventes orgánicos, gases ácidos, humos metálicos, formaldehido, entre otros. Compatibles para adaptar filtros para material particulado, partículas aceitosas. | D22: PAR | E22: 30 | F22: 54000 | G22: 48500 | H22: =1.19*35071 -> 41734.49 | M22: 63123.02 | N22: =COUNT(F22:M22) -> 4 | O22: =ROUND(AVERAGE(F22:M22),2) -> 51839.38 | P22: =ROUND(+O22*E22,2) -> 1555181.4 | Q22: =STDEVP(F22:L22) -> 5016.2498 | R22: =Q22/O22*100 -> 9.6765236 | S22: =100-R22 -> 90.323476 | T22: =IF(S22>70,"ALTO","BAJO") -> ALTO | Z22: =P22-'FM-029 Depurada16Oct2020'!Q22 -> -115998.6 | AA22: =#REF!-'FM-029 Depurada 4Nov2020'!E22 -> #REF!
B23: 14 | C23: Prefiltros para material particulado adaptables a cartuchos. Compatibles para instalar sobre cartuchos con adaptador. Es fabricado con un Medio Filtrante Electrostático Avanzado, novedoso sistema de retención de partículas que permite mayor eficiencia del filtro con menor caída de presión. | D23: PAR | E23: 30 | F23: 36000 | M23: 35153.446 | N23: =COUNT(F23:M23) -> 2 | O23: =ROUND(AVERAGE(F23:M23),2) -> 35576.72 | P23: =ROUND(+O23*E23,2) -> 1067301.6 | Q23: =STDEVP(F23:L23) -> 0 | R23: =Q23/O23*100 -> 0 | S23: =100-R23 -> 100 | T23: =IF(S23>70,"ALTO","BAJO") -> ALTO | Z23: =P23-'FM-029 Depurada16Oct2020'!Q23 -> 552321.6 | AA23: =#REF!-'FM-029 Depurada 4Nov2020'!E23 -> #REF!
B24: 15 | C24: Filtro para Soldadura (material particulado y humos metálicos). P100, filtro para material particulado y partículas de vapor orgánico y humos metálicos. Uso con respiradores reutilizables (cartuchos adaptables a mascara Full Face y Media Cara) | D24: PAR | E24: 30 | G24: 39750 | H24: =1.19*32040 -> 38127.6 | I24: 36134.454 | M24: 38361.9 | N24: =COUNT(F24:M24) -> 4 | O24: =ROUND(AVERAGE(F24:M24),2) -> 38093.49 | P24: =ROUND(+O24*E24,2) -> 1142804.7 | Q24: =STDEVP(F24:L24) -> 1478.625 | R24: =Q24/O24*100 -> 3.8815688 | S24: =100-R24 -> 96.118431 | T24: =IF(S24>70,"ALTO","BAJO") -> ALTO | Z24: =P24-'FM-029 Depurada16Oct2020'!Q24 -> 19994.7 | AA24: =#REF!-'FM-029 Depurada 4Nov2020'!E24 -> #REF!
B25: 16 | C25: Adaptador para instalar filtros sobre cartuchos. Pieza plástica que sirve para sostener y acoplar los filtros de material particulado sobre los cartuchos. Compatibilidad en los diseños y ajuste en los cartuchos | D25: PAR | E25: 30 | G25: 15200 | H25: =1.19*11220 -> 13351.8 | I25: 18907.563 | M25: 26049.538 | N25: =COUNT(F25:M25) -> 4 | O25: =ROUND(AVERAGE(F25:M25),2) -> 18377.23 | P25: =ROUND(+O25*E25,2) -> 551316.9 | Q25: =STDEVP(F25:L25) -> 2310.0834 | R25: =Q25/O25*100 -> 12.570357 | S25: =100-R25 -> 87.429643 | T25: =IF(S25>70,"ALTO","BAJO") -> ALTO | Z25: =P25-'FM-029 Depurada16Oct2020'!Q25 -> -31373.1 | AA25: =#REF!-'FM-029 Depurada 4Nov2020'!E25 -> #REF!
B26: 17 | C26: Protector auditivo de inserción. Fabricados en silicona o elastómero termoplástico hipoalergénico, lavables y reutilizables. NRR = 25 dB. Cordón de poliéster rompible trenzado, con estuche individual. | D26: UND | E26: 100 | F26: 1000 | G26: 1820 | H26: =1.19*1513 -> 1800.47 | I26: 1575.6303 | M26: 2988.1216 | N26: =COUNT(F26:M26) -> 5 | O26: =ROUND(AVERAGE(F26:M26),2) -> 1836.84 | P26: =ROUND(+O26*E26,2) -> 183684 | Q26: =STDEVP(F26:L26) -> 331.2055 | R26: =Q26/O26*100 -> 18.031266 | S26: =100-R26 -> 81.968734 | T26: =IF(S26>70,"ALTO","BAJO") -> ALTO | Z26: =P26-'FM-029 Depurada16Oct2020'!Q26 -> -34116 | AA26: =#REF!-'FM-029 Depurada 4Nov2020'!E26 -> #REF!
B27: 18 | C27: Protector auditivo de inserción desechable tipo espuma. Fabricados en espuma moldeable; por su estructura suave y redondeada se adapta fácilmente en conductos auditivos, grandes o pequeños. Reducción de Ruido (NRR) | D27: CAJA X 200 UND | E27: 8 | G27: 90500 | H27: =1.19*77520 -> 92248.8 | I27: 84033.613 | N27: =COUNT(F27:M27) -> 3 | O27: =ROUND(AVERAGE(F27:M27),2) -> 88927.47 | P27: =ROUND(+O27*E27,2) -> 711419.76 | Q27: =STDEVP(F27:L27) -> 3533.3608 | R27: =Q27/O27*100 -> 3.9733063 | S27: =100-R27 -> 96.026694 | T27: =IF(S27>70,"ALTO","BAJO") -> ALTO | Z27: =P27-'FM-029 Depurada16Oct2020'!Q27 -> 11.76 | AA27: =#REF!-'FM-029 Depurada 4Nov2020'!E27 -> #REF!
B28: 19 | C28: Protector Auditivo tipo Copa. Diadema y orejeras acolchadas para mayor comodidad del usuario, incluso en largas jornadas de trabajo. Diadema graduable para mejor ajuste. Diadema rota para permitir su uso con casco. Atenuación global del protector; con los siguientes rangos 23 a 25 dB, atenuación a altas frecuencias; 26 a 28 dB, atenuación a frecuencias medias; 20 a 22 dB, atenuación a bajas frecuencias. Para usar en cascos que sería suministrados en la misma ficha en los ítems 1, 2 y 3 y/o de diadema para ser usados en cualquier tipo de casco. | D28: UND | E28: 20 | F28: 92000 | H28: =1.19*14880 -> 17707.2 | I28: 17226.891 | M28: 36481.733 | N28: =COUNT(F28:M28) -> 4 | O28: =ROUND(AVERAGE(F28:M28),2) -> 40853.96 | P28: =ROUND(+O28*E28,2) -> 817079.2 | Q28: =STDEVP(F28:L28) -> 35135.719 | R28: =Q28/O28*100 -> 86.003215 | S28: =100-R28 -> 13.996785 | T28: =IF(S28>70,"ALTO","BAJO") -> BAJO | Z28: =P28-'FM-029 Depurada16Oct2020'!Q28 -> 352379.2 | AA28: =#REF!-'FM-029 Depurada 4Nov2020'!E28 -> #REF!
B29: 20 | C29: Guante de vaqueta corto. Fabricado en 100% cuero (vaqueta), cosido en hilo de alta resistencia debe proporcionar la comodidad de un guante tejido, sin sacrificar la flexibilidad y la destreza. | D29: PAR | E29: 200 | G29: 6950 | H29: =1.19*5426 -> 6456.94 | I29: 5630.2521 | L29: 5000 | M29: 11315.622 | N29: =COUNT(F29:M29) -> 5 | O29: =ROUND(AVERAGE(F29:M29),2) -> 7070.56 | P29: =ROUND(+O29*E29,2) -> 1414112 | Q29: =STDEVP(F29:L29) -> 749.61021 | R29: =Q29/O29*100 -> 10.601851 | S29: =100-R29 -> 89.398149 | T29: =IF(S29>70,"ALTO","BAJO") -> ALTO | Z29: =P29-'FM-029 Depurada16Oct2020'!Q29 -> 21312 | AA29: =#REF!-'FM-029 Depurada 4Nov2020'!E29 -> #REF!
B30: 21 | C30: Guante vaqueta largo. Fabricado en 100% cuero (vaqueta), debe proporcionar la comodidad de un guante tejido, sin sacrificar la flexibilidad y la destreza, manga larga para protección adicional en muñeca y parte del antebrazo. | D30: PAR | E30: 150 | F30: 19000 | H30: =1.19*8561 -> 10187.59 | K30: 13454 | M30: 19127.965 | N30: =COUNT(F30:M30) -> 4 | O30: =ROUND(AVERAGE(F30:M30),2) -> 15442.39 | P30: =ROUND(+O30*E30,2) -> 2316358.5 | Q30: =STDEVP(F30:L30) -> 3637.5529 | R30: =Q30/O30*100 -> 23.555634 | S30: =100-R30 -> 76.444366 | T30: =IF(S30>70,"ALTO","BAJO") -> ALTO | Z30: =P30-'FM-029 Depurada16Oct2020'!Q30 -> 116008.5 | AA30: =#REF!-'FM-029 Depurada 4Nov2020'!E30 -> #REF!
B31: 22 | C31: Guante de nitrilo para Sustancias Químicas (Verde Largo). Fabricado en nitrilo (material sintético, bastante resistente a la mayoría de los productos químicos) hipoalergénicos. Forro interno en algodón para mayor frescura; texturizados en la punta de los dedos y en la palma para brindar mayor agarre. Longitud= 18 Pulgadas (45.7 cm) Espesor= 22mil (0.55mm). | D31: PAR | E31: 108 | F31: 32000 | G31: 18020 | H31: 19117 | I31: 18907.563 | M31: 21595.684 | N31: =COUNT(F31:M31) -> 5 | O31: =ROUND(AVERAGE(F31:M31),2) -> 21928.05 | P31: =ROUND(+O31*E31,2) -> 2368229.4 | Q31: =STDEVP(F31:L31) -> 5781.7549 | R31: =Q31/O31*100 -> 26.366936 | S31: =100-R31 -> 73.633064 | T31: =IF(S31>70,"ALTO","BAJO") -> ALTO | Z31: =P31-'FM-029 Depurada16Oct2020'!Q31 -> 42557.4 | AA31: =#REF!-'FM-029 Depurada 4Nov2020'!E31 -> #REF!
B32: 23 | C32: Guante Poliuretano Fabricado con la siguiente composición de los guantes mínimo del 50% hasta el 80% nailon y mínimo del 20% hasta 50% poliuretano. Provee una capa con buena resistencia a la abrasión y rasgado, protección contra líquidos, agarre en seco y húmedo y durabilidad. El recubrimiento ofrece la misma sensibilidad táctil de un guante delgado, pero con la protección de un guante recubierto. El cual debe generar alta flexibilidad, durabilidad y garantiza protección contra riesgos mecánicos | D32: PAR | E32: 300 | F32: 15000 | H32: =1.19*5084 -> 6049.96 | J32: 7027 | K32: 12144 | M32: 8340.0908 | N32: =COUNT(F32:M32) -> 5 | O32: =ROUND(AVERAGE(F32:M32),2) -> 9712.21 | P32: =ROUND(+O32*E32,2) -> 2913663 | Q32: =STDEVP(F32:L32) -> 3675.1216 | R32: =Q32/O32*100 -> 37.84022 | S32: =100-R32 -> 62.15978 | T32: =IF(S32>70,"ALTO","BAJO") -> BAJO | Z32: =P32-'FM-029 Depurada16Oct2020'!Q32 -> 977463 | AA32: =#REF!-'FM-029 Depurada 4Nov2020'!E32 -> #REF!
B33: 24 | C33: Guante de nitrilo azul. Guante de nitrilo desechable de 4mm a 8 mm de grosor, largo, de bajo Modulo, con puño enrollado, color azul, ambidiestro, ideal para usos generales y de laboratorio. Acabado rugoso para facilitar la manipulación de objetos resbalosos. | D33: PAR | E33: 300 | F33: 32000 | M33: 33904.898 | N33: =COUNT(F33:M33) -> 2 | O33: =ROUND(AVERAGE(F33:M33),2) -> 32952.45 | P33: =ROUND(+O33*E33,2) -> 9885735 | Q33: =STDEVP(F33:L33) -> 0 | R33: =Q33/O33*100 -> 0 | S33: =100-R33 -> 100 | T33: =IF(S33>70,"ALTO","BAJO") -> ALTO | Z33: =P33-'FM-029 Depurada16Oct2020'!Q33 -> 3785735 | AA33: =#REF!-'FM-029 Depurada 4Nov2020'!E33 -> #REF!
B34: 25 | C34: Guante para soldador (resistente al calor Kevlar). Fabricado en carnaza, con refuerzos en palmas y dedos costura con hilo doble. Resistentes a la abrasión y a las chispas de soldadura. | D34: PAR | E34: 10 | F34: 31000 | G34: 22228 | M34: 31789.711 | N34: =COUNT(F34:M34) -> 3 | O34: =ROUND(AVERAGE(F34:M34),2) -> 28339.24 | P34: =ROUND(+O34*E34,2) -> 283392.4 | Q34: =STDEVP(F34:L34) -> 4386 | R34: =Q34/O34*100 -> 15.476774 | S34: =100-R34 -> 84.523226 | T34: =IF(S34>70,"ALTO","BAJO") -> ALTO | Z34: =P34-'FM-029 Depurada16Oct2020'!Q34 -> 84722.4 | AA34: =#REF!-'FM-029 Depurada 4Nov2020'!E34 -> #REF!
B35: 26 | C35: Puño tejido, anatómico, resistencia mecánica, proporciona un agarre fuerte y de máxima destreza. Composición: Hilaza y Palma en Látex, Talla única. Composición de los guantes mínimo del 30% hasta el 80% Hilaza y mínimo del 20% hasta 70% látex, El cual debe generar alta flexibilidad, durabilidad y garantiza protección contra riesgos mecánicos | D35: PAR | E35: 300 | F35: 11000 | H35: =1.19*4637 -> 5518.03 | I35: 5042.0168 | N35: =COUNT(F35:M35) -> 3 | O35: =ROUND(AVERAGE(F35:M35),2) -> 7186.68 | P35: =ROUND(+O35*E35,2) -> 2156004 | Q35: =STDEVP(F35:L35) -> 2703.4165 | R35: =Q35/O35*100 -> 37.617043 | S35: =100-R35 -> 62.382957 | T35: =IF(S35>70,"ALTO","BAJO") -> BAJO | Z35: =P35-'FM-029 Depurada16Oct2020'!Q35 -> 572004 | AA35: =#REF!-'FM-029 Depurada 4Nov2020'!E35 -> #REF!
B36: 27 | C36: Fabricado en carnaza fuerte, con grosor de 1.4 mm, para ser usado en labores de soldadura. Buena resistencia y flexibilidad, todas las costuras reforzadas. TALLA UNICA. y el ajuste se da con las correas de sujeción y las hebillas plásticas, con tiras de sujeción en el cuello y cintura | D36: UND | E36: 5 | F36: 30000 | G36: 18700 | H36: =1.19*14847 -> 17667.93 | M36: 31197.962 | N36: =COUNT(F36:M36) -> 4 | O36: =ROUND(AVERAGE(F36:M36),2) -> 24391.47 | P36: =ROUND(+O36*E36,2) -> 121957.35 | Q36: =STDEVP(F36:L36) -> 5586.0453 | R36: =Q36/O36*100 -> 22.901634 | S36: =100-R36 -> 77.098366 | T36: =IF(S36>70,"ALTO","BAJO") -> ALTO | Z36: =P36-'FM-029 Depurada16Oct2020'!Q36 -> -3877.65 | AA36: =#REF!-'FM-029 Depurada 4Nov2020'!E36 -> #REF!
B37: 28 | C37: Chaqueta fabricada en vaqueta, utilizada en trabajos de soldadura y/o fundición. Es ideal para proteger contra chispas o metales calientes. Color amarillo. Material: Vaqueta de cuero de res (vacuno), curtido al cromo, Hilo: poliéster, Cierres: broches metálicos. Garantizando la calidad, seguridad y durabilidad del producto. | D37: UND | E37: 5 | F37: 73000 | G37: 86666 | I37: 58823.529 | N37: =COUNT(F37:M37) -> 3 | O37: =ROUND(AVERAGE(F37:M37),2) -> 72829.84 | P37: =ROUND(+O37*E37,2) -> 364149.2 | Q37: =STDEVP(F37:L37) -> 11367.278 | R37: =Q37/O37*100 -> 15.607995 | S37: =100-R37 -> 84.392005 | T37: =IF(S37>70,"ALTO","BAJO") -> ALTO | Z37: =P37-'FM-029 Depurada16Oct2020'!Q37 -> -536860.8 | AA37: =#REF!-'FM-029 Depurada 4Nov2020'!E37 -> #REF!
B38: 29 | C38: PETO PLASTICO COLOR NEGRO Fabricado en material vinilo con soporte textil en poliéster para evitar desgarre, buenas resistencias físicas, color firme y durable que no se decolora ni se transfieren a otros materiales, calibre 25 (0.58 mm) industrial. Costuras con sistema de electro sellado, impiden filtraciones en las uniones. TALLA UNICA. y el ajuste se da con las correas de sujeción y las hebillas plásticas, con tiras de sujeción en el cuello y cintura. | D38: UND | E38: 30 | F38: 13000 | G38: 19500 | H38: =1.19*17780 -> 21158.2 | I38: 25210.084 | J38: 22382 | M38: 28871.886 | N38: =COUNT(F38:M38) -> 6 | O38: =ROUND(AVERAGE(F38:M38),2) -> 21687.03 | P38: =ROUND(+O38*E38,2) -> 650610.9 | Q38: =STDEVP(F38:L38) -> 4076.7066 | R38: =Q38/O38*100 -> 18.797902 | S38: =100-R38 -> 81.202098 | T38: =IF(S38>70,"ALTO","BAJO") -> ALTO | Z38: =P38-'FM-029 Depurada16Oct2020'!Q38 -> -19169.1 | AA38: =#REF!-'FM-029 Depurada 4Nov2020'!E38 -> #REF!
B39: 30 | C39: DELANTAL PETO PARA GUADAÑA O MANDIL. Elemento de protección personal que protege tronco del trabajador contra riesgos mecánicos abrasión corte de cuchilla perforación y quemaduras de chispas En carnaza medida 140 cm cuero curtido grosor mínimo aceptado por la norma internacional 1.3 a 1.8 mm son reforzadas además posee cintas para ajuste en cuello y espalda con hebilla metálica hilo algodón trenzado de 4 cabos calibre 40 costuras de 4 a 5 cm correas de 60 cm mínimo de largo por 1.5 cm de ancho. | D39: UND | E39: 2 | F39: 35000 | G39: 34760 | H39: =1.19*99160 -> 118000.4 | I39: 126050.42 | N39: =COUNT(F39:M39) -> 4 | O39: =ROUND(AVERAGE(F39:M39),2) -> 78452.71 | P39: =ROUND(+O39*E39,2) -> 156905.42 | Q39: =STDEVP(F39:L39) -> 43665.641 | R39: =Q39/O39*100 -> 55.65855 | S39: =100-R39 -> 44.34145 | T39: =IF(S39>70,"ALTO","BAJO") -> BAJO | Z39: =P39-'FM-029 Depurada16Oct2020'!Q39 -> 87148.42 | AA39: =#REF!-'FM-029 Depurada 4Nov2020'!E39 -> #REF!
B40: 31 | C40: Canilleras con refuerzo para guadañar . La estructura está compuesta por tiras metálicas en aluminio forradas en telas con refuerzo en nylon correas en nylon con hebillas para sujetas la pierna y el pie, se encuentran también en polietileno de alta resistencia montado en tela de nylon acolchada por tallas para que sean ajustables a la pierna del trabajador. | D40: PAR | E40: 2 | F40: 121000 | H40: =1.19*84405 -> 100441.95 | I40: 57142.857 | N40: =COUNT(F40:M40) -> 3 | O40: =ROUND(AVERAGE(F40:M40),2) -> 92861.6 | P40: =ROUND(+O40*E40,2) -> 185723.2 | Q40: =STDEVP(F40:L40) -> 26614.907 | R40: =Q40/O40*100 -> 28.660832 | S40: =100-R40 -> 71.339168 | T40: =IF(S40>70,"ALTO","BAJO") -> ALTO | Z40: =P40-'FM-029 Depurada16Oct2020'!Q40 -> 5.2 | AA40: =#REF!-'FM-029 Depurada 4Nov2020'!E40 -> #REF!
B41: 32 | C41: Cubre cara y Cuello. Fabricada en materiales frescos para protección del sol (Jean o Drill). Gorro tipo chavo o tipo pasamontañas que proteja nariz y boca. Talla Grande. | D41: UND | E41: 80 | H41: =1.19*8203 -> 9761.57 | I41: 10819.328 | K41: 12968 | M41: 23004.759 | N41: =COUNT(F41:M41) -> 4 | O41: =ROUND(AVERAGE(F41:M41),2) -> 14138.41 | P41: =ROUND(+O41*E41,2) -> 1131072.8 | Q41: =STDEVP(F41:L41) -> 1334.0347 | R41: =Q41/O41*100 -> 9.4355356 | S41: =100-R41 -> 90.564464 | T41: =IF(S41>70,"ALTO","BAJO") -> ALTO | Z41: =P41-'FM-029 Depurada16Oct2020'!Q41 -> 21552.8 | AA41: =#REF!-'FM-029 Depurada 4Nov2020'!E41 -> #REF!
B42: 33 | C42: Protector o filtro solar FPS 50+. Crema hipoalergénica, resistente a la transpiración. Inhibe la acción de los rayos UVA y UVB mediante la combinación de filtros físicos y químicos, alcanzando un factor de protección solar superior a 50+. | D42: Frasco Mayor o Igual a 100ml. | E42: 150 | G42: 36450 | H42: =1.19*32560 -> 38746.4 | I42: 30420.168 | K42: 44310 | M42: 47894.931 | N42: =COUNT(F42:M42) -> 5 | O42: =ROUND(AVERAGE(F42:M42),2) -> 39564.3 | P42: =ROUND(+O42*E42,2) -> 5934645 | Q42: =STDEVP(F42:L42) -> 4978.8248 | R42: =Q42/O42*100 -> 12.584135 | S42: =100-R42 -> 87.415865 | T42: =IF(S42>70,"ALTO","BAJO") -> ALTO | Z42: =P42-'FM-029 Depurada16Oct2020'!Q42 -> -95955 | AA42: =#REF!-'FM-029 Depurada 4Nov2020'!E42 -> #REF!
B43: 34 | C43: Gafas para soldadura autógena. El casquete de los lentes debe ser fabricado en material termoplástico. Cinta con elasticidad del 180% y el diseño ergonómico en las copas deben permitir un adecuado ajuste, los aros o soporte deben permitir el fácil recambio de los lentes. Los lentes deben absorber rayos lumínicos, infrarrojos y ultravioleta y controlan la trasmisión visible de la luz, para permitir distinguir los detalles del trabajo que se está realizando. | D43: UND | E43: 5 | H43: =1.19*28875 -> 34361.25 | M43: 68992.244 | N43: =COUNT(F43:M43) -> 2 | O43: =ROUND(AVERAGE(F43:M43),2) -> 51676.75 | P43: =ROUND(+O43*E43,2) -> 258383.75 | Q43: =STDEVP(F43:L43) -> 0 | R43: =Q43/O43*100 -> 0 | S43: =100-R43 -> 100 | T43: =IF(S43>70,"ALTO","BAJO") -> ALTO | Z43: =P43-'FM-029 Depurada16Oct2020'!Q43 -> 39618.75 | AA43: =#REF!-'FM-029 Depurada 4Nov2020'!E43 -> #REF!
B44: 35 | C44: Repuesto vidrio para gafas de soldadura autógena. Los lentes deben absorber rayos lumínicos, infrarrojos y ultravioleta y controlan la trasmisión visible de la luz, para permitir distinguir los detalles del trabajo que se está realizando. | D44: UND | E44: 10 | I44: 4201.6807 | M44: 27048.376 | N44: =COUNT(F44:M44) -> 2 | O44: =ROUND(AVERAGE(F44:M44),2) -> 15625.03 | P44: =ROUND(+O44*E44,2) -> 156250.3 | Q44: =STDEVP(F44:L44) -> 0 | R44: =Q44/O44*100 -> 0 | S44: =100-R44 -> 100 | T44: =IF(S44>70,"ALTO","BAJO") -> ALTO | Z44: =P44-'FM-029 Depurada16Oct2020'!Q44 -> -493009.7 | AA44: =#REF!-'FM-029 Depurada 4Nov2020'!E44 -> #REF!
B45: 36 | C45: Kit portátil con candados, tarjetas y broches. Componentes: • candados de seguridad o de acero • Tarjetas para bloqueo de alta resistencia que se pueden volver a usar y sujetadores de nylon. • Broche de para bloqueo grupal. • Bolsa de cinturón para bloqueo. | D45: KIT | E45: 4 | H45: =1.19*261500 -> 311185 | I45: 605042.02 | N45: =COUNT(F45:M45) -> 2 | O45: =ROUND(AVERAGE(F45:M45),2) -> 458113.51 | P45: =ROUND(+O45*E45,2) -> 1832454 | Q45: =STDEVP(F45:L45) -> 146928.51 | R45: =Q45/O45*100 -> 32.072512 | S45: =100-R45 -> 67.927488 | T45: =IF(S45>70,"ALTO","BAJO") -> BAJO | Z45: =P45-'FM-029 Depurada16Oct2020'!Q45 -> -989185.96 | AA45: =#REF!-'FM-029 Depurada 4Nov2020'!E45 -> #REF!
B46: 37 | C46: TERMOMETRO CORPORAL TIPO LASER. Con registros y garantía de 1 año. | D46: UND | E46: 5 | F46: 250000 | H46: =1.19*250000 -> 297500 | I46: 290000 | J46: 391262 | K46: 335000 | N46: =COUNT(F46:M46) -> 5 | O46: =ROUND(AVERAGE(F46:M46),2) -> 312752.4 | P46: =ROUND(+O46*E46,2) -> 1563762 | Q46: =STDEVP(F46:L46) -> 47637.977 | R46: =Q46/O46*100 -> 15.23185 | S46: =100-R46 -> 84.76815 | T46: =IF(S46>70,"ALTO","BAJO") -> ALTO | Z46: =P46-'FM-029 Depurada16Oct2020'!Q46 -> -1720638 | AA46: =#REF!-'FM-029 Depurada 4Nov2020'!E46 -> #REF!
B47: 38 | C47: DESINFECTANTE SUELOS Y SUPERFICIES. DESINFECTANTE CON ACCION MICROBIANA CONTRA: Mohos, Levaduras, Bacterias y Virus. | D47: GALON y/o LITRO | E47: 10 | F47: 45000 | H47: =1.19*40336 -> 47999.84 | N47: =COUNT(F47:M47) -> 2 | O47: =ROUND(AVERAGE(F47:M47),2) -> 46499.92 | P47: =ROUND(+O47*E47,2) -> 464999.2 | Q47: =STDEVP(F47:L47) -> 1499.92 | R47: =Q47/O47*100 -> 3.22564 | S47: =100-R47 -> 96.77436 | T47: =IF(S47>70,"ALTO","BAJO") -> ALTO | Z47: =P47-'FM-029 Depurada16Oct2020'!Q47 -> -465000.8 | AA47: =#REF!-'FM-029 Depurada 4Nov2020'!E47 -> #REF!
B48: 39 | C48: ATOMIZADOR PLASTICO 500 Centímetros cúbicos | D48: UND | E48: 50 | F48: 8000 | H48: =1.19*3850 -> 4581.5 | I48: 4621.8487 | N48: =COUNT(F48:M48) -> 3 | O48: =ROUND(AVERAGE(F48:M48),2) -> 5734.45 | P48: =ROUND(+O48*E48,2) -> 286722.5 | Q48: =STDEVP(F48:L48) -> 1602.0708 | R48: =Q48/O48*100 -> 27.937653 | S48: =100-R48 -> 72.062347 | T48: =IF(S48>70,"ALTO","BAJO") -> ALTO | Z48: =P48-'FM-029 Depurada16Oct2020'!Q48 -> 56672.5 | AA48: =#REF!-'FM-029 Depurada 4Nov2020'!E48 -> #REF!
B49: 40 | C49: Alcohol Glicerinado 70% elimina el 99% de los gérmenes, virus y bacterias, frasco 300ml a 1000ml | D49: UND Frasco de 1000ml | E49: 100 | F49: 28000 | I49: 17350 | N49: =COUNT(F49:M49) -> 2 | O49: =ROUND(AVERAGE(F49:M49),2) -> 22675 | P49: =ROUND(+O49*E49,2) -> 2267500 | Q49: =STDEVP(F49:L49) -> 5325 | R49: =Q49/O49*100 -> 23.484013 | S49: =100-R49 -> 76.515987 | T49: =IF(S49>70,"ALTO","BAJO") -> ALTO | Z49: =P49-'FM-029 Depurada16Oct2020'!Q49 -> -2249700 | AA49: =#REF!-'FM-029 Depurada 4Nov2020'!E49 -> #REF!
B50: 41 | C50: Toallas Desechables | D50: PAQUETE | E50: 50 | F50: 34000 | I50: 28000 | J50: 8749 | N50: =COUNT(F50:M50) -> 3 | O50: =ROUND(AVERAGE(F50:M50),2) -> 23583 | P50: =ROUND(+O50*E50,2) -> 1179150 | Q50: =STDEVP(F50:I50) -> 3000 | R50: =Q50/O50*100 -> 12.721028 | S50: =100-R50 -> 87.278972 | T50: =IF(S50>70,"ALTO","BAJO") -> ALTO | Z50: =P50-'FM-029 Depurada16Oct2020'!Q50 -> 519390 | AA50: =#REF!-'FM-029 Depurada 4Nov2020'!E50 -> #REF!
N51: Total | P51: =SUM(P10:P50) -> 74043039 | Z51: =P51-'FM-029 Depurada16Oct2020'!Q51 -> -13087.15 | AA51: =#REF!-'FM-029 Depurada 4Nov2020'!E51 -> #REF!
B53: NOTA: En caso que el valor unitario se encuentra en dólares, la tasa de cambio (TRM) a aplicar será la vigente al día en que se realiza la tabulación y el análisis de los datos estadísticos. Para determinar las variaciones anuales de los precios se debe aplicar el Índice de Precios al Consumidor (IPC). Se debe especificar si el bien o servicio sobre el que se realiza el análisis se encuentra gravado con el impuesto sobre las ventas (IVA) o por el contrario se encuentra exento de dicho gravamen.
B54: LOS VALORES DE CONTRATOS DE LA UAERMV Y DE OTRAS ENTIDADES ESTAN INDEXADOS A 2020
B55: Proyectó: Angel Jerez - Contratista SG
G58: =1137500*1.19 -> 1353625
J61: 493660571
J62: =SUM(F10:F50) -> 1038000
J63: =J61-J62 -> 492622571
G64: 26950000
C66: AÑO | E66: INFLACION
C67: 2002 | E67: 6.99 | F67: 1.0699
C68: 2003 | E68: 6.49 | F68: 1.0649 | G68: =29999000/1.19 -> 25209244
C69: 2004 | E69: 5.5 | F69: 1.055
C70: 2005 | E70: 4.85 | F70: 1.0485
C71: 2006 | E71: 4.48 | F71: 1.0448
C72: 2007 | E72: 5.69 | F72: 1.0569
C73: 2008 | E73: 7.67 | F73: 1.0767
C74: 2009 | E74: 2 | F74: 1.02
C75: 2010 | E75: 3.17 | F75: 1.0317
C76: 2011 | E76: 3.73 | F76: 1.0373
C77: 2012 | E77: 2.44 | F77: 1.0244
C78: 2013 | E78: 1.94 | F78: 1.0194
C79: 2014 | E79: 3.66 | F79: 1.0366
C80: 2015 | E80: 6.77 | F80: 1.0677
... C83: 2018 | E83: 3.18 | F83: 1.0318
C84: 2019 | E84: 0.038
C85: 2020 | E85: 1,12%

Sheet FM-029 Depurada16Oct2020
D2: FORMATO CUADRO DE TABULACIÓN Y ANÁLISIS DE DATOS ESTADÍSTICOS - ESTUDIO DE SECTOR
D3: CÓDIGO: GCON-FM-029 | M3: VERSIÓN: 2
D4: FECHA DE APLICACIÓN: JULIO DE 2019
B6: TABULACIÓN DEPURADA COTIZACIONES Y CONTRATACIONES SIMILARES EN LA UAERMV Y/O DE OTRAS ENTIDADES PARA EL ESTUDIO DE SECTOR | F6: COTIZACIONES GESTIONADAS PARA EL ESTUDIO DE SECTOR | J6: CONTRATACIONES OTRAS ENTIDADES | M6: CONTRATACIONES SIMILARES EN LA UMV | N6: CONTRATACIONES SIMILARES EN LA UMV | O6: ADQUISICIÓN DE ELEMENTOS DE PROTECCIÓN PERSONAL Y ELEMENTOS DE PROTECCIÓN CONTRA CAÍDAS
F8: SAISO SAS | G8: TECHNICAL SOLUTIONS SAFETY SAS | H8: Agroinsumos LTDA | I8: CENTRAL DE SOLDADURAS Y PROTECCIÓN INDUSTRIAL SA | J8: SDH-SMINC-014-2020 | K8: MC-253-GINRED4-2020 | L8: MC-CUC-CA-037-2020 | M8: 2019 | N8: 2019
B9: ITEM | C9: DESCRIPCIÓN | D9: UND | E9: Cant. | F9: VALOR PRESUPUESTADO | J9: VALOR UNITARIO SIN IVA A PRECIO 2020 | O9: MUESTRA | P9: VALOR PROMEDIO UNITARIO | Q9: VALOR PROMEDIO TOTAL | R9: DESVIACION ESTANDAR | S9: COEF VARIACION | T9: MARGEN DE CONFIABILIDAD | U9: NIVEL DE CONFIABILIDAD DE LOS DATOS
B10: 1 | C10: Casco dieléctrico de seguridad color gris. Casco de seguridad, con banda de sudor reemplazable, suspensión de 4 puntos, en banda de hilo, tipo rachet, con ajuste de altura, Sistema universal de ensamble para protectores auditivos tipo copa, alta resistencia, fabricado en Polímero de alto impacto, con 3 y/o 4 puntos de sujeción para barbuquejo en reata no elástico. | D10: UND | E10: 40 | G10: 20400 | H10: =1.19*14252 -> 16959.88 | I10: 18907.563 | K10: 16363 | L10: 27500 | M10: 28661 | N10: =M10*(1+($E$84+$E$85)) -> 30071.121 | O10: =COUNT(F10:N10) -> 7 | P10: 22694 | Q10: 907760 | R10: =STDEVP(G10:N10) -> 5420.673 | S10: =R10/P10*100 -> 23.88593 | T10: =100-S10 -> 76.11407 | U10: =IF(T10>70,"ALTO","BAJO") -> ALTO | AA10: ='FM-029 Sin depurar'!P10-'FM-029 Depurada16Oct2020'!P10 -> 1288.82
B11: 2 | C11: Casco dieléctrico de seguridad color blanco. Casco de seguridad, con banda de sudor reemplazable, suspensión de 4 puntos, en banda de hilo, tipo rachet, con ajuste de altura, Sistema universal de ensamble para protectores auditivos tipo copa, alta resistencia, fabricado en Polímero de alto impacto, con 3 y/o 4 puntos de sujeción para barbuquejo en reata no elástico. | D11: UND | E11: 10 | G11: 20400 | H11: =1.19*14252 -> 16959.88 | I11: 18907.563 | K11: 16363 | L11: 25000 | O11: =COUNT(F11:N11) -> 5 | P11: 19526 | Q11: 195260 | R11: =STDEVP(F11:M11) -> 3088.7071 | S11: =R11/P11*100 -> 15.818432 | T11: =100-S11 -> 84.181568 | U11: =IF(T11>70,"ALTO","BAJO") -> ALTO | AA11: ='FM-029 Sin depurar'!P11-'FM-029 Depurada16Oct2020'!P11 -> 3745.74
B12: 3 | C12: Casco dieléctrico de seguridad color azul. Casco de seguridad, con banda de sudor reemplazable, suspensión de 4 puntos, en banda de hilo, tipo rachet, con ajuste de altura, Sistema universal de ensamble para protectores auditivos tipo copa, alta resistencia, fabricado en Polímero de alto impacto, con 3 y/o 4 puntos de sujeción para barbuquejo en reata no elástico. | D12: UND | E12: 5 | G12: 20400 | H12: =1.19*14252 -> 16959.88 | I12: 18907.563 | K12: 16363 | O12: =COUNT(F12:N12) -> 4 | P12: 18157 | Q12: 90785 | R12: =STDEVP(G12:K12) -> 1600.4628 | S12: =R12/P12*100 -> 8.8145773 | T12: =100-S12 -> 91.185423 | U12: =IF(T12>70,"ALTO","BAJO") -> ALTO | AA12: ='FM-029 Sin depurar'!P12-'FM-029 Depurada16Oct2020'!P12 -> 2969.09
B13: 4 | C13: Gafas de Seguridad Lente Claro. Gafas de seguridad con lente espejado, compuesto por unas lentes sin montura y unas patillas con longitud fija. Con protecciones laterales y sistema de difusión de la presión a través de la patilla. Con almohadillas ajustables en el puente nasal y con recubrimiento antideslizante en la cara interna de la patilla. Excelente ajuste y buen campo de visión. Antirayadura y antiempañante. | D13: UND | E13: 100 | G13: 7480 | H13: =1.19*5310 -> 6318.9 | I13: 5600 | K13: 6395 | M13: 10468 | O13: =COUNT(F13:N13) -> 5 | P13: 7252 | Q13: 725200 | R13: =STDEVP(G13:K13) -> 671.49142 | S13: =R13/P13*100 -> 9.2593963 | T13: =100-S13 -> 90.740604 | U13: =IF(T13>70,"ALTO","BAJO") -> ALTO | AA13: ='FM-029 Sin depurar'!P13-'FM-029 Depurada16Oct2020'!P13 -> 1137.99
B14: 5 | C14: Gafas de Seguridad Lente Oscuro. Recubrimiento duro anti-rayaduras, antiestático y tratamiento antiempañante. Fabricados con materiales hipoalergénicos, lavables y reutilizables. Cuenta con cordón para colgar los lentes alrededor del cuello cuando no están en uso Cumplen los requerimientos de protección contra alto impacto y educación de la norma ANSI Z87.1: 2003. Protección contra radiaciones UV en un 99.9%. Lentes fabricados completamente con policarbonato de alto impacto. | D14: UND | E14: 150 | G14: 5440 | H14: =1.19*6300 -> 7497 | I14: 6500 | K14: 6422 | O14: =COUNT(F14:N14) -> 4 | P14: 6465 | Q14: 969750 | R14: =STDEVP(G14:K14) -> 727.79165 | S14: =R14/P14*100 -> 11.257411 | T14: =100-S14 -> 88.742589 | U14: =IF(T14>70,"ALTO","BAJO") -> ALTO | AA14: ='FM-029 Sin depurar'!P14-'FM-029 Depurada16Oct2020'!P14 -> 1706.8
B15: 6 | C15: Gafas de seguridad lente claro adaptable para colocar sobre gafas formuladas. Gafas de seguridad para utilizar sobre lentes formulados, material policarbonato con patillas de nylon para un mayor confort. Cubrimiento lateral para mayor visibilidad, protección de rayos U.V. | D15: UND | E15: 20 | H15: =1.19*7600 -> 9044 | I15: 10500 | K15: 10342 | M15: 11069 | N15: 11069 | O15: =COUNT(F15:N15) -> 5 | P15: 10404 | Q15: 208080 | R15: =STDEVP(H15:N15) -> 741.22963 | S15: =R15/P15*100 -> 7.1244678 | T15: =100-S15 -> 92.875532 | U15: =IF(T15>70,"ALTO","BAJO") -> ALTO | AA15: ='FM-029 Sin depurar'!P15-'FM-029 Depurada16Oct2020'!P15 -> 7814.71
B16: 7 | C16: Careta para esmerilar. Fabricada en polímero de alta resistencia a la humedad, al calor y al impacto de partículas. Liviano e indeformable, visor transparente resistente al choque de partículas a gran velocidad. | D16: UND | E16: 10 | G16: 24500 | H16: =1.19*25900 -> 30821 | I16: 28000 | M16: 33297 | N16: 33297 | O16: =COUNT(F16:N16) -> 5 | P16: 29983 | Q16: 299830 | R16: =STDEVP(G16:N16) -> 3366.3931 | S16: =R16/P16*100 -> 11.227673 | T16: =100-S16 -> 88.772327 | U16: =IF(T16>70,"ALTO","BAJO") -> ALTO | AA16: ='FM-029 Sin depurar'!P16-'FM-029 Depurada16Oct2020'!P16 -> 9169.5
B17: 8 | C17: Respirador libre de Mantenimiento N95 con válvula NO PLEGABLE. Fabricado con un Medio Filtrante Electrostático Avanzado, novedoso sistema de retención de partículas que permite mayor eficiencia del filtro con menor caída de presión con válvula de exhalación (válvula de aire fresco) que ofrece mayor comodidad y frescura al usuario. Brinda una efectiva, confortable e higiénica protección respiratoria contra aerosoles sólidos y ciertos líquidos sin aceite. | D17: UND | E17: 750 | H17: =1.19*12000 -> 14280 | I17: 14300 | M17: 6412 | O17: =COUNT(F17:N17) -> 3 | P17: 11664 | Q17: 8748000 | R17: =STDEVP(H17:I17) -> 10 | S17: =R17/P17*100 -> 0.085733882 | T17: =100-S17 -> 99.914266 | U17: =IF(T17>70,"ALTO","BAJO") -> ALTO | AA17: ='FM-029 Sin depurar'!P17-'FM-029 Depurada16Oct2020'!P17 -> 7216.8
B18: 9 | C18: Respirador libre de Mantenimiento N95 con válvula PLEGABLE Fabricado con un Medio Filtrante Electrostático Avanzado, novedoso sistema de retención de partículas que permite mayor eficiencia del filtro con menor caída de presión con válvula de exhalación (válvula de aire fresco) que ofrece mayor comodidad y frescura al usuario. Brinda una efectiva, confortable e higiénica protección respiratoria contra aerosoles sólidos y ciertos líquidos sin aceite. | D18: UND | E18: 750 | H18: =1.19*12000 -> 14280 | I18: 14300 | M18: 6412 | O18: =COUNT(F18:N18) -> 3 | P18: 11664 | Q18: 8748000 | R18: =STDEVP(H18:I18) -> 10 | S18: =R18/P18*100 -> 0.085733882 | T18: =100-S18 -> 99.914266 | U18: =IF(T18>70,"ALTO","BAJO") -> ALTO | AA18: ='FM-029 Sin depurar'!P18-'FM-029 Depurada16Oct2020'!P18 -> 7216.8
B19: 10 | C19: Mascarilla P95 Vapores Orgánicos con Válvula. Mascarillas P95 Vapores Orgánicos con Válvula para la protección de las personas contra riesgos respiratorios como polvos, neblinas, humos, vapores orgánicos y todo tipo de aerosoles. Con efectividad de filtro contra material particulado, bandas elásticas resistentes, espuma suave y banda metálica para mayor comodidad y mejor sellado en la nariz. | D19: UND | E19: 550 | H19: =1.19*12000 -> 14280 | I19: 14500 | M19: 16277 | N19: 16277 | O19: =COUNT(F19:N19) -> 4 | P19: 15334 | Q19: 8433700 | R19: =STDEVP(H19:N19) -> 946.70072 | S19: =R19/P19*100 -> 6.1738667 | T19: =100-S19 -> 93.826133 | U19: =IF(T19>70,"ALTO","BAJO") -> ALTO | AA19: ='FM-029 Sin depurar'!P19-'FM-029 Depurada16Oct2020'!P19 -> 3332.8
B20: 11 | C20: Mascara Full Face. Pieza facial cara completa con visor, para colocar doble cartucho (ofrece la posibilidad de ser utilizada con filtros y cartuchos reemplazables para protección contra ciertos gases, vapores y material particulado). Fabricada en elastómero, visor de policarbonato | D20: UND | E20: 2 | G20: 479000 | H20: =1.19*430000 -> 511700 | I20: 378151.26 | M20: 397253 | N20: 397253 | O20: =COUNT(F20:N20) -> 5 | P20: 432671 | Q20: 865342 | R20: =STDEVP(G20:N20) -> 52674.91 | S20: =R20/P20*100 -> 12.174356 | T20: =100-S20 -> 87.825644 | U20: =IF(T20>70,"ALTO","BAJO") -> ALTO | AA20: ='FM-029 Sin depurar'!P20-'FM-029 Depurada16Oct2020'!P20 -> -50111.46
B21: 12 | C21: Mascara Media Cara. Pieza facial media cara diseño anatómico y ajuste hermético, permite el uso de monogafas, para colocar doble cartucho (ofrece la posibilidad de ser utilizada con filtros y cartuchos reemplazables para protección contra ciertos gases, vapores y material particulado) fabricada en material siliconado. | D21: UND | E21: 8 | G21: 53000 | H21: =1.19*41430 -> 49301.7 | I21: 47058.824 | K21: 52182 | M21: 63431 | N21: 63431 | O21: =COUNT(F21:N21) -> 6 | P21: 54733 | Q21: 437864 | R21: =STDEVP(F21:N21) -> 6444.8079 | S21: =R21/P21*100 -> 11.774995 | T21: =100-S21 -> 88.225005 | U21: =IF(T21>70,"ALTO","BAJO") -> ALTO | AA21: ='FM-029 Sin depurar'!P21-'FM-029 Depurada16Oct2020'!P21 -> 8181.93
B22: 13 | C22: Cartuchos para vapores orgánicos y gases ácidos. Compatibles para instalar en mascara FULL FACE o Media Cara, protección para vapores orgánicos (exposición a solventes orgánicos, gases ácidos, humos metálicos, formaldehido, entre otros. Compatibles para adaptar filtros para material particulado, partículas aceitosas. | D22: PAR | E22: 30 | F22: 54000 | G22: 48500 | M22: 60163 | N22: 60163 | O22: =COUNT(F22:N22) -> 4 | P22: 55706 | Q22: 1671180 | R22: =STDEVP(F22:N22) -> 4862.2672 | S22: =R22/P22*100 -> 8.7284443 | T22: =100-S22 -> 91.271556 | U22: =IF(T22>70,"ALTO","BAJO") -> ALTO | AA22: ='FM-029 Sin depurar'!P22-'FM-029 Depurada16Oct2020'!P22 -> -5590.18
B23: 14 | C23: Prefiltros para material particulado adaptables a cartuchos. Compatibles para instalar sobre cartuchos con adaptador. Es fabricado con un Medio Filtrante Electrostático Avanzado, novedoso sistema de retención de partículas que permite mayor eficiencia del filtro con menor caída de presión. | D23: PAR | E23: 30 | G23: 9220 | H23: =1.19*12760 -> 15184.4 | I23: 10756.303 | M23: 33505 | O23: =COUNT(F23:N23) -> 4 | P23: 17166 | Q23: 514980 | R23: =STDEVP(G23:I23) -> 2528.5556 | S23: =R23/P23*100 -> 14.730022 | T23: =100-S23 -> 85.269978 | U23: =IF(T23>70,"ALTO","BAJO") -> ALTO | AA23: ='FM-029 Sin depurar'!P23-'FM-029 Depurada16Oct2020'!P23 -> 5862.45
B24: 15 | C24: Filtro para Soldadura (material particulado y humos metálicos). P100, filtro para material particulado y partículas de vapor orgánico y humos metálicos. Uso con respiradores reutilizables (cartuchos adaptables a mascara Full Face y Media Cara) | D24: PAR | E24: 30 | G24: 39750 | H24: =1.19*32040 -> 38127.6 | I24: 36134.454 | M24: 36563 | N24: 36563 | O24: =COUNT(F24:N24) -> 5 | P24: 37427 | Q24: 1122810 | R24: =STDEVP(F24:N24) -> 1345.4245 | S24: =R24/P24*100 -> 3.5947965 | T24: =100-S24 -> 96.405204 | U24: =IF(T24>70,"ALTO","BAJO") -> ALTO | AA24: ='FM-029 Sin depurar'!P24-'FM-029 Depurada16Oct2020'!P24 -> 7762.68
B25: 16 | C25: Adaptador para instalar filtros sobre cartuchos. Pieza plástica que sirve para sostener y acoplar los filtros de material particulado sobre los cartuchos. Compatibilidad en los diseños y ajuste en los cartuchos | D25: PAR | E25: 30 | G25: 15200 | H25: =1.19*11220 -> 13351.8 | I25: 18907.563 | M25: 24828 | N25: 24828 | O25: =COUNT(F25:N25) -> 5 | P25: 19423 | Q25: 582690 | R25: =STDEVP(F25:N25) -> 4762.0778 | S25: =R25/P25*100 -> 24.517725 | T25: =100-S25 -> 75.482275 | U25: =IF(T25>70,"ALTO","BAJO") -> ALTO | AA25: ='FM-029 Sin depurar'!P25-'FM-029 Depurada16Oct2020'!P25 -> 13262.89
B26: 17 | C26: Protector auditivo de inserción. Fabricados en silicona o elastómero termoplástico hipoalergénico, lavables y reutilizables. NRR = 25 dB. Cordón de poliéster rompible trenzado, con estuche individual. | D26: UND | E26: 100 | G26: 1820 | H26: =1.19*1513 -> 1800.47 | I26: 1575.6303 | M26: 2848 | N26: 2848 | O26: =COUNT(F26:N26) -> 5 | P26: 2178 | Q26: 217800 | R26: =STDEVP(F26:N26) -> 553.41509 | S26: =R26/P26*100 -> 25.409325 | T26: =100-S26 -> 74.590675 | U26: =IF(T26>70,"ALTO","BAJO") -> ALTO | AA26: ='FM-029 Sin depurar'!P26-'FM-029 Depurada16Oct2020'!P26 -> -195.98
B27: 18 | C27: Protector auditivo de inserción desechable tipo espuma. Fabricados en espuma moldeable; por su estructura suave y redondeada se adapta fácilmente en conductos auditivos, grandes o pequeños. Reducción de Ruido (NRR) | D27: CAJA X 200 UND | E27: 8 | G27: 90500 | H27: =1.19*77520 -> 92248.8 | I27: 84033.613 | O27: =COUNT(F27:N27) -> 3 | P27: 88926 | Q27: 711408 | R27: =STDEVP(G27:I27) -> 3533.3608 | S27: =R27/P27*100 -> 3.973372 | T27: =100-S27 -> 96.026628 | U27: =IF(T27>70,"ALTO","BAJO") -> ALTO | AA27: ='FM-029 Sin depurar'!P27-'FM-029 Depurada16Oct2020'!P27 -> -35117.72
B28: 19 | C28: Protector Auditivo tipo Copa. Diadema y orejeras acolchadas para mayor comodidad del usuario, incluso en largas jornadas de trabajo. Diadema graduable para mejor ajuste. Diadema rota para permitir su uso con casco. Atenuación global del protector; 25 dB, atenuación a altas frecuencias; 28 dB, atenuación a frecuencias medias; 22 dB, atenuación a bajas frecuencias; 15 28 dB. | D28: UND | E28: 20 | H28: =1.19*14880 -> 17707.2 | I28: 17226.891 | M28: 34771 | O28: =COUNT(F28:N28) -> 3 | P28: 23235 | Q28: 464700 | R28: =STDEVP(H28:I28) -> 240.15462 | S28: =R28/P28*100 -> 1.0335899 | T28: =100-S28 -> 98.96641 | U28: =IF(T28>70,"ALTO","BAJO") -> ALTO | AA28: ='FM-029 Sin depurar'!P28-'FM-029 Depurada16Oct2020'!P28 -> 16060.22
B29: 20 | C29: Guante de vaqueta corto. Fabricado en 100% cuero (vaqueta), cosido en hilo de alta resistencia debe proporcionar la comodidad de un guante tejido, sin sacrificar la flexibilidad y la destreza. | D29: PAR | E29: 200 | G29: 6950 | H29: =1.19*5426 -> 6456.94 | I29: 5630.2521 | L29: 5000 | M29: 10785 | O29: =COUNT(F29:N29) -> 5 | P29: 6964 | Q29: 1392800 | R29: =STDEVP(F29:N29) -> 2024.5259 | S29: =R29/P29*100 -> 29.071308 | T29: =100-S29 -> 70.928692 | U29: =IF(T29>70,"ALTO","BAJO") -> ALTO | AA29: ='FM-029 Sin depurar'!P29-'FM-029 Depurada16Oct2020'!P29 -> 2551.31
B30: 21 | C30: Guante vaqueta largo. Fabricado en 100% cuero (vaqueta), debe proporcionar la comodidad de un guante tejido, sin sacrificar la flexibilidad y la destreza, manga larga para protección adicional en muñeca y parte del antebrazo. | D30: PAR | E30: 150 | F30: 19000 | H30: =1.19*8561 -> 10187.59 | I30: 8907.563 | K30: 13454 | M30: 18231 | N30: 18231 | O30: =COUNT(F30:N30) -> 6 | P30: 14669 | Q30: 2200350 | R30: =STDEVP(F30:N30) -> 4059.6934 | S30: =R30/P30*100 -> 27.675325 | T30: =100-S30 -> 72.324675 | U30: =IF(T30>70,"ALTO","BAJO") -> ALTO | AA30: ='FM-029 Sin depurar'!P30-'FM-029 Depurada16Oct2020'!P30 -> -1060.26
B31: 22 | C31: Guante de nitrilo para Sustancias Químicas (Verde Largo). Fabricado en nitrilo (material sintético, bastante resistente a la mayoría de los productos químicos) hipoalergénicos. Forro interno en algodón para mayor frescura; texturizados en la punta de los dedos y en la palma para brindar mayor agarre. Longitud= 18 Pulgadas (45.7 cm) Espesor= 22mil (0.55mm). | D31: PAR | E31: 108 | F31: 32000 | G31: 18020 | H31: 19117 | I31: 18907.563 | M31: 20583 | N31: 20583 | O31: =COUNT(F31:N31) -> 6 | P31: 21534 | Q31: 2325672 | R31: =STDEVP(F31:N31) -> 4768.5464 | S31: =R31/P31*100 -> 22.144267 | T31: =100-S31 -> 77.855733 | U31: =IF(T31>70,"ALTO","BAJO") -> ALTO | AA31: ='FM-029 Sin depurar'!P31-'FM-029 Depurada16Oct2020'!P31 -> 5853.22
B32: 23 | C32: Guante Poliuretano. Fabricado en Nailon (74%) poliuretano (26%) Provee una capa con buena resistencia a la abrasión y rasgado, protección contra líquidos, agarre en seco y húmedo y durabilidad. El recubrimiento ofrece la misma sensibilidad táctil de un guante delgado, pero con la protección de un guante recubierto. | D32: PARES y/o CAJA X 50 PARES | E32: 300 | G32: 4600 | H32: =1.19*5084 -> 6049.96 | I32: 5147.0588 | J32: 7027 | M32: 7949 | N32: 7949 | O32: =COUNT(F32:N32) -> 6 | P32: 6454 | Q32: 1936200 | R32: =STDEVP(F32:N32) -> 1297.8853 | S32: =R32/P32*100 -> 20.109782 | T32: =100-S32 -> 79.890218 | U32: =IF(T32>70,"ALTO","BAJO") -> ALTO | AA32: ='FM-029 Sin depurar'!P32-'FM-029 Depurada16Oct2020'!P32 -> 1779.25
B33: 24 | C33: Guante de nitrilo azul. Guante de nitrilo desechable de 8 mm de grosor, largo, de bajo Modulo, con puño enrollado, color azul, ambidiestro, ideal para usos generales y de laboratorio. Acabado rugoso para facilitar la manipulación de objetos resbalosos. | D33: PARES y/o CAJA X 50 PARES | E33: 500 | H33: =1.19*1920 -> 2284.8 | I33: 2000 | M33: 32315 | O33: =COUNT(F33:N33) -> 3 | P33: 12200 | Q33: 6100000 | R33: =STDEVP(H33:I33) -> 142.4 | S33: =R33/P33*100 -> 1.1672131 | T33: =100-S33 -> 98.832787 | U33: =IF(T33>70,"ALTO","BAJO") -> ALTO | AA33: ='FM-029 Sin depurar'!P33-'FM-029 Depurada16Oct2020'!P33 -> 4785.8
B34: 25 | C34: Guante para soldador (resistente al calor Kevlar). Fabricado en carnaza, con refuerzos en palmas y dedos costura con hilo doble. Resistentes a la abrasión y a las chispas de soldadura. | D34: PAR | E34: 10 | G34: 22228 | H34: =1.19*12753 -> 15176.07 | I34: 11764.706 | M34: 30299 | O34: =COUNT(F34:N34) -> 4 | P34: 19867 | Q34: 198670 | R34: =STDEVP(G34:I34) -> 4356.9567 | S34: =R34/P34*100 -> 21.930622 | T34: =100-S34 -> 78.069378 | U34: =IF(T34>70,"ALTO","BAJO") -> ALTO | AA34: ='FM-029 Sin depurar'!P34-'FM-029 Depurada16Oct2020'!P34 -> 3594.13
B35: 26 | C35: Guante de hilaza recubiertos en látex. Puño tejido, anatómico, resistencia mecánica, proporciona un agarre fuerte y de máxima destreza. Composición: 40% Hilaza • 60% Látex, Talla única. | D35: PARES y/o CAJA X 50 PARES | E35: 300 | H35: =1.19*4637 -> 5518.03 | I35: 5042.0168 | O35: =COUNT(F35:N35) -> 2 | P35: 5280 | Q35: 1584000 | R35: =STDEVP(F35:N35) -> 238.0066 | S35: =R35/P35*100 -> 4.5077007 | T35: =100-S35 -> 95.492299 | U35: =IF(T35>70,"ALTO","BAJO") -> ALTO | AA35: ='FM-029 Sin depurar'!P35-'FM-029 Depurada16Oct2020'!P35 -> 702.51
B36: 27 | C36: Peto en carnaza. Fabricado en carnaza fuerte, con grosor de 1.4 mm, para ser usado en labores de soldadura. Buena resistencia y flexibilidad, todas las costuras reforzadas. Talla Grande/L o XL, con tiras de sujeción en el cuello y cintura. | D36: UND | E36: 5 | F36: 30000 | G36: 18700 | H36: =1.19*14847 -> 17667.93 | M36: 29735 | N36: 29735 | O36: =COUNT(F36:N36) -> 5 | P36: 25167 | Q36: 125835 | R36: =STDEVP(F36:N36) -> 5712.2548 | S36: =R36/P36*100 -> 22.697401 | T36: =100-S36 -> 77.302599 | U36: =IF(T36>70,"ALTO","BAJO") -> ALTO | AA36: ='FM-029 Sin depurar'!P36-'FM-029 Depurada16Oct2020'!P36 -> -2793.45
B37: 28 | C37: Chaqueta en Vaqueta. Chaqueta fabricada en vaqueta, utilizada en trabajos de soldadura y/o fundición. Es ideal para proteger contra chispas o metales calientes. Color amarillo. Material: Vaqueta de cuero de res (vacuno), curtido al cromo, Hilo: poliéster, Cierres: broches metálicos. | D37: UND | E37: 10 | F37: 73000 | G37: 86666 | H37: =1.19*92974 -> 110639.06 | O37: =COUNT(F37:N37) -> 3 | P37: 90101 | Q37: 901010 | R37: =STDEVP(F37:H37) -> 15556.942 | S37: =R37/P37*100 -> 17.266115 | T37: =100-S37 -> 82.733885 | U37: =IF(T37>70,"ALTO","BAJO") -> ALTO | AA37: ='FM-029 Sin depurar'!P37-'FM-029 Depurada16Oct2020'!P37 -> -7818.85
B38: 29 | C38: Peto plástico color negro. Fabricado en material vinilo con soporte textil en poliéster para evitar desgarre, buenas resistencias físicas, color firme y durable que no se decolora ni se transfieren a otros materiales, calibre 25 (0.58 mm) industrial. Costuras con sistema de electro sellado, impiden filtraciones en las uniones. Talla Grande/L o XL, con tiras de sujeción en el cuello y cintura, hebillas plásticas y graduables para ajuste al cuerpo. | D38: UND | E38: 30 | F38: 13000 | G38: 19500 | H38: =1.19*17780 -> 21158.2 | I38: 25210.084 | J38: 22382 | M38: 27518 | N38: 27518 | O38: =COUNT(F38:N38) -> 7 | P38: 22326 | Q38: 669780 | R38: =STDEVP(F38:N38) -> 4759.3384 | S38: =R38/P38*100 -> 21.31747 | T38: =100-S38 -> 78.68253 | U38: =IF(T38>70,"ALTO","BAJO") -> ALTO | AA38: ='FM-029 Sin depurar'!P38-'FM-029 Depurada16Oct2020'!P38 -> 0.61
B39: 30 | C39: DELANTAL PETO PARA GUADAÑA O MANDIL. Elemento de protección personal que protege tronco del trabajador contra riesgos mecánicos abrasión corte de cuchilla perforación y quemaduras de chispas En carnaza medida 140 cm cuero curtido grosor mínimo aceptado por la norma internacional 1.3 a 1.8 mm son reforzadas además posee cintas para ajuste en cuello y espalda con hebilla metálica hilo algodón trenzado de 4 cabos calibre 40 costuras de 4 a 5 cm correas de 60 cm mínimo de largo por 1.5 cm de ancho. | D39: UND | E39: 2 | F39: 35000 | G39: 34760 | O39: =COUNT(F39:N39) -> 2 | P39: 34878.5 | Q39: 69757 | R39: =STDEVP(F39:I39) -> 120 | S39: =R39/P39*100 -> 0.34405149 | T39: =100-S39 -> 99.655949 | U39: =IF(T39>70,"ALTO","BAJO") -> ALTO | AA39: ='FM-029 Sin depurar'!P39-'FM-029 Depurada16Oct2020'!P39 -> 43574.21
B40: 31 | C40: Canilleras con refuerzo para guadañar . La estructura está compuesta por tiras metálicas en aluminio forradas en telas con refuerzo en nylon correas en nylon con hebillas para sujetas la pierna y el pie, se encuentran también en polietileno de alta resistencia montado en tela de nylon acolchada por tallas para que sean ajustables a la pierna del trabajador. | D40: PAR | E40: 2 | F40: 121000 | H40: =1.19*84405 -> 100441.95 | I40: 57143 | O40: =COUNT(F40:N40) -> 3 | P40: 92859 | Q40: 185718 | R40: =STDEVP(F40:I40) -> 26614.843 | S40: =R40/P40*100 -> 28.661566 | T40: =100-S40 -> 71.338434 | U40: =IF(T40>70,"ALTO","BAJO") -> ALTO | AA40: ='FM-029 Sin depurar'!P40-'FM-029 Depurada16Oct2020'!P40 -> 2.6
B41: 32 | C41: Cubre cara y Cuello. Fabricada en materiales frescos para protección del sol (Jean o Drill). Gorro tipo chavo o tipo pasamontañas que proteja nariz y boca. Talla Grande. | D41: UND | E41: 80 | H41: =1.19*8203 -> 9761.57 | I41: 10819.328 | K41: 12968 | M41: 21926 | O41: =COUNT(F41:N41) -> 4 | P41: 13869 | Q41: 1109520 | R41: =STDEVP(H41:K41) -> 1334.0347 | S41: =R41/P41*100 -> 9.618824 | T41: =100-S41 -> 90.381176 | U41: =IF(T41>70,"ALTO","BAJO") -> ALTO | AA41: ='FM-029 Sin depurar'!P41-'FM-029 Depurada16Oct2020'!P41 -> 8197.82
B42: 33 | C42: Protector o filtro solar FPS 50+. Crema hipoalergénica, resistente a la transpiración. Inhibe la acción de los rayos UVA y UVB mediante la combinación de filtros físicos y químicos, alcanzando un factor de protección solar superior a 50+. | D42: Frasco Mayor o Igual a 100ml. Hasta 150ml. | E42: 150 | G42: 36450 | H42: =1.19*32560 -> 38746.4 | I42: 30420.168 | K42: 44310 | M42: 45649 | N42: 45649 | O42: =COUNT(F42:N42) -> 6 | P42: 40204 | Q42: 6030600 | R42: =STDEVP(F42:N42) -> 5599.0441 | S42: =R42/P42*100 -> 13.926585 | T42: =100-S42 -> 86.073415 | U42: =IF(T42>70,"ALTO","BAJO") -> ALTO | AA42: ='FM-029 Sin depurar'!P42-'FM-029 Depurada16Oct2020'!P42 -> 4542.37
B43: 34 | C43: Gafas para soldadura autógena. El casquete de los lentes debe ser fabricado en material termoplástico. Cinta con elasticidad del 180% y el diseño ergonómico en las copas deben permitir un adecuado ajuste, los aros o soporte deben permitir el fácil recambio de los lentes. Los lentes deben absorber rayos lumínicos, infrarrojos y ultravioleta y controlan la trasmisión visible de la luz, para permitir distinguir los detalles del trabajo que se está realizando. | D43: UND | E43: 5 | H43: 34361 | I43: 9139 | M43: 65757 | N43: 65757 | O43: =COUNT(F43:N43) -> 4 | P43: 43753 | Q43: 218765 | R43: =STDEVP(H43:N43) -> 23741.792 | S43: =R43/P43*100 -> 54.263232 | T43: =100-S43 -> 45.736768 | U43: =IF(T43>70,"ALTO","BAJO") -> BAJO | AA43: ='FM-029 Sin depurar'!P43-'FM-029 Depurada16Oct2020'!P43 -> 91849.78
B44: 35 | C44: Repuesto vidrio para gafas de soldadura autógena. Los lentes deben absorber rayos lumínicos, infrarrojos y ultravioleta y controlan la trasmisión visible de la luz, para permitir distinguir los detalles del trabajo que se está realizando. | D44: UND | E44: 10 | F44: 144000 | M44: 25780 | N44: 25000 | O44: =COUNT(F44:N44) -> 3 | P44: 64926 | Q44: 649260 | R44: =STDEVP(F44:N44) -> 55914.197 | S44: =R44/P44*100 -> 86.119886 | T44: =100-S44 -> 13.880114 | U44: =IF(T44>70,"ALTO","BAJO") -> BAJO | AA44: ='FM-029 Sin depurar'!P44-'FM-029 Depurada16Oct2020'!P44 -> -14985.58
B45: 36 | C45: Equipo portátil con candados, tarjetas y broches. Componentes: • candados de seguridad o de acero • Tarjetas para bloqueo de alta resistencia que se pueden volver a usar y sujetadores de nylon. • Broche de para bloqueo grupal. • Bolsa de cinturón para bloqueo. | D45: Equipo | E45: 4 | F45: 1200000 | H45: =1.19*261500 -> 311185 | I45: 605042 | O45: =COUNT(F45:N45) -> 3 | P45: 705410 | Q45: 2821640 | R45: =STDEVP(F45:I45) -> 369732.5 | S45: =R45/P45*100 -> 52.413844 | T45: =100-S45 -> 47.586156 | U45: =IF(T45>70,"ALTO","BAJO") -> BAJO | AA45: ='FM-029 Sin depurar'!P45-'FM-029 Depurada16Oct2020'!P45 -> -0.99
B46: 37 | C46: TERMOMETRO CORPORAL TIPO LASER. Con registros y garantía de 1 año. | D46: UND | E46: 10 | H46: =1.19*250000 -> 297500 | I46: 290000 | J46: 391262 | K46: 335000 | O46: =COUNT(F46:N46) -> 4 | P46: 328440 | Q46: 3284400 | R46: =STDEVP(H46:K46) -> 40076.659 | S46: =R46/P46*100 -> 12.202125 | T46: =100-S46 -> 87.797875 | U46: =IF(T46>70,"ALTO","BAJO") -> ALTO | AA46: ='FM-029 Sin depurar'!P46-'FM-029 Depurada16Oct2020'!P46 -> -15687.6
B47: 38 | C47: DESINFECTANTE SUELOS Y SUPERFICIES. DESINFECTANTE CON ACCION MICROBIANA CONTRA: Mohos, Levaduras, Bacterias y Virus. | D47: GALON | E47: 20 | F47: 45000 | H47: =1.19*40336 -> 47999.84 | O47: =COUNT(F47:N47) -> 2 | P47: 46500 | Q47: 930000 | R47: =STDEVP(F47:N47) -> 1499.92 | S47: =R47/P47*100 -> 3.2256344 | T47: =100-S47 -> 96.774366 | U47: =IF(T47>70,"ALTO","BAJO") -> ALTO | AA47: ='FM-029 Sin depurar'!P47-'FM-029 Depurada16Oct2020'!P47 -> 16166.61
B48: 39 | C48: ATOMIZADOR PLASTICO 500 Centímetros cúbicos | D48: UND | E48: 50 | H48: =1.19*3850 -> 4581.5 | I48: 4621.8487 | O48: =COUNT(F48:N48) -> 2 | P48: 4601 | Q48: 230050 | R48: =STDEVP(F48:N48) -> 20.17437 | S48: =R48/P48*100 -> 0.43847793 | T48: =100-S48 -> 99.561522 | U48: =IF(T48>70,"ALTO","BAJO") -> ALTO | AA48: ='FM-029 Sin depurar'!P48-'FM-029 Depurada16Oct2020'!P48 -> -4601
B49: 40 | C49: Alcohol Glicerinado 70% elimina el 99% de los gérmenes, virus y bacterias, frasco 300ml a 1000ml | D49: UND Frasco de 1000ml | E49: 400 | H49: 5236 | I49: 17350 | O49: =COUNT(F49:N49) -> 2 | P49: 11293 | Q49: 4517200 | R49: =STDEVP(H49:I49) -> 6057 | S49: =R49/P49*100 -> 53.634995 | T49: =100-S49 -> 46.365005 | U49: =IF(T49>70,"ALTO","BAJO") -> BAJO | AA49: ='FM-029 Sin depurar'!P49-'FM-029 Depurada16Oct2020'!P49 -> -11293
B50: 41 | C50: Toallas Desechables x 150 unidades | D50: PAQUETE | E50: 80 | H50: 7746 | J50: 8749 | O50: =COUNT(F50:N50) -> 2 | P50: 8247 | Q50: 659760 | R50: =STDEVP(H50:J50) -> 501.5 | S50: =R50/P50*100 -> 6.0809992 | T50: =100-S50 -> 93.919001 | U50: =IF(T50>70,"ALTO","BAJO") -> ALTO | AA50: ='FM-029 Sin depurar'!P50-'FM-029 Depurada16Oct2020'!P50 -> 500457.97
O51: Total | Q51: =SUM(Q10:Q50) -> 74056126
B53: NOTA: En caso que el valor unitario se encuentra en dólares, la tasa de cambio (TRM) a aplicar será la vigente al día en que se realiza la tabulación y el análisis de los datos estadísticos. Para determinar las variaciones anuales de los precios se debe aplicar el Índice de Precios al Consumidor (IPC). Se debe especificar si el bien o servicio sobre el que se realiza el análisis se encuentra gravado con el impuesto sobre las ventas (IVA) o por el contrario se encuentra exento de dicho gravamen.
B54: LOS VALORES DE CONTRATOS DE LA UAERMV Y DE OTRAS ENTIDADES ESTAN INDEXADOS A 2020
B55: Proyectó: Angel Jerez - Contratista SG
G58: =1137500*1.19 -> 1353625
J61: 493660571
J62: =SUM(F10:F50) -> 1766000
J63: =J61-J62 -> 491894571
G64: 26950000
C66: AÑO | E66: INFLACION
C67: 2002 | E67: 6.99 | F67: 1.0699
C68: 2003 | E68: 6.49 | F68: 1.0649 | G68: =29999000/1.19 -> 25209244
C69: 2004 | E69: 5.5 | F69: 1.055
C70: 2005 | E70: 4.85 | F70: 1.0485
C71: 2006 | E71: 4.48 | F71: 1.0448
C72: 2007 | E72: 5.69 | F72: 1.0569
C73: 2008 | E73: 7.67 | F73: 1.0767
C74: 2009 | E74: 2 | F74: 1.02
C75: 2010 | E75: 3.17 | F75: 1.0317
C76: 2011 | E76: 3.73 | F76: 1.0373
C77: 2012 | E77: 2.44 | F77: 1.0244
C78: 2013 | E78: 1.94 | F78: 1.0194
C79: 2014 | E79: 3.66 | F79: 1.0366
C80: 2015 | E80: 6.77 | F80: 1.0677
... C83: 2018 | E83: 3.18 | F83: 1.0318
C84: 2019 | E84: 0.038
C85: 2020 | E85: 1,12%

Sheet FM-029 Depurada18Ago2020
D2: FORMATO CUADRO DE TABULACIÓN Y ANÁLISIS DE DATOS ESTADÍSTICOS - ESTUDIO DE SECTOR
D3: CÓDIGO: GCON-FM-029 | M3: VERSIÓN: 2
D4: FECHA DE APLICACIÓN: JULIO DE 2019
B6: TABULACIÓN DEPURADA COTIZACIONES Y CONTRATACIONES SIMILARES EN LA UAERMV Y/O DE OTRAS ENTIDADES PARA EL ESTUDIO DE SECTOR | F6: COTIZACIONES GESTIONADAS PARA EL ESTUDIO DE SECTOR | J6: CONTRATACIONES OTRAS ENTIDADES | M6: CONTRATACIONES SIMILARES EN LA UMV | N6: CONTRATACIONES SIMILARES EN LA UMV | O6: ADQUISICIÓN DE ELEMENTOS DE PROTECCIÓN PERSONAL Y ELEMENTOS DE PROTECCIÓN CONTRA CAÍDAS
F8: SAISO SAS | G8: TECHNICAL SOLUTIONS SAFETY SAS | H8: Agroinsumos LTDA | I8: CENTRAL DE SOLDADURAS Y PROTECCIÓN INDUSTRIAL SA | J8: SDH-SMINC-014-2020 | K8: MC-253-GINRED4-2020 | L8: MC-CUC-CA-037-2020 | M8: 2019 | N8: 2019
B9: ITEM | C9: DESCRIPCIÓN | D9: UND | E9: Cant. | F9: VALOR PRESUPUESTADO | J9: VALOR UNITARIO SIN IVA A PRECIO 2020 | O9: MUESTRA | P9: VALOR PROMEDIO UNITARIO | Q9: VALOR PROMEDIO TOTAL | R9: DESVIACION ESTANDAR | S9: COEF VARIACION | T9: MARGEN DE CONFIABILIDAD | U9: NIVEL DE CONFIABILIDAD DE LOS DATOS
B10: 1 | C10: Casco dieléctrico de seguridad color gris. Casco de seguridad, con banda de sudor reemplazable, suspensión de 4 puntos, en banda de hilo, tipo rachet, con ajuste de altura, Sistema universal de ensamble para protectores auditivos tipo copa, alta resistencia, fabricado en Polímero de alto impacto, con 3 y/o 4 puntos de sujeción para barbuquejo en reata no elástico. | D10: UND | E10: 40 | G10: 20400 | H10: =1.19*14252 -> 16959.88 | I10: 18907.563 | K10: 16363 | L10: 27500 | M10: 28661 | N10: =M10*(1+($E$84+$E$85)) -> 30071.121 | O10: =COUNT(F10:N10) -> 7 | P10: =ROUND(AVERAGE(F10:N10),2) -> 22694.65 | Q10: =ROUND(+P10*E10,2) -> 907786 | R10: =STDEVP(G10:N10) -> 5420.673 | S10: =R10/P10*100 -> 23.885246 | T10: =100-S10 -> 76.114754 | U10: =IF(T10>70,"ALTO","BAJO") -> ALTO | AA10: ='FM-029 Sin depurar'!P10-'FM-029 Depurada18Ago2020'!P10 -> 1288.17
B11: 2 | C11: Casco dieléctrico de seguridad color blanco. Casco de seguridad, con banda de sudor reemplazable, suspensión de 4 puntos, en banda de hilo, tipo rachet, con ajuste de altura, Sistema universal de ensamble para protectores auditivos tipo copa, alta resistencia, fabricado en Polímero de alto impacto, con 3 y/o 4 puntos de sujeción para barbuquejo en reata no elástico. | D11: UND | E11: 10 | G11: 20400 | H11: =1.19*14252 -> 16959.88 | I11: 18907.563 | K11: 16363 | L11: 25000 | O11: =COUNT(F11:N11) -> 5 | P11: =ROUND(AVERAGE(F11:N11),2) -> 19526.09 | Q11: =ROUND(+P11*E11,2) -> 195260.9 | R11: =STDEVP(F11:M11) -> 3088.7071 | S11: =R11/P11*100 -> 15.818359 | T11: =100-S11 -> 84.181641 | U11: =IF(T11>70,"ALTO","BAJO") -> ALTO | AA11: ='FM-029 Sin depurar'!P11-'FM-029 Depurada18Ago2020'!P11 -> 3745.65
B12: 3 | C12: Casco dieléctrico de seguridad color azul. Casco de seguridad, con banda de sudor reemplazable, suspensión de 4 puntos, en banda de hilo, tipo rachet, con ajuste de altura, Sistema universal de ensamble para protectores auditivos tipo copa, alta resistencia, fabricado en Polímero de alto impacto, con 3 y/o 4 puntos de sujeción para barbuquejo en reata no elástico. | D12: UND | E12: 5 | G12: 20400 | H12: =1.19*14252 -> 16959.88 | I12: 18907.563 | K12: 16363 | O12: =COUNT(F12:N12) -> 4 | P12: =ROUND(AVERAGE(F12:N12),2) -> 18157.61 | Q12: =ROUND(+P12*E12,2) -> 90788.05 | R12: =STDEVP(G12:K12) -> 1600.4628 | S12: =R12/P12*100 -> 8.8142812 | T12: =100-S12 -> 91.185719 | U12: =IF(T12>70,"ALTO","BAJO") -> ALTO | AA12: ='FM-029 Sin depurar'!P12-'FM-029 Depurada18Ago2020'!P12 -> 2968.48
B13: 4 | C13: Gafas de Seguridad Lente Claro. Gafas de seguridad con lente espejado, compuesto por unas lentes sin montura y unas patillas con longitud fija. Con protecciones laterales y sistema de difusión de la presión a través de la patilla. Con almohadillas ajustables en el puente nasal y con recubrimiento antideslizante en la cara interna de la patilla. Excelente ajuste y buen campo de visión. Antirayadura y antiempañante. | D13: UND | E13: 100 | G13: 7480 | H13: =1.19*5310 -> 6318.9 | I13: 5600 | K13: 6395 | M13: 10468 | O13: =COUNT(F13:N13) -> 5 | P13: =ROUND(AVERAGE(F13:N13),2) -> 7252.38 | Q13: =ROUND(+P13*E13,2) -> 725238 | R13: =STDEVP(G13:K13) -> 671.49142 | S13: =R13/P13*100 -> 9.2589111 | T13: =100-S13 -> 90.741089 | U13: =IF(T13>70,"ALTO","BAJO") -> ALTO | AA13: ='FM-029 Sin depurar'!P13-'FM-029 Depurada18Ago2020'!P13 -> 1137.61
B14: 5 | C14: Gafas de Seguridad Lente Oscuro. Recubrimiento duro anti-rayaduras, antiestático y tratamiento antiempañante. Fabricados con materiales hipoalergénicos, lavables y reutilizables. Cuenta con cordón para colgar los lentes alrededor del cuello cuando no están en uso Cumplen los requerimientos de protección contra alto impacto y educación de la norma ANSI Z87.1: 2003. Protección contra radiaciones UV en un 99.9%. Lentes fabricados completamente con policarbonato de alto impacto. | D14: UND | E14: 150 | G14: 5440 | H14: =1.19*6300 -> 7497 | I14: 6500 | K14: 6422 | O14: =COUNT(F14:N14) -> 4 | P14: =ROUND(AVERAGE(F14:N14),2) -> 6464.75 | Q14: =ROUND(+P14*E14,2) -> 969712.5 | R14: =STDEVP(G14:K14) -> 727.79165 | S14: =R14/P14*100 -> 11.257847 | T14: =100-S14 -> 88.742153 | U14: =IF(T14>70,"ALTO","BAJO") -> ALTO | AA14: ='FM-029 Sin depurar'!P14-'FM-029 Depurada18Ago2020'!P14 -> 1707.05
B15: 6 | C15: Gafas de seguridad lente claro adaptable para colocar sobre gafas formuladas. Gafas de seguridad para utilizar sobre lentes formulados, material policarbonato con patillas de nylon para un mayor confort. Cubrimiento lateral para mayor visibilidad, protección de rayos U.V. | D15: UND | E15: 20 | H15: =1.19*7600 -> 9044 | I15: 10500 | K15: 10342 | M15: 11069 | N15: 11069 | O15: =COUNT(F15:N15) -> 5 | P15: =ROUND(AVERAGE(F15:N15),2) -> 10404.8 | Q15: =ROUND(+P15*E15,2) -> 208096 | R15: =STDEVP(H15:N15) -> 741.22963 | S15: =R15/P15*100 -> 7.12392 | T15: =100-S15 -> 92.87608 | U15: =IF(T15>70,"ALTO","BAJO") -> ALTO | AA15: ='FM-029 Sin depurar'!P15-'FM-029 Depurada18Ago2020'!P15 -> 7813.91
B16: 7 | C16: Careta para esmerilar. Fabricada en polímero de alta resistencia a la humedad, al calor y al impacto de partículas. Liviano e indeformable, visor transparente resistente al choque de partículas a gran velocidad. | D16: UND | E16: 10 | G16: 24500 | H16: =1.19*25900 -> 30821 | I16: 28000 | M16: 33297 | N16: 33297 | O16: =COUNT(F16:N16) -> 5 | P16: =ROUND(AVERAGE(F16:N16),2) -> 29983 | Q16: =ROUND(+P16*E16,2) -> 299830 | R16: =STDEVP(G16:N16) -> 3366.3931 | S16: =R16/P16*100 -> 11.227673 | T16: =100-S16 -> 88.772327 | U16: =IF(T16>70,"ALTO","BAJO") -> ALTO | AA16: ='FM-029 Sin depurar'!P16-'FM-029 Depurada18Ago2020'!P16 -> 9169.5
B17: 8 | C17: Respirador libre de Mantenimiento N95 con válvula NO PLEGABLE. Fabricado con un Medio Filtrante Electrostático Avanzado, novedoso sistema de retención de partículas que permite mayor eficiencia del filtro con menor caída de presión con válvula de exhalación (válvula de aire fresco) que ofrece mayor comodidad y frescura al usuario. Brinda una efectiva, confortable e higiénica protección respiratoria contra aerosoles sólidos y ciertos líquidos sin aceite. | D17: UND | E17: 750 | H17: =1.19*12000 -> 14280 | I17: 14300 | M17: 6412 | O17: =COUNT(F17:N17) -> 3 | P17: =ROUND(AVERAGE(F17:N17),2) -> 11664 | Q17: =ROUND(+P17*E17,2) -> 8748000 | R17: =STDEVP(H17:I17) -> 10 | S17: =R17/P17*100 -> 0.085733882 | T17: =100-S17 -> 99.914266 | U17: =IF(T17>70,"ALTO","BAJO") -> ALTO | AA17: ='FM-029 Sin depurar'!P17-'FM-029 Depurada18Ago2020'!P17 -> 7216.8
B18: 9 | C18: Respirador libre de Mantenimiento N95 con válvula PLEGABLE Fabricado con un Medio Filtrante Electrostático Avanzado, novedoso sistema de retención de partículas que permite mayor eficiencia del filtro con menor caída de presión con válvula de exhalación (válvula de aire fresco) que ofrece mayor comodidad y frescura al usuario. Brinda una efectiva, confortable e higiénica protección respiratoria contra aerosoles sólidos y ciertos líquidos sin aceite. | D18: UND | E18: 750 | H18: =1.19*12000 -> 14280 | I18: 14300 | M18: 6412 | O18: =COUNT(F18:N18) -> 3 | P18: =ROUND(AVERAGE(F18:N18),2) -> 11664 | Q18: =ROUND(+P18*E18,2) -> 8748000 | R18: =STDEVP(H18:I18) -> 10 | S18: =R18/P18*100 -> 0.085733882 | T18: =100-S18 -> 99.914266 | U18: =IF(T18>70,"ALTO","BAJO") -> ALTO | AA18: ='FM-029 Sin depurar'!P18-'FM-029 Depurada18Ago2020'!P18 -> 7216.8
B19: 10 | C19: Mascarilla P95 Vapores Orgánicos con Válvula. Mascarillas P95 Vapores Orgánicos con Válvula para la protección de las personas contra riesgos respiratorios como polvos, neblinas, humos, vapores orgánicos y todo tipo de aerosoles. Con efectividad de filtro contra material particulado, bandas elásticas resistentes, espuma suave y banda metálica para mayor comodidad y mejor sellado en la nariz. | D19: UND | E19: 550 | H19: =1.19*12000 -> 14280 | I19: 14500 | M19: 16277 | N19: 16277 | O19: =COUNT(F19:N19) -> 4 | P19: =ROUND(AVERAGE(F19:N19),2) -> 15333.5 | Q19: =ROUND(+P19*E19,2) -> 8433425 | R19: =STDEVP(H19:N19) -> 946.70072 | S19: =R19/P19*100 -> 6.174068 | T19: =100-S19 -> 93.825932 | U19: =IF(T19>70,"ALTO","BAJO") -> ALTO | AA19: ='FM-029 Sin depurar'!P19-'FM-029 Depurada18Ago2020'!P19 -> 3333.3
B20: 11 | C20: Mascara Full Face. Pieza facial cara completa con visor, para colocar doble cartucho (ofrece la posibilidad de ser utilizada con filtros y cartuchos reemplazables para protección contra ciertos gases, vapores y material particulado). Fabricada en elastómero, visor de policarbonato | D20: UND | E20: 2 | G20: 479000 | H20: =1.19*430000 -> 511700 | I20: 378151.26 | M20: 397253 | N20: 397253 | O20: =COUNT(F20:N20) -> 5 | P20: =ROUND(AVERAGE(F20:N20),2) -> 432671.45 | Q20: =ROUND(+P20*E20,2) -> 865342.9 | R20: =STDEVP(G20:N20) -> 52674.91 | S20: =R20/P20*100 -> 12.174344 | T20: =100-S20 -> 87.825656 | U20: =IF(T20>70,"ALTO","BAJO") -> ALTO | AA20: ='FM-029 Sin depurar'!P20-'FM-029 Depurada18Ago2020'!P20 -> -50111.91
B21: 12 | C21: Mascara Media Cara. Pieza facial media cara diseño anatómico y ajuste hermético, permite el uso de monogafas, para colocar doble cartucho (ofrece la posibilidad de ser utilizada con filtros y cartuchos reemplazables para protección contra ciertos gases, vapores y material particulado) fabricada en material siliconado. | D21: UND | E21: 8 | G21: 53000 | H21: =1.19*41430 -> 49301.7 | I21: 47058.824 | K21: 52182 | M21: 63431 | N21: 63431 | O21: =COUNT(F21:N21) -> 6 | P21: =ROUND(AVERAGE(F21:N21),2) -> 54734.09 | Q21: =ROUND(+P21*E21,2) -> 437872.72 | R21: =STDEVP(F21:N21) -> 6444.8079 | S21: =R21/P21*100 -> 11.77476 | T21: =100-S21 -> 88.22524 | U21: =IF(T21>70,"ALTO","BAJO") -> ALTO | AA21: ='FM-029 Sin depurar'!P21-'FM-029 Depurada18Ago2020'!P21 -> 8180.84
B22: 13 | C22: Cartuchos para vapores orgánicos y gases ácidos. Compatibles para instalar en mascara FULL FACE o Media Cara, protección para vapores orgánicos (exposición a solventes orgánicos, gases ácidos, humos metálicos, formaldehido, entre otros. Compatibles para adaptar filtros para material particulado, partículas aceitosas. | D22: PAR | E22: 30 | F22: 54000 | G22: 48500 | M22: 60163 | N22: 60163 | O22: =COUNT(F22:N22) -> 4 | P22: =ROUND(AVERAGE(F22:N22),2) -> 55706.5 | Q22: =ROUND(+P22*E22,2) -> 1671195 | R22: =STDEVP(F22:N22) -> 4862.2672 | S22: =R22/P22*100 -> 8.728366 | T22: =100-S22 -> 91.271634 | U22: =IF(T22>70,"ALTO","BAJO") -> ALTO | AA22: ='FM-029 Sin depurar'!P22-'FM-029 Depurada18Ago2020'!P22 -> -5590.68
B23: 14 | C23: Prefiltros para material particulado adaptables a cartuchos. Compatibles para instalar sobre cartuchos con adaptador. Es fabricado con un Medio Filtrante Electrostático Avanzado, novedoso sistema de retención de partículas que permite mayor eficiencia del filtro con menor caída de presión. | D23: PAR | E23: 30 | G23: 9220 | H23: =1.19*12760 -> 15184.4 | I23: 10756.303 | M23: 33505 | O23: =COUNT(F23:N23) -> 4 | P23: =ROUND(AVERAGE(F23:N23),2) -> 17166.43 | Q23: =ROUND(+P23*E23,2) -> 514992.9 | R23: =STDEVP(G23:I23) -> 2528.5556 | S23: =R23/P23*100 -> 14.729653 | T23: =100-S23 -> 85.270347 | U23: =IF(T23>70,"ALTO","BAJO") -> ALTO | AA23: ='FM-029 Sin depurar'!P23-'FM-029 Depurada18Ago2020'!P23 -> 5862.02
B24: 15 | C24: Filtro para Soldadura (material particulado y humos metálicos). P100, filtro para material particulado y partículas de vapor orgánico y humos metálicos. Uso con respiradores reutilizables (cartuchos adaptables a mascara Full Face y Media Cara) | D24: PAR | E24: 30 | G24: 39750 | H24: =1.19*32040 -> 38127.6 | I24: 36134.454 | M24: 36563 | N24: 36563 | O24: =COUNT(F24:N24) -> 5 | P24: =ROUND(AVERAGE(F24:N24),2) -> 37427.61 | Q24: =ROUND(+P24*E24,2) -> 1122828.3 | R24: =STDEVP(F24:N24) -> 1345.4245 | S24: =R24/P24*100 -> 3.5947379 | T24: =100-S24 -> 96.405262 | U24: =IF(T24>70,"ALTO","BAJO") -> ALTO | AA24: ='FM-029 Sin depurar'!P24-'FM-029 Depurada18Ago2020'!P24 -> 7762.07
B25: 16 | C25: Adaptador para instalar filtros sobre cartuchos. Pieza plástica que sirve para sostener y acoplar los filtros de material particulado sobre los cartuchos. Compatibilidad en los diseños y ajuste en los cartuchos | D25: PAR | E25: 30 | G25: 15200 | H25: =1.19*11220 -> 13351.8 | I25: 18907.563 | M25: 24828 | N25: 24828 | O25: =COUNT(F25:N25) -> 5 | P25: =ROUND(AVERAGE(F25:N25),2) -> 19423.07 | Q25: =ROUND(+P25*E25,2) -> 582692.1 | R25: =STDEVP(F25:N25) -> 4762.0778 | S25: =R25/P25*100 -> 24.517637 | T25: =100-S25 -> 75.482363 | U25: =IF(T25>70,"ALTO","BAJO") -> ALTO | AA25: ='FM-029 Sin depurar'!P25-'FM-029 Depurada18Ago2020'!P25 -> 13262.82
B26: 17 | C26: Protector auditivo de inserción. Fabricados en silicona o elastómero termoplástico hipoalergénico, lavables y reutilizables. NRR = 25 dB. Cordón de poliéster rompible trenzado, con estuche individual. | D26: UND | E26: 100 | G26: 1820 | H26: =1.19*1513 -> 1800.47 | I26: 1575.6303 | M26: 2848 | N26: 2848 | O26: =COUNT(F26:N26) -> 5 | P26: =ROUND(AVERAGE(F26:N26),2) -> 2178.42 | Q26: =ROUND(+P26*E26,2) -> 217842 | R26: =STDEVP(F26:N26) -> 553.41509 | S26: =R26/P26*100 -> 25.404426 | T26: =100-S26 -> 74.595574 | U26: =IF(T26>70,"ALTO","BAJO") -> ALTO | AA26: ='FM-029 Sin depurar'!P26-'FM-029 Depurada18Ago2020'!P26 -> -196.4
B27: 18 | C27: Protector auditivo de inserción desechable tipo espuma. Fabricados en espuma moldeable; por su estructura suave y redondeada se adapta fácilmente en conductos auditivos, grandes o pequeños. Reducción de Ruido (NRR) | D27: CAJA X 200 UND | E27: 8 | G27: 90500 | H27: =1.19*77520 -> 92248.8 | I27: 84033.613 | O27: =COUNT(F27:N27) -> 3 | P27: =ROUND(AVERAGE(F27:N27),2) -> 88927.47 | Q27: =ROUND(+P27*E27,2) -> 711419.76 | R27: =STDEVP(G27:I27) -> 3533.3608 | S27: =R27/P27*100 -> 3.9733063 | T27: =100-S27 -> 96.026694 | U27: =IF(T27>70,"ALTO","BAJO") -> ALTO | AA27: ='FM-029 Sin depurar'!P27-'FM-029 Depurada18Ago2020'!P27 -> -35119.19
B28: 19 | C28: Protector Auditivo tipo Copa. Diadema y orejeras acolchadas para mayor comodidad del usuario, incluso en largas jornadas de trabajo. Diadema graduable para mejor ajuste. Diadema rota para permitir su uso con casco. Atenuación global del protector; 25 dB, atenuación a altas frecuencias; 28 dB, atenuación a frecuencias medias; 22 dB, atenuación a bajas frecuencias; 15 28 dB. | D28: UND | E28: 20 | H28: =1.19*14880 -> 17707.2 | I28: 17226.891 | M28: 34771 | O28: =COUNT(F28:N28) -> 3 | P28: =ROUND(AVERAGE(F28:N28),2) -> 23235.03 | Q28: =ROUND(+P28*E28,2) -> 464700.6 | R28: =STDEVP(H28:I28) -> 240.15462 | S28: =R28/P28*100 -> 1.0335886 | T28: =100-S28 -> 98.966411 | U28: =IF(T28>70,"ALTO","BAJO") -> ALTO | AA28: ='FM-029 Sin depurar'!P28-'FM-029 Depurada18Ago2020'!P28 -> 16060.19
B29: 20 | C29: Guante de vaqueta corto. Fabricado en 100% cuero (vaqueta), cosido en hilo de alta resistencia debe proporcionar la comodidad de un guante tejido, sin sacrificar la flexibilidad y la destreza. | D29: PAR | E29: 200 | G29: 6950 | H29: =1.19*5426 -> 6456.94 | I29: 5630.2521 | L29: 5000 | M29: 10785 | O29: =COUNT(F29:N29) -> 5 | P29: =ROUND(AVERAGE(F29:N29),2) -> 6964.44 | Q29: =ROUND(+P29*E29,2) -> 1392888 | R29: =STDEVP(F29:N29) -> 2024.5259 | S29: =R29/P29*100 -> 29.069471 | T29: =100-S29 -> 70.930529 | U29: =IF(T29>70,"ALTO","BAJO") -> ALTO | AA29: ='FM-029 Sin depurar'!P29-'FM-029 Depurada18Ago2020'!P29 -> 2550.87
B30: 21 | C30: Guante vaqueta largo. Fabricado en 100% cuero (vaqueta), debe proporcionar la comodidad de un guante tejido, sin sacrificar la flexibilidad y la destreza, manga larga para protección adicional en muñeca y parte del antebrazo. | D30: PAR | E30: 150 | F30: 19000 | H30: =1.19*8561 -> 10187.59 | I30: 8907.563 | K30: 13454 | M30: 18231 | N30: 18231 | O30: =COUNT(F30:N30) -> 6 | P30: =ROUND(AVERAGE(F30:N30),2) -> 14668.53 | Q30: =ROUND(+P30*E30,2) -> 2200279.5 | R30: =STDEVP(F30:N30) -> 4059.6934 | S30: =R30/P30*100 -> 27.676212 | T30: =100-S30 -> 72.323788 | U30: =IF(T30>70,"ALTO","BAJO") -> ALTO | AA30: ='FM-029 Sin depurar'!P30-'FM-029 Depurada18Ago2020'!P30 -> -1059.79
B31: 22 | C31: Guante de nitrilo para Sustancias Químicas (Verde Largo). Fabricado en nitrilo (material sintético, bastante resistente a la mayoría de los productos químicos) hipoalergénicos. Forro interno en algodón para mayor frescura; texturizados en la punta de los dedos y en la palma para brindar mayor agarre. Longitud= 18 Pulgadas (45.7 cm) Espesor= 22mil (0.55mm). | D31: PAR | E31: 108 | F31: 32000 | G31: 18020 | H31: 19117 | I31: 18907.563 | M31: 20583 | N31: 20583 | O31: =COUNT(F31:N31) -> 6 | P31: =ROUND(AVERAGE(F31:N31),2) -> 21535.09 | Q31: =ROUND(+P31*E31,2) -> 2325789.7 | R31: =STDEVP(F31:N31) -> 4768.5464 | S31: =R31/P31*100 -> 22.143146 | T31: =100-S31 -> 77.856854 | U31: =IF(T31>70,"ALTO","BAJO") -> ALTO | AA31: ='FM-029 Sin depurar'!P31-'FM-029 Depurada18Ago2020'!P31 -> 5852.13
B32: 23 | C32: Guante Poliuretano. Fabricado en Nailon (74%) poliuretano (26%) Provee una capa con buena resistencia a la abrasión y rasgado, protección contra líquidos, agarre en seco y húmedo y durabilidad. El recubrimiento ofrece la misma sensibilidad táctil de un guante delgado, pero con la protección de un guante recubierto. | D32: PARES y/o CAJA X 50 PARES | E32: 300 | G32: 4600 | H32: =1.19*5084 -> 6049.96 | I32: 5147.0588 | J32: 7027 | M32: 7949 | N32: 7949 | O32: =COUNT(F32:N32) -> 6 | P32: =ROUND(AVERAGE(F32:N32),2) -> 6453.67 | Q32: =ROUND(+P32*E32,2) -> 1936101 | R32: =STDEVP(F32:N32) -> 1297.8853 | S32: =R32/P32*100 -> 20.11081 | T32: =100-S32 -> 79.88919 | U32: =IF(T32>70,"ALTO","BAJO") -> ALTO | AA32: ='FM-029 Sin depurar'!P32-'FM-029 Depurada18Ago2020'!P32 -> 1779.58
B33: 24 | C33: Guante de nitrilo azul. Guante de nitrilo desechable de 8 mm de grosor, largo, de bajo Modulo, con puño enrollado, color azul, ambidiestro, ideal para usos generales y de laboratorio. Acabado rugoso para facilitar la manipulación de objetos resbalosos. | D33: PARES y/o CAJA X 50 PARES | E33: 500 | H33: =1.19*1920 -> 2284.8 | I33: 2000 | M33: 32315 | O33: =COUNT(F33:N33) -> 3 | P33: =ROUND(AVERAGE(F33:N33),2) -> 12199.93 | Q33: =ROUND(+P33*E33,2) -> 6099965 | R33: =STDEVP(H33:I33) -> 142.4 | S33: =R33/P33*100 -> 1.1672198 | T33: =100-S33 -> 98.83278 | U33: =IF(T33>70,"ALTO","BAJO") -> ALTO | AA33: ='FM-029 Sin depurar'!P33-'FM-029 Depurada18Ago2020'!P33 -> 4785.87
B34: 25 | C34: Guante para soldador (resistente al calor Kevlar). Fabricado en carnaza, con refuerzos en palmas y dedos costura con hilo doble. Resistentes a la abrasión y a las chispas de soldadura. | D34: PAR | E34: 10 | G34: 22228 | H34: =1.19*12753 -> 15176.07 | I34: 11764.706 | M34: 30299 | O34: =COUNT(F34:N34) -> 4 | P34: =ROUND(AVERAGE(F34:N34),2) -> 19866.94 | Q34: =ROUND(+P34*E34,2) -> 198669.4 | R34: =STDEVP(G34:I34) -> 4356.9567 | S34: =R34/P34*100 -> 21.930688 | T34: =100-S34 -> 78.069312 | U34: =IF(T34>70,"ALTO","BAJO") -> ALTO | AA34: ='FM-029 Sin depurar'!P34-'FM-029 Depurada18Ago2020'!P34 -> 3594.19
B35: 26 | C35: Guante de hilaza recubiertos en látex. Puño tejido, anatómico, resistencia mecánica, proporciona un agarre fuerte y de máxima destreza. Composición: 40% Hilaza • 60% Látex, Talla única. | D35: PARES y/o CAJA X 50 PARES | E35: 300 | H35: =1.19*4637 -> 5518.03 | I35: 5042.0168 | O35: =COUNT(F35:N35) -> 2 | P35: =ROUND(AVERAGE(F35:N35),2) -> 5280.02 | Q35: =ROUND(+P35*E35,2) -> 1584006 | R35: =STDEVP(F35:N35) -> 238.0066 | S35: =R35/P35*100 -> 4.5076836 | T35: =100-S35 -> 95.492316 | U35: =IF(T35>70,"ALTO","BAJO") -> ALTO | AA35: ='FM-029 Sin depurar'!P35-'FM-029 Depurada18Ago2020'!P35 -> 702.49
B36: 27 | C36: Peto en carnaza. Fabricado en carnaza fuerte, con grosor de 1.4 mm, para ser usado en labores de soldadura. Buena resistencia y flexibilidad, todas las costuras reforzadas. Talla Grande/L o XL, con tiras de sujeción en el cuello y cintura. | D36: UND | E36: 5 | F36: 30000 | G36: 18700 | H36: =1.19*14847 -> 17667.93 | M36: 29735 | N36: 29735 | O36: =COUNT(F36:N36) -> 5 | P36: =ROUND(AVERAGE(F36:N36),2) -> 25167.59 | Q36: =ROUND(+P36*E36,2) -> 125837.95 | R36: =STDEVP(F36:N36) -> 5712.2548 | S36: =R36/P36*100 -> 22.696869 | T36: =100-S36 -> 77.303131 | U36: =IF(T36>70,"ALTO","BAJO") -> ALTO | AA36: ='FM-029 Sin depurar'!P36-'FM-029 Depurada18Ago2020'!P36 -> -2794.04
B37: 28 | C37: Chaqueta en Vaqueta. Chaqueta fabricada en vaqueta, utilizada en trabajos de soldadura y/o fundición. Es ideal para proteger contra chispas o metales calientes. Color amarillo. Material: Vaqueta de cuero de res (vacuno), curtido al cromo, Hilo: poliéster, Cierres: broches metálicos. | D37: UND | E37: 10 | F37: 73000 | G37: 86666 | H37: =1.19*92974 -> 110639.06 | O37: =COUNT(F37:N37) -> 3 | P37: =ROUND(AVERAGE(F37:N37),2) -> 90101.69 | Q37: =ROUND(+P37*E37,2) -> 901016.9 | R37: =STDEVP(F37:H37) -> 15556.942 | S37: =R37/P37*100 -> 17.265982 | T37: =100-S37 -> 82.734018 | U37: =IF(T37>70,"ALTO","BAJO") -> ALTO | AA37: ='FM-029 Sin depurar'!P37-'FM-029 Depurada18Ago2020'!P37 -> -7819.54
B38: 29 | C38: Peto plástico color negro. Fabricado en material vinilo con soporte textil en poliéster para evitar desgarre, buenas resistencias físicas, color firme y durable que no se decolora ni se transfieren a otros materiales, calibre 25 (0.58 mm) industrial. Costuras con sistema de electro sellado, impiden filtraciones en las uniones. Talla Grande/L o XL, con tiras de sujeción en el cuello y cintura, hebillas plásticas y graduables para ajuste al cuerpo. | D38: UND | E38: 30 | F38: 13000 | G38: 19500 | H38: =1.19*17780 -> 21158.2 | I38: 25210.084 | J38: 22382 | M38: 27518 | N38: 27518 | O38: =COUNT(F38:N38) -> 7 | P38: =ROUND(AVERAGE(F38:N38),2) -> 22326.61 | Q38: =ROUND(+P38*E38,2) -> 669798.3 | R38: =STDEVP(F38:N38) -> 4759.3384 | S38: =R38/P38*100 -> 21.316888 | T38: =100-S38 -> 78.683112 | U38: =IF(T38>70,"ALTO","BAJO") -> ALTO | AA38: ='FM-029 Sin depurar'!P38-'FM-029 Depurada18Ago2020'!P38 -> 0
B39: 30 | C39: DELANTAL PETO PARA GUADAÑA O MANDIL. Elemento de protección personal que protege tronco del trabajador contra riesgos mecánicos abrasión corte de cuchilla perforación y quemaduras de chispas En carnaza medida 140 cm cuero curtido grosor mínimo aceptado por la norma internacional 1.3 a 1.8 mm son reforzadas además posee cintas para ajuste en cuello y espalda con hebilla metálica hilo algodón trenzado de 4 cabos calibre 40 costuras de 4 a 5 cm correas de 60 cm mínimo de largo por 1.5 cm de ancho. | D39: UND | E39: 2 | F39: 35000 | G39: 34760 | O39: =COUNT(F39:N39) -> 2 | P39: =ROUND(AVERAGE(F39:N39),2) -> 34880 | Q39: =ROUND(+P39*E39,2) -> 69760 | R39: =STDEVP(F39:I39) -> 120 | S39: =R39/P39*100 -> 0.3440367 | T39: =100-S39 -> 99.655963 | U39: =IF(T39>70,"ALTO","BAJO") -> ALTO | AA39: ='FM-029 Sin depurar'!P39-'FM-029 Depurada18Ago2020'!P39 -> 43572.71
B40: 31 | C40: Canilleras con refuerzo para guadañar . La estructura está compuesta por tiras metálicas en aluminio forradas en telas con refuerzo en nylon correas en nylon con hebillas para sujetas la pierna y el pie, se encuentran también en polietileno de alta resistencia montado en tela de nylon acolchada por tallas para que sean ajustables a la pierna del trabajador. | D40: PAR | E40: 2 | F40: 121000 | H40: =1.19*84405 -> 100441.95 | I40: 57143 | O40: =COUNT(F40:N40) -> 3 | P40: =ROUND(AVERAGE(F40:N40),2) -> 92861.65 | Q40: =ROUND(+P40*E40,2) -> 185723.3 | R40: =STDEVP(F40:I40) -> 26614.843 | S40: =R40/P40*100 -> 28.660748 | T40: =100-S40 -> 71.339252 | U40: =IF(T40>70,"ALTO","BAJO") -> ALTO | AA40: ='FM-029 Sin depurar'!P40-'FM-029 Depurada18Ago2020'!P40 -> -0.05
B41: 32 | C41: Cubre cara y Cuello. Fabricada en materiales frescos para protección del sol (Jean o Drill). Gorro tipo chavo o tipo pasamontañas que proteja nariz y boca. Talla Grande. | D41: UND | E41: 80 | H41: =1.19*8203 -> 9761.57 | I41: 10819.328 | K41: 12968 | M41: 21926 | O41: =COUNT(F41:N41) -> 4 | P41: =ROUND(AVERAGE(F41:N41),2) -> 13868.72 | Q41: =ROUND(+P41*E41,2) -> 1109497.6 | R41: =STDEVP(H41:K41) -> 1334.0347 | S41: =R41/P41*100 -> 9.6190182 | T41: =100-S41 -> 90.380982 | U41: =IF(T41>70,"ALTO","BAJO") -> ALTO | AA41: ='FM-029 Sin depurar'!P41-'FM-029 Depurada18Ago2020'!P41 -> 8198.1
B42: 33 | C42: Protector o filtro solar FPS 50+. Crema hipoalergénica, resistente a la transpiración. Inhibe la acción de los rayos UVA y UVB mediante la combinación de filtros físicos y químicos, alcanzando un factor de protección solar superior a 50+. | D42: Frasco Mayor o Igual a 100ml. Hasta 150ml. | E42: 150 | G42: 36450 | H42: =1.19*32560 -> 38746.4 | I42: 30420.168 | K42: 44310 | M42: 45649 | N42: 45649 | O42: =COUNT(F42:N42) -> 6 | P42: =ROUND(AVERAGE(F42:N42),2) -> 40204.09 | Q42: =ROUND(+P42*E42,2) -> 6030613.5 | R42: =STDEVP(F42:N42) -> 5599.0441 | S42: =R42/P42*100 -> 13.926553 | T42: =100-S42 -> 86.073447 | U42: =IF(T42>70,"ALTO","BAJO") -> ALTO | AA42: ='FM-029 Sin depurar'!P42-'FM-029 Depurada18Ago2020'!P42 -> 4542.28
B43: 34 | C43: Gafas para soldadura autógena. El casquete de los lentes debe ser fabricado en material termoplástico. Cinta con elasticidad del 180% y el diseño ergonómico en las copas deben permitir un adecuado ajuste, los aros o soporte deben permitir el fácil recambio de los lentes. Los lentes deben absorber rayos lumínicos, infrarrojos y ultravioleta y controlan la trasmisión visible de la luz, para permitir distinguir los detalles del trabajo que se está realizando. | D43: UND | E43: 5 | H43: 34361 | I43: 9139 | M43: 65757 | N43: 65757 | O43: =COUNT(F43:N43) -> 4 | P43: =ROUND(AVERAGE(F43:N43),2) -> 43753.5 | Q43: =ROUND(+P43*E43,2) -> 218767.5 | R43: =STDEVP(H43:N43) -> 23741.792 | S43: =R43/P43*100 -> 54.262611 | T43: =100-S43 -> 45.737389 | U43: =IF(T43>70,"ALTO","BAJO") -> BAJO | AA43: ='FM-029 Sin depurar'!P43-'FM-029 Depurada18Ago2020'!P43 -> 91849.28
B44: 35 | C44: Repuesto vidrio para gafas de soldadura autógena. Los lentes deben absorber rayos lumínicos, infrarrojos y ultravioleta y controlan la trasmisión visible de la luz, para permitir distinguir los detalles del trabajo que se está realizando. | D44: UND | E44: 10 | F44: 144000 | M44: 25780 | N44: 25000 | O44: =COUNT(F44:N44) -> 3 | P44: =ROUND(AVERAGE(F44:N44),2) -> 64926.67 | Q44: =ROUND(+P44*E44,2) -> 649266.7 | R44: =STDEVP(F44:N44) -> 55914.197 | S44: =R44/P44*100 -> 86.118997 | T44: =100-S44 -> 13.881003 | U44: =IF(T44>70,"ALTO","BAJO") -> BAJO | AA44: ='FM-029 Sin depurar'!P44-'FM-029 Depurada18Ago2020'!P44 -> -14986.25
B45: 36 | C45: Kit portátil con candados, tarjetas y broches. Componentes: • candados de seguridad o de acero • Tarjetas para bloqueo de alta resistencia que se pueden volver a usar y sujetadores de nylon. • Broche de para bloqueo grupal. • Bolsa de cinturón para bloqueo. | D45: KIT | E45: 4 | F45: 1200000 | H45: =1.19*261500 -> 311185 | I45: 605042 | O45: =COUNT(F45:N45) -> 3 | P45: =ROUND(AVERAGE(F45:N45),2) -> 705409 | Q45: =ROUND(+P45*E45,2) -> 2821636 | R45: =STDEVP(F45:I45) -> 369732.5 | S45: =R45/P45*100 -> 52.413918 | T45: =100-S45 -> 47.586082 | U45: =IF(T45>70,"ALTO","BAJO") -> BAJO | AA45: ='FM-029 Sin depurar'!P45-'FM-029 Depurada18Ago2020'!P45 -> 0.01
B46: 37 | C46: TERMOMETRO CORPORAL TIPO LASER. Con registros y garantía de 1 año. | D46: UND | E46: 10 | H46: =1.19*250000 -> 297500 | I46: 290000 | J46: 391262 | K46: 335000 | O46: =COUNT(F46:N46) -> 4 | P46: =ROUND(AVERAGE(F46:N46),2) -> 328440.5 | Q46: =ROUND(+P46*E46,2) -> 3284405 | R46: =STDEVP(H46:K46) -> 40076.659 | S46: =R46/P46*100 -> 12.202106 | T46: =100-S46 -> 87.797894 | U46: =IF(T46>70,"ALTO","BAJO") -> ALTO | AA46: ='FM-029 Sin depurar'!P46-'FM-029 Depurada18Ago2020'!P46 -> -15688.1
B47: 38 | C47: DESINFECTANTE SUELOS Y SUPERFICIES. DESINFECTANTE CON ACCION MICROBIANA CONTRA: Mohos, Levaduras, Bacterias y Virus. | D47: GALON y/o LITRO | E47: 20 | F47: 45000 | H47: =1.19*40336 -> 47999.84 | O47: =COUNT(F47:N47) -> 2 | P47: =ROUND(AVERAGE(F47:N47),2) -> 46499.92 | Q47: =ROUND(+P47*E47,2) -> 929998.4 | R47: =STDEVP(F47:N47) -> 1499.92 | S47: =R47/P47*100 -> 3.22564 | T47: =100-S47 -> 96.77436 | U47: =IF(T47>70,"ALTO","BAJO") -> ALTO | AA47: ='FM-029 Sin depurar'!P47-'FM-029 Depurada18Ago2020'!P47 -> 16166.69
B48: 39 | C48: ATOMIZADOR PLASTICO 500 Centímetros cúbicos | D48: UND | E48: 50 | H48: =1.19*3850 -> 4581.5 | I48: 4621.8487 | O48: =COUNT(F48:N48) -> 2 | P48: =ROUND(AVERAGE(F48:N48),2) -> 4601.67 | Q48: =ROUND(+P48*E48,2) -> 230083.5 | R48: =STDEVP(F48:N48) -> 20.17437 | S48: =R48/P48*100 -> 0.43841409 | T48: =100-S48 -> 99.561586 | U48: =IF(T48>70,"ALTO","BAJO") -> ALTO | AA48: ='FM-029 Sin depurar'!P48-'FM-029 Depurada18Ago2020'!P48 -> -4601.67
B49: 40 | C49: Alcohol Glicerinado 70% elimina el 99% de los gérmenes, virus y bacterias, frasco 300ml a 1000ml | D49: UND Frasco de 1000ml | E49: 400 | H49: 5236 | I49: 17350 | O49: =COUNT(F49:N49) -> 2 | P49: =ROUND(AVERAGE(F49:N49),2) -> 11293 | Q49: =ROUND(+P49*E49,2) -> 4517200 | R49: =STDEVP(H49:I49) -> 6057 | S49: =R49/P49*100 -> 53.634995 | T49: =100-S49 -> 46.365005 | U49: =IF(T49>70,"ALTO","BAJO") -> BAJO | AA49: ='FM-029 Sin depurar'!P49-'FM-029 Depurada18Ago2020'!P49 -> -11293
B50: 41 | C50: Toallas Desechables | D50: PAQUETE | E50: 80 | H50: 7746 | J50: 8749 | O50: =COUNT(F50:N50) -> 2 | P50: =ROUND(AVERAGE(F50:N50),2) -> 8247.5 | Q50: =ROUND(+P50*E50,2) -> 659800 | R50: =STDEVP(H50:J50) -> 501.5 | S50: =R50/P50*100 -> 6.0806305 | T50: =100-S50 -> 93.91937 | U50: =IF(T50>70,"ALTO","BAJO") -> ALTO | AA50: ='FM-029 Sin depurar'!P50-'FM-029 Depurada18Ago2020'!P50 -> 500457.47
O51: Total | Q51: =SUM(Q10:Q50) -> 74056126
B53: NOTA: En caso que el valor unitario se encuentra en dólares, la tasa de cambio (TRM) a aplicar será la vigente al día en que se realiza la tabulación y el análisis de los datos estadísticos. Para determinar las variaciones anuales de los precios se debe aplicar el Índice de Precios al Consumidor (IPC). Se debe especificar si el bien o servicio sobre el que se realiza el análisis se encuentra gravado con el impuesto sobre las ventas (IVA) o por el contrario se encuentra exento de dicho gravamen.
B54: LOS VALORES DE CONTRATOS DE LA UAERMV Y DE OTRAS ENTIDADES ESTAN INDEXADOS A 2020
B55: Proyectó: Angel Jerez - Contratista SG
G58: =1137500*1.19 -> 1353625
J61: 493660571
J62: =SUM(F10:F50) -> 1766000
J63: =J61-J62 -> 491894571
G64: 26950000
C66: AÑO | E66: INFLACION
C67: 2002 | E67: 6.99 | F67: 1.0699
C68: 2003 | E68: 6.49 | F68: 1.0649 | G68: =29999000/1.19 -> 25209244
C69: 2004 | E69: 5.5 | F69: 1.055
C70: 2005 | E70: 4.85 | F70: 1.0485
C71: 2006 | E71: 4.48 | F71: 1.0448
C72: 2007 | E72: 5.69 | F72: 1.0569
C73: 2008 | E73: 7.67 | F73: 1.0767
C74: 2009 | E74: 2 | F74: 1.02
C75: 2010 | E75: 3.17 | F75: 1.0317
C76: 2011 | E76: 3.73 | F76: 1.0373
C77: 2012 | E77: 2.44 | F77: 1.0244
C78: 2013 | E78: 1.94 | F78: 1.0194
C79: 2014 | E79: 3.66 | F79: 1.0366
C80: 2015 | E80: 6.77 | F80: 1.0677
... C83: 2018 | E83: 3.18 | F83: 1.0318
C84: 2019 | E84: 0.038
C85: 2020 | E85: 1,12%

Sheet FM-029 Depurarada
D2: FORMATO CUADRO DE TABULACIÓN Y ANÁLISIS DE DATOS ESTADÍSTICOS - ESTUDIO DE SECTOR
D3: CÓDIGO: GCON-FM-029 | L3: VERSIÓN: 2
D4: FECHA DE APLICACIÓN: JULIO DE 2019
B6: TABULACIÓN DEPURADA COTIZACIONES Y CONTRATACIONES SIMILARES EN LA UAERMV Y/O DE OTRAS ENTIDADES PARA EL ESTUDIO DE SECTOR | F6: COTIZACIONES GESTIONADAS PARA EL ESTUDIO DE SECTOR | I6: CONTRATACIONES OTRAS ENTIDADES | L6: CONTRATACIONES SIMILARES EN LA UMV | M6: CONTRATACIONES SIMILARES EN LA UMV | N6: ADQUISICIÓN DE ELEMENTOS DE PROTECCIÓN PERSONAL Y ELEMENTOS DE PROTECCIÓN CONTRA CAÍDAS
F8: SAISO SAS | G8: TECHNICAL SOLUTIONS SAFETY SAS | H8: CENTRAL DE SOLDADURAS Y PROTECCIÓN INDUSTRIAL SA | I8: SDH-SMINC-014-2020 | J8: MC-253-GINRED4-2020 | K8: MC-CUC-CA-037-2020 | L8: 2019 | M8: SASI 009 2019
B9: ITEM | C9: DESCRIPCIÓN | D9: UND | E9: Cant. | F9: VALOR PRESUPUESTADO | I9: VALOR UNITARIO SIN IVA A PRECIO 2020 | M9: PRECIOS DE 2020 | N9: MUESTRA | O9: VALOR PROMEDIO UNITARIO | P9: VALOR PROMEDIO TOTAL | Q9: DESVIACION ESTANDAR | R9: COEF VARIACION | S9: MARGEN DE CONFIABILIDAD | T9: NIVEL DE CONFIABILIDAD DE LOS DATOS
B10: 1 | C10: Casco dieléctrico de seguridad color gris. Casco de seguridad, con banda de sudor reemplazable, suspensión de 4 puntos, en banda de hilo, tipo rachet, con ajuste de altura, Sistema universal de ensamble para protectores auditivos tipo copa, alta resistencia, fabricado en Polímero de alto impacto, con 3 y/o 4 puntos de sujeción para barbuquejo en reata no elástico. | D10: UND | E10: 40 | F10: 33000 | G10: 20400 | H10: 18907.563 | J10: 16363 | K10: 27500 | L10: 28661 | M10: =L10*(1+($E$84+$E$85)) -> 30071.121 | N10: =COUNT(F10:M10) -> 7 | O10: =ROUND(AVERAGE(F10:M10),2) -> 24986.1 | P10: =ROUND(+O10*E10,2) -> 999444 | Q10: =STDEVP(F10:K10) -> 6124.2757 | R10: =Q10/O10*100 -> 24.510731 | S10: =100-R10 -> 75.489269 | T10: =IF(S10>70,"ALTO","BAJO") -> ALTO
B11: 2 | C11: Casco dieléctrico de seguridad color blanco. Casco de seguridad, con banda de sudor reemplazable, suspensión de 4 puntos, en banda de hilo, tipo rachet, con ajuste de altura, Sistema universal de ensamble para protectores auditivos tipo copa, alta resistencia, fabricado en Polímero de alto impacto, con 3 y/o 4 puntos de sujeción para barbuquejo en reata no elástico. | D11: UND | E11: 10 | G11: 20400 | H11: 18907.563 | J11: 16363 | K11: 25000 | N11: =COUNT(F11:M11) -> 4 | O11: =ROUND(AVERAGE(F11:M11),2) -> 20167.64 | P11: =ROUND(+O11*E11,2) -> 201676.4 | Q11: =STDEVP(F11:K11) -> 3141.2089 | R11: =Q11/O11*100 -> 15.575491 | S11: =100-R11 -> 84.424509 | T11: =IF(S11>70,"ALTO","BAJO") -> ALTO
B12: 3 | C12: Casco dieléctrico de seguridad color azul. Casco de seguridad, con banda de sudor reemplazable, suspensión de 4 puntos, en banda de hilo, tipo rachet, con ajuste de altura, Sistema universal de ensamble para protectores auditivos tipo copa, alta resistencia, fabricado en Polímero de alto impacto, con 3 y/o 4 puntos de sujeción para barbuquejo en reata no elástico. | D12: UND | E12: 5 | F12: 33000 | G12: 20400 | H12: 18907.563 | J12: 16363 | N12: =COUNT(F12:M12) -> 4 | O12: =ROUND(AVERAGE(F12:M12),2) -> 22167.64 | P12: =ROUND(+O12*E12,2) -> 110838.2 | Q12: =STDEVP(F12:K12) -> 6418.4601 | R12: =Q12/O12*100 -> 28.954188 | S12: =100-R12 -> 71.045812 | T12: =IF(S12>70,"ALTO","BAJO") -> ALTO
B13: 4 | C13: Gafas de Seguridad Lente Claro. Gafas de seguridad con lente espejado, compuesto por unas lentes sin montura y unas patillas con longitud fija. Con protecciones laterales y sistema de difusión de la presión a través de la patilla. Con almohadillas ajustables en el puente nasal y con recubrimiento antideslizante en la cara interna de la patilla. Excelente ajuste y buen campo de visión. Antirayadura y antiempañante. | D13: UND | E13: 100 | F13: 12000 | G13: 7480 | H13: 5600 | J13: 6395 | L13: 10468 | M13: 10468 | N13: =COUNT(F13:M13) -> 6 | O13: =ROUND(AVERAGE(F13:M13),2) -> 8735.17 | P13: =ROUND(+O13*E13,2) -> 873517 | Q13: =STDEVP(F13:K13) -> 2476.768 | R13: =Q13/O13*100 -> 28.353976 | S13: =100-R13 -> 71.646024 | T13: =IF(S13>70,"ALTO","BAJO") -> ALTO
B14: 5 | C14: Gafas de Seguridad Lente Oscuro. Recubrimiento duro anti-rayaduras, antiestático y tratamiento antiempañante. Fabricados con materiales hipoalergénicos, lavables y reutilizables. Cuenta con cordón para colgar los lentes alrededor del cuello cuando no están en uso Cumplen los requerimientos de protección contra alto impacto y educación de la norma ANSI Z87.1: 2003. Protección contra radiaciones UV en un 99.9%. Lentes fabricados completamente con policarbonato de alto impacto. | D14: UND | E14: 150 | G14: 5440 | H14: 6500 | J14: 6422 | N14: =COUNT(F14:M14) -> 3 | O14: =ROUND(AVERAGE(F14:M14),2) -> 6120.67 | P14: =ROUND(+O14*E14,2) -> 918100.5 | Q14: =STDEVP(F14:K14) -> 482.35625 | R14: =Q14/O14*100 -> 7.8807754 | S14: =100-R14 -> 92.119225 | T14: =IF(S14>70,"ALTO","BAJO") -> ALTO
B15: 6 | C15: Gafas de seguridad lente claro adaptable para colocar sobre gafas formuladas. Gafas de seguridad para utilizar sobre lentes formulados, material policarbonato con patillas de nylon para un mayor confort. Cubrimiento lateral para mayor visibilidad, protección de rayos U.V. | D15: UND | E15: 20 | H15: 10500 | J15: 10342 | L15: 11069 | M15: 11069 | N15: =COUNT(F15:M15) -> 4 | O15: =ROUND(AVERAGE(F15:M15),2) -> 10745 | P15: =ROUND(+O15*E15,2) -> 214900 | Q15: =STDEVP(F15:K15) -> 79 | R15: =Q15/O15*100 -> 0.73522569 | S15: =100-R15 -> 99.264774 | T15: =IF(S15>70,"ALTO","BAJO") -> ALTO
B16: 7 | C16: Careta para esmerilar. Fabricada en polímero de alta resistencia a la humedad, al calor y al impacto de partículas. Liviano e indeformable, visor transparente resistente al choque de partículas a gran velocidad. | D16: UND | E16: 10 | G16: 24500 | H16: 28000 | L16: 33297 | M16: 33297 | N16: =COUNT(F16:M16) -> 4 | O16: =ROUND(AVERAGE(F16:M16),2) -> 29773.5 | P16: =ROUND(+O16*E16,2) -> 297735 | Q16: =STDEVP(F16:K16) -> 1750 | R16: =Q16/O16*100 -> 5.87771 | S16: =100-R16 -> 94.12229 | T16: =IF(S16>70,"ALTO","BAJO") -> ALTO
B17: 8 | C17: Respirador libre de Mantenimiento N95 con válvula NO PLEGABLE. Fabricado con un Medio Filtrante Electrostático Avanzado, novedoso sistema de retención de partículas que permite mayor eficiencia del filtro con menor caída de presión con válvula de exhalación (válvula de aire fresco) que ofrece mayor comodidad y frescura al usuario. Brinda una efectiva, confortable e higiénica protección respiratoria contra aerosoles sólidos y ciertos líquidos sin aceite. | D17: UND | E17: 750 | H17: 14300 | L17: 6412 | M17: 6412 | N17: =COUNT(F17:M17) -> 3 | O17: =ROUND(AVERAGE(F17:M17),2) -> 9041.33 | P17: =ROUND(+O17*E17,2) -> 6780997.5 | Q17: =STDEVP(F17:K17) -> 0 | R17: =Q17/O17*100 -> 0 | S17: =100-R17 -> 100 | T17: =IF(S17>70,"ALTO","BAJO") -> ALTO
B18: 9 | C18: Respirador libre de Mantenimiento N95 con válvula PLEGABLE Fabricado con un Medio Filtrante Electrostático Avanzado, novedoso sistema de retención de partículas que permite mayor eficiencia del filtro con menor caída de presión con válvula de exhalación (válvula de aire fresco) que ofrece mayor comodidad y frescura al usuario. Brinda una efectiva, confortable e higiénica protección respiratoria contra aerosoles sólidos y ciertos líquidos sin aceite. | D18: UND | E18: 750 | H18: 14300 | L18: 6412 | M18: 6412 | N18: =COUNT(F18:M18) -> 3 | O18: =ROUND(AVERAGE(F18:M18),2) -> 9041.33 | P18: =ROUND(+O18*E18,2) -> 6780997.5 | Q18: =STDEVP(F18:K18) -> 0 | R18: =Q18/O18*100 -> 0 | S18: =100-R18 -> 100 | T18: =IF(S18>70,"ALTO","BAJO") -> ALTO
B19: 10 | C19: Mascarilla P95 Vapores Orgánicos con Válvula. Mascarillas P95 Vapores Orgánicos con Válvula para la protección de las personas contra riesgos respiratorios como polvos, neblinas, humos, vapores orgánicos y todo tipo de aerosoles. Con efectividad de filtro contra material particulado, bandas elásticas resistentes, espuma suave y banda metálica para mayor comodidad y mejor sellado en la nariz. | D19: UND | E19: 550 | H19: 14500 | L19: 16277 | M19: 16277 | N19: =COUNT(F19:M19) -> 3 | O19: =ROUND(AVERAGE(F19:M19),2) -> 15684.67 | P19: =ROUND(+O19*E19,2) -> 8626568.5 | Q19: =STDEVP(F19:K19) -> 0 | R19: =Q19/O19*100 -> 0 | S19: =100-R19 -> 100 | T19: =IF(S19>70,"ALTO","BAJO") -> ALTO
B20: 11 | C20: Mascara Full Face. Pieza facial cara completa con visor, para colocar doble cartucho (ofrece la posibilidad de ser utilizada con filtros y cartuchos reemplazables para protección contra ciertos gases, vapores y material particulado). Fabricada en elastómero, visor de policarbonato | D20: UND | E20: 2 | G20: 479000 | H20: 378151.26 | L20: 397253 | M20: 397253 | N20: =COUNT(F20:M20) -> 4 | O20: =ROUND(AVERAGE(F20:M20),2) -> 412914.32 | P20: =ROUND(+O20*E20,2) -> 825828.64 | Q20: =STDEVP(F20:K20) -> 50424.37 | R20: =Q20/O20*100 -> 12.211824 | S20: =100-R20 -> 87.788176 | T20: =IF(S20>70,"ALTO","BAJO") -> ALTO
B21: 12 | C21: Mascara Media Cara. Pieza facial media cara diseño anatómico y ajuste hermético, permite el uso de monogafas, para colocar doble cartucho (ofrece la posibilidad de ser utilizada con filtros y cartuchos reemplazables para protección contra ciertos gases, vapores y material particulado) fabricada en material siliconado. | D21: UND | E21: 8 | G21: 53000 | H21: 47058.824 | J21: 52182 | L21: 63431 | M21: 63431 | N21: =COUNT(F21:M21) -> 5 | O21: =ROUND(AVERAGE(F21:M21),2) -> 55820.56 | P21: =ROUND(+O21*E21,2) -> 446564.48 | Q21: =STDEVP(F21:K21) -> 2629.1874 | R21: =Q21/O21*100 -> 4.71007 | S21: =100-R21 -> 95.28993 | T21: =IF(S21>70,"ALTO","BAJO") -> ALTO
B22: 13 | C22: Cartuchos para vapores orgánicos y gases ácidos. Compatibles para instalar en mascara FULL FACE o Media Cara, protección para vapores orgánicos (exposición a solventes orgánicos, gases ácidos, humos metálicos, formaldehido, entre otros. Compatibles para adaptar filtros para material particulado, partículas aceitosas. | D22: PAR | E22: 30 | F22: 54000 | G22: 48500 | H22: 36134.454 | L22: 60163 | M22: 60163 | N22: =COUNT(F22:M22) -> 5 | O22: =ROUND(AVERAGE(F22:M22),2) -> 51792.09 | P22: =ROUND(+O22*E22,2) -> 1553762.7 | Q22: =STDEVP(F22:K22) -> 7470.9398 | R22: =Q22/O22*100 -> 14.424866 | S22: =100-R22 -> 85.575134 | T22: =IF(S22>70,"ALTO","BAJO") -> ALTO
B23: 14 | C23: Prefiltros para material particulado adaptables a cartuchos. Compatibles para instalar sobre cartuchos con adaptador. Es fabricado con un Medio Filtrante Electrostático Avanzado, novedoso sistema de retención de partículas que permite mayor eficiencia del filtro con menor caída de presión. | D23: PAR | E23: 30 | G23: 9220 | H23: 10756.303 | L23: 33505 | M23: 33505 | N23: =COUNT(F23:M23) -> 4 | O23: =ROUND(AVERAGE(F23:M23),2) -> 21746.58 | P23: =ROUND(+O23*E23,2) -> 652397.4 | Q23: =STDEVP(F23:K23) -> 768.15126 | R23: =Q23/O23*100 -> 3.5322854 | S23: =100-R23 -> 96.467715 | T23: =IF(S23>70,"ALTO","BAJO") -> ALTO
B24: 15 | C24: Filtro para Soldadura (material particulado y humos metálicos). P100, filtro para material particulado y partículas de vapor orgánico y humos metálicos. Uso con respiradores reutilizables (cartuchos adaptables a mascara Full Face y Media Cara) | D24: PAR | E24: 30 | G24: 39750 | H24: 36134.454 | L24: 36563 | M24: 36563 | N24: =COUNT(F24:M24) -> 4 | O24: =ROUND(AVERAGE(F24:M24),2) -> 37252.61 | P24: =ROUND(+O24*E24,2) -> 1117578.3 | Q24: =STDEVP(F24:K24) -> 1807.7731 | R24: =Q24/O24*100 -> 4.8527422 | S24: =100-R24 -> 95.147258 | T24: =IF(S24>70,"ALTO","BAJO") -> ALTO
B25: 16 | C25: Adaptador para instalar filtros sobre cartuchos. Pieza plástica que sirve para sostener y acoplar los filtros de material particulado sobre los cartuchos. Compatibilidad en los diseños y ajuste en los cartuchos | D25: PAR | E25: 30 | G25: 15200 | H25: 18907.563 | L25: 24828 | M25: 24828 | N25: =COUNT(F25:M25) -> 4 | O25: =ROUND(AVERAGE(F25:M25),2) -> 20940.89 | P25: =ROUND(+O25*E25,2) -> 628226.7 | Q25: =STDEVP(F25:K25) -> 1853.7815 | R25: =Q25/O25*100 -> 8.8524485 | S25: =100-R25 -> 91.147551 | T25: =IF(S25>70,"ALTO","BAJO") -> ALTO
B26: 17 | C26: Protector auditivo de inserción. Fabricados en silicona o elastómero termoplástico hipoalergénico, lavables y reutilizables. NRR = 25 dB. Cordón de poliéster rompible trenzado, con estuche individual. | D26: UND | E26: 100 | F26: 1000 | G26: 1820 | H26: 1575.6303 | L26: 2848 | M26: 2848 | N26: =COUNT(F26:M26) -> 5 | O26: =ROUND(AVERAGE(F26:M26),2) -> 2018.33 | P26: =ROUND(+O26*E26,2) -> 201833 | Q26: =STDEVP(F26:K26) -> 343.74842 | R26: =Q26/O26*100 -> 17.031329 | S26: =100-R26 -> 82.968671 | T26: =IF(S26>70,"ALTO","BAJO") -> ALTO
B27: 18 | C27: Protector auditivo de inserción desechable tipo espuma. Fabricados en espuma moldeable; por su estructura suave y redondeada se adapta fácilmente en conductos auditivos, grandes o pequeños. Reducción de Ruido (NRR) | D27: CAJA X 200 UND | E27: 8 | G27: 90500 | H27: 84033.613 | N27: =COUNT(F27:M27) -> 2 | O27: =ROUND(AVERAGE(F27:M27),2) -> 87266.81 | P27: =ROUND(+O27*E27,2) -> 698134.48 | Q27: =STDEVP(F27:K27) -> 3233.1933 | R27: =Q27/O27*100 -> 3.7049518 | S27: =100-R27 -> 96.295048 | T27: =IF(S27>70,"ALTO","BAJO") -> ALTO
B28: 19 | C28: Protector Auditivo tipo Copa. Diadema y orejeras acolchadas para mayor comodidad del usuario, incluso en largas jornadas de trabajo. Diadema graduable para mejor ajuste. Diadema rota para permitir su uso con casco. Atenuación global del protector; 25 dB, atenuación a altas frecuencias; 28 dB, atenuación a frecuencias medias; 22 dB, atenuación a bajas frecuencias; 15 28 dB. | D28: UND | E28: 20 | F28: 92000 | L28: 34771 | M28: 34771 | N28: =COUNT(F28:M28) -> 3 | O28: =ROUND(AVERAGE(F28:M28),2) -> 53847.33 | P28: =ROUND(+O28*E28,2) -> 1076946.6 | Q28: =STDEVP(F28:K28) -> 0 | R28: =Q28/O28*100 -> 0 | S28: =100-R28 -> 100 | T28: =IF(S28>70,"ALTO","BAJO") -> ALTO
B29: 20 | C29: Guante de vaqueta corto. Fabricado en 100% cuero (vaqueta), cosido en hilo de alta resistencia debe proporcionar la comodidad de un guante tejido, sin sacrificar la flexibilidad y la destreza. | D29: PAR | E29: 200 | G29: 6950 | H29: 5630.2521 | K29: 5000 | L29: 10785 | M29: 10785 | N29: =COUNT(F29:M29) -> 5 | O29: =ROUND(AVERAGE(F29:M29),2) -> 7830.05 | P29: =ROUND(+O29*E29,2) -> 1566010 | Q29: =STDEVP(F29:K29) -> 812.50314 | R29: =Q29/O29*100 -> 10.37673 | S29: =100-R29 -> 89.62327 | T29: =IF(S29>70,"ALTO","BAJO") -> ALTO
B30: 21 | C30: Guante vaqueta largo. Fabricado en 100% cuero (vaqueta), debe proporcionar la comodidad de un guante tejido, sin sacrificar la flexibilidad y la destreza, manga larga para protección adicional en muñeca y parte del antebrazo. | D30: PAR | E30: 150 | G30: 7250 | H30: 8907.563 | J30: 13454 | L30: 18231 | M30: 18231 | N30: =COUNT(F30:M30) -> 5 | O30: =ROUND(AVERAGE(F30:M30),2) -> 13214.71 | P30: =ROUND(+O30*E30,2) -> 1982206.5 | Q30: =STDEVP(F30:K30) -> 2622.7047 | R30: =Q30/O30*100 -> 19.846858 | S30: =100-R30 -> 80.153142 | T30: =IF(S30>70,"ALTO","BAJO") -> ALTO
B31: 22 | C31: Guante de nitrilo para Sustancias Químicas (Verde Largo). Fabricado en nitrilo (material sintético, bastante resistente a la mayoría de los productos químicos) hipoalergénicos. Forro interno en algodón para mayor frescura; texturizados en la punta de los dedos y en la palma para brindar mayor agarre. Longitud= 18 Pulgadas (45.7 cm) Espesor= 22mil (0.55mm). | D31: PAR | E31: 108 | F31: 32000 | G31: 18020 | H31: 18907.563 | L31: 20583 | M31: 20583 | N31: =COUNT(F31:M31) -> 5 | O31: =ROUND(AVERAGE(F31:M31),2) -> 22018.71 | P31: =ROUND(+O31*E31,2) -> 2378020.7 | Q31: =STDEVP(F31:K31) -> 6391.3142 | R31: =Q31/O31*100 -> 29.026742 | S31: =100-R31 -> 70.973258 | T31: =IF(S31>70,"ALTO","BAJO") -> ALTO
B32: 23 | C32: Guante Poliuretano. Fabricado en Nailon (74%) poliuretano (26%) Provee una capa con buena resistencia a la abrasión y rasgado, protección contra líquidos, agarre en seco y húmedo y durabilidad. El recubrimiento ofrece la misma sensibilidad táctil de un guante delgado, pero con la protección de un guante recubierto. | D32: PARES y/o CAJA X 50 PARES | E32: 300 | G32: 4600 | H32: 5147.0588 | I32: 7027 | L32: 7949 | M32: 7949 | N32: =COUNT(F32:M32) -> 5 | O32: =ROUND(AVERAGE(F32:M32),2) -> 6534.41 | P32: =ROUND(+O32*E32,2) -> 1960323 | Q32: =STDEVP(F32:K32) -> 1039.4326 | R32: =Q32/O32*100 -> 15.907061 | S32: =100-R32 -> 84.092939 | T32: =IF(S32>70,"ALTO","BAJO") -> ALTO
B33: 24 | C33: Guante de nitrilo azul. Guante de nitrilo desechable de 8 mm de grosor, largo, de bajo Modulo, con puño enrollado, color azul, ambidiestro, ideal para usos generales y de laboratorio. Acabado rugoso para facilitar la manipulación de objetos resbalosos. | D33: PARES y/o CAJA X 50 PARES | E33: 500 | G33: 1000 | H33: 2000 | L33: 32315 | N33: =COUNT(F33:M33) -> 3 | O33: =ROUND(AVERAGE(F33:M33),2) -> 11771.67 | P33: =ROUND(+O33*E33,2) -> 5885835 | Q33: =STDEVP(F33:K33) -> 500 | R33: =Q33/O33*100 -> 4.2474857 | S33: =100-R33 -> 95.752514 | T33: =IF(S33>70,"ALTO","BAJO") -> ALTO
B34: 25 | C34: Guante para soldador (resistente al calor Kevlar). Fabricado en carnaza, con refuerzos en palmas y dedos costura con hilo doble. Resistentes a la abrasión y a las chispas de soldadura. | D34: PAR | E34: 10 | F34: 31000 | G34: 22228 | L34: 30299 | M34: 30299 | N34: =COUNT(F34:M34) -> 4 | O34: =ROUND(AVERAGE(F34:M34),2) -> 28456.5 | P34: =ROUND(+O34*E34,2) -> 284565 | Q34: =STDEVP(F34:K34) -> 4386 | R34: =Q34/O34*100 -> 15.412999 | S34: =100-R34 -> 84.587001 | T34: =IF(S34>70,"ALTO","BAJO") -> ALTO
B35: 26 | C35: Guante de hilaza recubiertos en látex. Puño tejido, anatómico, resistencia mecánica, proporciona un agarre fuerte y de máxima destreza. Composición: 40% Hilaza • 60% Látex, Talla única. | D35: PARES y/o CAJA X 50 PARES | E35: 300 | F35: 11000 | N35: =COUNT(F35:M35) -> 1 | O35: =ROUND(AVERAGE(F35:M35),2) -> 11000 | P35: =ROUND(+O35*E35,2) -> 3300000 | Q35: =STDEVP(F35:K35) -> 0 | R35: =Q35/O35*100 -> 0 | S35: =100-R35 -> 100 | T35: =IF(S35>70,"ALTO","BAJO") -> ALTO
B36: 27 | C36: Peto en carnaza. Fabricado en carnaza fuerte, con grosor de 1.4 mm, para ser usado en labores de soldadura. Buena resistencia y flexibilidad, todas las costuras reforzadas. Talla Grande/L o XL, con tiras de sujeción en el cuello y cintura. | D36: UND | E36: 5 | F36: 30000 | G36: 18700 | L36: 29735 | M36: 29735 | N36: =COUNT(F36:M36) -> 4 | O36: =ROUND(AVERAGE(F36:M36),2) -> 27042.5 | P36: =ROUND(+O36*E36,2) -> 135212.5 | Q36: =STDEVP(F36:K36) -> 5650 | R36: =Q36/O36*100 -> 20.893039 | S36: =100-R36 -> 79.106961 | T36: =IF(S36>70,"ALTO","BAJO") -> ALTO
B37: 28 | C37: Chaqueta en Vaqueta. Chaqueta fabricada en vaqueta, utilizada en trabajos de soldadura y/o fundición. Es ideal para proteger contra chispas o metales calientes. Color amarillo. Material: Vaqueta de cuero de res (vacuno), curtido al cromo, Hilo: poliéster, Cierres: broches metálicos. | D37: UND | E37: 10 | F37: 73000 | G37: 86666 | H37: 58823.529 | N37: =COUNT(F37:M37) -> 3 | O37: =ROUND(AVERAGE(F37:M37),2) -> 72829.84 | P37: =ROUND(+O37*E37,2) -> 728298.4 | Q37: =STDEVP(F37:K37) -> 11367.278 | R37: =Q37/O37*100 -> 15.607995 | S37: =100-R37 -> 84.392005 | T37: =IF(S37>70,"ALTO","BAJO") -> ALTO
B38: 29 | C38: Peto plástico color negro. Fabricado en material vinilo con soporte textil en poliéster para evitar desgarre, buenas resistencias físicas, color firme y durable que no se decolora ni se transfieren a otros materiales, calibre 25 (0.58 mm) industrial. Costuras con sistema de electro sellado, impiden filtraciones en las uniones. Talla Grande/L o XL, con tiras de sujeción en el cuello y cintura, hebillas plásticas y graduables para ajuste al cuerpo. | D38: UND | E38: 30 | F38: 13000 | G38: 19500 | H38: 25210.084 | I38: 22382 | L38: 27518 | M38: 27518 | N38: =COUNT(F38:M38) -> 6 | O38: =ROUND(AVERAGE(F38:M38),2) -> 22521.35 | P38: =ROUND(+O38*E38,2) -> 675640.5 | Q38: =STDEVP(F38:K38) -> 4529.5358 | R38: =Q38/O38*100 -> 20.112186 | S38: =100-R38 -> 79.887814 | T38: =IF(S38>70,"ALTO","BAJO") -> ALTO
B39: 30 | C39: DELANTAL PETO PARA GUADAÑA O MANDIL. Elemento de protección personal que protege tronco del trabajador contra riesgos mecánicos abrasión corte de cuchilla perforación y quemaduras de chispas En carnaza medida 140 cm cuero curtido grosor mínimo aceptado por la norma internacional 1.3 a 1.8 mm son reforzadas además posee cintas para ajuste en cuello y espalda con hebilla metálica hilo algodón trenzado de 4 cabos calibre 40 costuras de 4 a 5 cm correas de 60 cm mínimo de largo por 1.5 cm de ancho. | D39: UND | E39: 2 | F39: 35000 | G39: 34760 | N39: =COUNT(F39:M39) -> 2 | O39: =ROUND(AVERAGE(F39:M39),2) -> 34880 | P39: =ROUND(+O39*E39,2) -> 69760 | Q39: =STDEVP(F39:K39) -> 120 | R39: =Q39/O39*100 -> 0.3440367 | S39: =100-R39 -> 99.655963 | T39: =IF(S39>70,"ALTO","BAJO") -> ALTO
B40: 31 | C40: Canilleras con refuerzo para guadañar . La estructura está compuesta por tiras metálicas en aluminio forradas en telas con refuerzo en nylon correas en nylon con hebillas para sujetas la pierna y el pie, se encuentran también en polietileno de alta resistencia montado en tela de nylon acolchada por tallas para que sean ajustables a la pierna del trabajador. | D40: PAR | E40: 2 | F40: 121000 | N40: =COUNT(F40:M40) -> 1 | O40: =ROUND(AVERAGE(F40:M40),2) -> 121000 | P40: =ROUND(+O40*E40,2) -> 242000 | Q40: =STDEVP(F40:K40) -> 0 | R40: =Q40/O40*100 -> 0 | S40: =100-R40 -> 100 | T40: =IF(S40>70,"ALTO","BAJO") -> ALTO
B41: 32 | C41: Cubre cara y Cuello. Fabricada en materiales frescos para protección del sol (Jean o Drill). Gorro tipo chavo o tipo pasamontañas que proteja nariz y boca. Talla Grande. | D41: UND | E41: 80 | H41: 10819.328 | J41: 12968 | L41: 21926 | M41: 21926 | N41: =COUNT(F41:M41) -> 4 | O41: =ROUND(AVERAGE(F41:M41),2) -> 16909.83 | P41: =ROUND(+O41*E41,2) -> 1352786.4 | Q41: =STDEVP(F41:K41) -> 1074.3361 | R41: =Q41/O41*100 -> 6.3533231 | S41: =100-R41 -> 93.646677 | T41: =IF(S41>70,"ALTO","BAJO") -> ALTO
B42: 33 | C42: Protector o filtro solar FPS 50+. Crema hipoalergénica, resistente a la transpiración. Inhibe la acción de los rayos UVA y UVB mediante la combinación de filtros físicos y químicos, alcanzando un factor de protección solar superior a 50+. | D42: Frasco Mayor o Igual a 100ml. Hasta 150ml. | E42: 150 | G42: 36450 | H42: 30420.168 | J42: 44310 | L42: 45649 | M42: 45649 | N42: =COUNT(F42:M42) -> 5 | O42: =ROUND(AVERAGE(F42:M42),2) -> 40495.63 | P42: =ROUND(+O42*E42,2) -> 6074344.5 | Q42: =STDEVP(F42:K42) -> 5686.8846 | R42: =Q42/O42*100 -> 14.043206 | S42: =100-R42 -> 85.956794 | T42: =IF(S42>70,"ALTO","BAJO") -> ALTO
B43: 34 | C43: Gafas para soldadura autógena. El casquete de los lentes debe ser fabricado en material termoplástico. Cinta con elasticidad del 180% y el diseño ergonómico en las copas deben permitir un adecuado ajuste, los aros o soporte deben permitir el fácil recambio de los lentes. Los lentes deben absorber rayos lumínicos, infrarrojos y ultravioleta y controlan la trasmisión visible de la luz, para permitir distinguir los detalles del trabajo que se está realizando. | D43: UND | E43: 5 | H43: 9138.6555 | L43: 65757 | M43: 65757 | N43: =COUNT(F43:M43) -> 3 | O43: =ROUND(AVERAGE(F43:M43),2) -> 46884.22 | P43: =ROUND(+O43*E43,2) -> 234421.1 | Q43: =STDEVP(F43:K43) -> 0 | R43: =Q43/O43*100 -> 0 | S43: =100-R43 -> 100 | T43: =IF(S43>70,"ALTO","BAJO") -> ALTO
B44: 35 | C44: Repuesto vidrio para gafas de soldadura autógena. Los lentes deben absorber rayos lumínicos, infrarrojos y ultravioleta y controlan la trasmisión visible de la luz, para permitir distinguir los detalles del trabajo que se está realizando. | D44: UND | E44: 10 | F44: 144000 | L44: 25780 | M44: 25780 | N44: =COUNT(F44:M44) -> 3 | O44: =ROUND(AVERAGE(F44:M44),2) -> 65186.67 | P44: =ROUND(+O44*E44,2) -> 651866.7 | Q44: =STDEVP(F44:K44) -> 0 | R44: =Q44/O44*100 -> 0 | S44: =100-R44 -> 100 | T44: =IF(S44>70,"ALTO","BAJO") -> ALTO
B45: 36 | C45: Kit portátil con candados, tarjetas y broches. Componentes: • candados de seguridad o de acero • Tarjetas para bloqueo de alta resistencia que se pueden volver a usar y sujetadores de nylon. • Broche de para bloqueo grupal. • Bolsa de cinturón para bloqueo. | D45: KIT | E45: 4 | H45: 605042.02 | N45: =COUNT(F45:M45) -> 1 | O45: =ROUND(AVERAGE(F45:M45),2) -> 605042.02 | P45: =ROUND(+O45*E45,2) -> 2420168.1 | Q45: =STDEVP(F45:K45) -> 0 | R45: =Q45/O45*100 -> 0 | S45: =100-R45 -> 100 | T45: =IF(S45>70,"ALTO","BAJO") -> ALTO
B46: 37 | C46: TERMOMETRO CORPORAL TIPO LASER. Con registros y garantía de 1 año. | D46: UND | E46: 10 | F46: 250000 | H46: 290000 | I46: 391262 | J46: 335000 | N46: =COUNT(F46:M46) -> 4 | O46: =ROUND(AVERAGE(F46:M46),2) -> 316565.5 | P46: =ROUND(+O46*E46,2) -> 3165655 | Q46: =STDEVP(F46:K46) -> 52573.97 | R46: =Q46/O46*100 -> 16.607612 | S46: =100-R46 -> 83.392388 | T46: =IF(S46>70,"ALTO","BAJO") -> ALTO
B47: 38 | C47: DESINFECTANTE SUELOS Y SUPERFICIES. DESINFECTANTE CON ACCION MICROBIANA CONTRA: Mohos, Levaduras, Bacterias y Virus. | D47: GALON y/o LITRO | E47: 20 | F47: 45000 | N47: =COUNT(F47:M47) -> 1 | O47: =ROUND(AVERAGE(F47:M47),2) -> 45000 | P47: =ROUND(+O47*E47,2) -> 900000 | Q47: =STDEVP(F47:K47) -> 0 | R47: =Q47/O47*100 -> 0 | S47: =100-R47 -> 100 | T47: =IF(S47>70,"ALTO","BAJO") -> ALTO
B48: 39 | C48: ATOMIZADOR PLASTICO 500 Centímetros cúbicos | D48: UND | E48: 50 | F48: 8000 | H48: 4621.8487 | N48: =COUNT(F48:M48) -> 2 | O48: =ROUND(AVERAGE(F48:M48),2) -> 6310.92 | P48: =ROUND(+O48*E48,2) -> 315546 | Q48: =STDEVP(F48:K48) -> 1689.0756 | R48: =Q48/O48*100 -> 26.764333 | S48: =100-R48 -> 73.235667 | T48: =IF(S48>70,"ALTO","BAJO") -> ALTO
B49: 40 | C49: Alcohol Glicerinado 70% elimina el 99% de los gérmenes, virus y bacterias, frasco 300ml a 1000ml | D49: UND Frasco de 1000ml | E49: 400 | F49: 28000 | H49: 17350 | N49: =COUNT(F49:M49) -> 2 | O49: =ROUND(AVERAGE(F49:M49),2) -> 22675 | P49: =ROUND(+O49*E49,2) -> 9070000 | Q49: =STDEVP(F49:K49) -> 5325 | R49: =Q49/O49*100 -> 23.484013 | S49: =100-R49 -> 76.515987 | T49: =IF(S49>70,"ALTO","BAJO") -> ALTO
B50: 41 | C50: Toallas Desechables | D50: PAQUETE | E50: 80 | F50: 34000 | H50: 28000 | N50: =COUNT(F50:M50) -> 2 | O50: =ROUND(AVERAGE(F50:M50),2) -> 31000 | P50: =ROUND(+O50*E50,2) -> 2480000 | Q50: =STDEVP(F50:K50) -> 3000 | R50: =Q50/O50*100 -> 9.6774194 | S50: =100-R50 -> 90.322581 | T50: =IF(S50>70,"ALTO","BAJO") -> ALTO
N51: Total | P51: =SUM(P10:P50) -> 78878706
B53: NOTA: En caso que el valor unitario se encuentra en dólares, la tasa de cambio (TRM) a aplicar será la vigente al día en que se realiza la tabulación y el análisis de los datos estadísticos. Para determinar las variaciones anuales de los precios se debe aplicar el Índice de Precios al Consumidor (IPC). Se debe especificar si el bien o servicio sobre el que se realiza el análisis se encuentra gravado con el impuesto sobre las ventas (IVA) o por el contrario se encuentra exento de dicho gravamen.
B54: LOS VALORES DE CONTRATOS DE LA UAERMV Y DE OTRAS ENTIDADES ESTAN INDEXADOS A 2020
B55: Proyectó: Angel Jerez - Contratista SG
G58: =1137500*1.19 -> 1353625
I61: 493660571
I62: =SUM(F10:F50) -> 1080000
I63: =I61-I62 -> 492580571
G64: 26950000
C66: AÑO | E66: INFLACION
C67: 2002 | E67: 6.99 | F67: 1.0699
C68: 2003 | E68: 6.49 | F68: 1.0649 | G68: =29999000/1.19 -> 25209244
C69: 2004 | E69: 5.5 | F69: 1.055
C70: 2005 | E70: 4.85 | F70: 1.0485
C71: 2006 | E71: 4.48 | F71: 1.0448
C72: 2007 | E72: 5.69 | F72: 1.0569
C73: 2008 | E73: 7.67 | F73: 1.0767
C74: 2009 | E74: 2 | F74: 1.02
C75: 2010 | E75: 3.17 | F75: 1.0317
C76: 2011 | E76: 3.73 | F76: 1.0373
C77: 2012 | E77: 2.44 | F77: 1.0244
C78: 2013 | E78: 1.94 | F78: 1.0194
C79: 2014 | E79: 3.66 | F79: 1.0366
C80: 2015 | E80: 6.77 | F80: 1.0677
... C83: 2018 | E83: 3.18 | F83: 1.0318
C84: 2019 | E84: 0.038
C85: 2020 | E85: 1,12%

Sheet FM-029 Sin depurar
D2: FORMATO CUADRO DE TABULACIÓN Y ANÁLISIS DE DATOS ESTADÍSTICOS - ESTUDIO DE SECTOR
D3: CÓDIGO: GCON-FM-029 | M3: VERSIÓN: 2
D4: FECHA DE APLICACIÓN: JULIO DE 2019
B6: TABULACIÓN NO DEPURADA COTIZACIONES Y CONTRATACIONES SIMILARES EN LA UAERMV Y/O DE OTRAS ENTIDADES PARA EL ESTUDIO DE SECTOR | F6: COTIZACIONES GESTIONADAS PARA EL ESTUDIO DE SECTOR | J6: CONTRATACIONES OTRAS ENTIDADES | M6: CONTRATACIONES SIMILARES EN LA UMV | N6: CONTRATACIONES SIMILARES EN LA UMV | O6: ADQUISICIÓN DE ELEMENTOS DE PROTECCIÓN PERSONAL Y ELEMENTOS DE PROTECCIÓN CONTRA CAÍDAS
F8: SAISO SAS | G8: TECHNICAL SOLUTIONS SAFETY SAS | H8: Agroinsumos LTDA | I8: CENTRAL DE SOLDADURAS Y PROTECCIÓN INDUSTRIAL SA | J8: SDH-SMINC-014-2020 | K8: MC-253-GINRED4-2020 | L8: MC-CUC-CA-037-2020 | M8: 2019 | N8: 2019
B9: ITEM | C9: DESCRIPCIÓN | D9: UND | E9: Cant. | F9: VALOR PRESUPUESTADO | J9: VALOR UNITARIO SIN IVA A PRECIO 2020 | O9: MUESTRA | P9: VALOR PROMEDIO UNITARIO | Q9: VALOR PROMEDIO TOTAL | R9: DESVIACION ESTANDAR | S9: COEF VARIACION | T9: MARGEN DE CONFIABILIDAD | U9: NIVEL DE CONFIABILIDAD DE LOS DATOS
B10: 1 | C10: Casco dieléctrico de seguridad color gris. Casco de seguridad, con banda de sudor reemplazable, suspensión de 4 puntos, en banda de hilo, tipo rachet, con ajuste de altura, Sistema universal de ensamble para protectores auditivos tipo copa, alta resistencia, fabricado en Polímero de alto impacto, con 3 y/o 4 puntos de sujeción para barbuquejo en reata no elástico. | D10: UND | E10: 40 | F10: 33000 | G10: 20400 | H10: =1.19*14252 -> 16959.88 | I10: 18907.563 | K10: 16363 | L10: 27500 | M10: 28661 | N10: =M10*(1+($E$84+$E$85)) -> 30071.121 | O10: =COUNT(F10:N10) -> 8 | P10: =ROUND(AVERAGE(F10:N10),2) -> 23982.82 | Q10: =ROUND(+P10*E10,2) -> 959312.8 | R10: =STDEVP(F10:L10) -> 6059.961 | S10: =R10/P10*100 -> 25.267925 | T10: =100-S10 -> 74.732075 | U10: =IF(T10>70,"ALTO","BAJO") -> ALTO
B11: 2 | C11: Casco dieléctrico de seguridad color blanco. Casco de seguridad, con banda de sudor reemplazable, suspensión de 4 puntos, en banda de hilo, tipo rachet, con ajuste de altura, Sistema universal de ensamble para protectores auditivos tipo copa, alta resistencia, fabricado en Polímero de alto impacto, con 3 y/o 4 puntos de sujeción para barbuquejo en reata no elástico. | D11: UND | E11: 10 | F11: 42000 | G11: 20400 | H11: =1.19*14252 -> 16959.88 | I11: 18907.563 | K11: 16363 | L11: 25000 | O11: =COUNT(F11:N11) -> 6 | P11: =ROUND(AVERAGE(F11:N11),2) -> 23271.74 | Q11: =ROUND(+P11*E11,2) -> 232717.4 | R11: =STDEVP(F11:L11) -> 8837.3997 | S11: =R11/P11*100 -> 37.974813 | T11: =100-S11 -> 62.025187 | U11: =IF(T11>70,"ALTO","BAJO") -> BAJO
B12: 3 | C12: Casco dieléctrico de seguridad color azul. Casco de seguridad, con banda de sudor reemplazable, suspensión de 4 puntos, en banda de hilo, tipo rachet, con ajuste de altura, Sistema universal de ensamble para protectores auditivos tipo copa, alta resistencia, fabricado en Polímero de alto impacto, con 3 y/o 4 puntos de sujeción para barbuquejo en reata no elástico. | D12: UND | E12: 5 | F12: 33000 | G12: 20400 | H12: =1.19*14252 -> 16959.88 | I12: 18907.563 | K12: 16363 | O12: =COUNT(F12:N12) -> 5 | P12: =ROUND(AVERAGE(F12:N12),2) -> 21126.09 | Q12: =ROUND(+P12*E12,2) -> 105630.45 | R12: =STDEVP(F12:L12) -> 6107.0965 | S12: =R12/P12*100 -> 28.907841 | T12: =100-S12 -> 71.092159 | U12: =IF(T12>70,"ALTO","BAJO") -> ALTO
B13: 4 | C13: Gafas de Seguridad Lente Claro. Gafas de seguridad con lente espejado, compuesto por unas lentes sin montura y unas patillas con longitud fija. Con protecciones laterales y sistema de difusión de la presión a través de la patilla. Con almohadillas ajustables en el puente nasal y con recubrimiento antideslizante en la cara interna de la patilla. Excelente ajuste y buen campo de visión. Antirayadura y antiempañante. | D13: UND | E13: 100 | F13: 12000 | G13: 7480 | H13: =1.19*5310 -> 6318.9 | I13: 5600 | K13: 6395 | M13: 10468 | N13: 10468 | O13: =COUNT(F13:N13) -> 7 | P13: =ROUND(AVERAGE(F13:N13),2) -> 8389.99 | Q13: =ROUND(+P13*E13,2) -> 838999 | R13: =STDEVP(F13:L13) -> 2300.3977 | S13: =R13/P13*100 -> 27.41836 | T13: =100-S13 -> 72.58164 | U13: =IF(T13>70,"ALTO","BAJO") -> ALTO
B14: 5 | C14: Gafas de Seguridad Lente Oscuro. Recubrimiento duro anti-rayaduras, antiestático y tratamiento antiempañante. Fabricados con materiales hipoalergénicos, lavables y reutilizables. Cuenta con cordón para colgar los lentes alrededor del cuello cuando no están en uso Cumplen los requerimientos de protección contra alto impacto y educación de la norma ANSI Z87.1: 2003. Protección contra radiaciones UV en un 99.9%. Lentes fabricados completamente con policarbonato de alto impacto. | D14: UND | E14: 150 | F14: 15000 | G14: 5440 | H14: =1.19*6300 -> 7497 | I14: 6500 | K14: 6422 | O14: =COUNT(F14:N14) -> 5 | P14: =ROUND(AVERAGE(F14:N14),2) -> 8171.8 | Q14: =ROUND(+P14*E14,2) -> 1225770 | R14: =STDEVP(F14:L14) -> 3475.604 | S14: =R14/P14*100 -> 42.531682 | T14: =100-S14 -> 57.468318 | U14: =IF(T14>70,"ALTO","BAJO") -> BAJO
B15: 6 | C15: Gafas de seguridad lente claro adaptable para colocar sobre gafas formuladas. Gafas de seguridad para utilizar sobre lentes formulados, material policarbonato con patillas de nylon para un mayor confort. Cubrimiento lateral para mayor visibilidad, protección de rayos U.V. | D15: UND | E15: 20 | F15: 42000 | G15: 33507 | H15: =1.19*7600 -> 9044 | I15: 10500 | K15: 10342 | M15: 11069 | N15: 11069 | O15: =COUNT(F15:N15) -> 7 | P15: =ROUND(AVERAGE(F15:N15),2) -> 18218.71 | Q15: =ROUND(+P15*E15,2) -> 364374.2 | R15: =STDEVP(F15:L15) -> 13886.562 | S15: =R15/P15*100 -> 76.221435 | T15: =100-S15 -> 23.778565 | U15: =IF(T15>70,"ALTO","BAJO") -> BAJO
B16: 7 | C16: Careta para esmerilar. Fabricada en polímero de alta resistencia a la humedad, al calor y al impacto de partículas. Liviano e indeformable, visor transparente resistente al choque de partículas a gran velocidad. | D16: UND | E16: 10 | F16: 85000 | G16: 24500 | H16: =1.19*25900 -> 30821 | I16: 28000 | M16: 33297 | N16: 33297 | O16: =COUNT(F16:N16) -> 6 | P16: =ROUND(AVERAGE(F16:N16),2) -> 39152.5 | Q16: =ROUND(+P16*E16,2) -> 391525 | R16: =STDEVP(F16:L16) -> 24880.687 | S16: =R16/P16*100 -> 63.548143 | T16: =100-S16 -> 36.451857 | U16: =IF(T16>70,"ALTO","BAJO") -> BAJO
B17: 8 | C17: Respirador libre de Mantenimiento N95 con válvula NO PLEGABLE. Fabricado con un Medio Filtrante Electrostático Avanzado, novedoso sistema de retención de partículas que permite mayor eficiencia del filtro con menor caída de presión con válvula de exhalación (válvula de aire fresco) que ofrece mayor comodidad y frescura al usuario. Brinda una efectiva, confortable e higiénica protección respiratoria contra aerosoles sólidos y ciertos líquidos sin aceite. | D17: UND | E17: 750 | F17: 53000 | H17: =1.19*12000 -> 14280 | I17: 14300 | M17: 6412 | N17: 6412 | O17: =COUNT(F17:N17) -> 5 | P17: =ROUND(AVERAGE(F17:N17),2) -> 18880.8 | Q17: =ROUND(+P17*E17,2) -> 14160600 | R17: =STDEVP(F17:L17) -> 18248.071 | S17: =R17/P17*100 -> 96.648822 | T17: =100-S17 -> 3.3511778 | U17: =IF(T17>70,"ALTO","BAJO") -> BAJO
B18: 9 | C18: Respirador libre de Mantenimiento N95 con válvula PLEGABLE Fabricado con un Medio Filtrante Electrostático Avanzado, novedoso sistema de retención de partículas que permite mayor eficiencia del filtro con menor caída de presión con válvula de exhalación (válvula de aire fresco) que ofrece mayor comodidad y frescura al usuario. Brinda una efectiva, confortable e higiénica protección respiratoria contra aerosoles sólidos y ciertos líquidos sin aceite. | D18: UND | E18: 750 | F18: 53000 | H18: =1.19*12000 -> 14280 | I18: 14300 | M18: 6412 | N18: 6412 | O18: =COUNT(F18:N18) -> 5 | P18: =ROUND(AVERAGE(F18:N18),2) -> 18880.8 | Q18: =ROUND(+P18*E18,2) -> 14160600 | R18: =STDEVP(F18:L18) -> 18248.071 | S18: =R18/P18*100 -> 96.648822 | T18: =100-S18 -> 3.3511778 | U18: =IF(T18>70,"ALTO","BAJO") -> BAJO
B19: 10 | C19: Mascarilla P95 Vapores Orgánicos con Válvula. Mascarillas P95 Vapores Orgánicos con Válvula para la protección de las personas contra riesgos respiratorios como polvos, neblinas, humos, vapores orgánicos y todo tipo de aerosoles. Con efectividad de filtro contra material particulado, bandas elásticas resistentes, espuma suave y banda metálica para mayor comodidad y mejor sellado en la nariz. | D19: UND | E19: 550 | F19: 32000 | H19: =1.19*12000 -> 14280 | I19: 14500 | M19: 16277 | N19: 16277 | O19: =COUNT(F19:N19) -> 5 | P19: =ROUND(AVERAGE(F19:N19),2) -> 18666.8 | Q19: =ROUND(+P19*E19,2) -> 10266740 | R19: =STDEVP(F19:L19) -> 8301.9195 | S19: =R19/P19*100 -> 44.474251 | T19: =100-S19 -> 55.525749 | U19: =IF(T19>70,"ALTO","BAJO") -> BAJO
B20: 11 | C20: Mascara Full Face. Pieza facial cara completa con visor, para colocar doble cartucho (ofrece la posibilidad de ser utilizada con filtros y cartuchos reemplazables para protección contra ciertos gases, vapores y material particulado). Fabricada en elastómero, visor de policarbonato | D20: UND | E20: 2 | F20: 132000 | G20: 479000 | H20: =1.19*430000 -> 511700 | I20: 378151.26 | M20: 397253 | N20: 397253 | O20: =COUNT(F20:N20) -> 6 | P20: =ROUND(AVERAGE(F20:N20),2) -> 382559.54 | Q20: =ROUND(+P20*E20,2) -> 765119.08 | R20: =STDEVP(F20:L20) -> 148796.54 | S20: =R20/P20*100 -> 38.895001 | T20: =100-S20 -> 61.104999 | U20: =IF(T20>70,"ALTO","BAJO") -> BAJO
B21: 12 | C21: Mascara Media Cara. Pieza facial media cara diseño anatómico y ajuste hermético, permite el uso de monogafas, para colocar doble cartucho (ofrece la posibilidad de ser utilizada con filtros y cartuchos reemplazables para protección contra ciertos gases, vapores y material particulado) fabricada en material siliconado. | D21: UND | E21: 8 | F21: 112000 | G21: 53000 | H21: =1.19*41430 -> 49301.7 | I21: 47058.824 | K21: 52182 | M21: 63431 | N21: 63431 | O21: =COUNT(F21:N21) -> 7 | P21: =ROUND(AVERAGE(F21:N21),2) -> 62914.93 | Q21: =ROUND(+P21*E21,2) -> 503319.44 | R21: =STDEVP(F21:L21) -> 24736.082 | S21: =R21/P21*100 -> 39.316713 | T21: =100-S21 -> 60.683287 | U21: =IF(T21>70,"ALTO","BAJO") -> BAJO
B22: 13 | C22: Cartuchos para vapores orgánicos y gases ácidos. Compatibles para instalar en mascara FULL FACE o Media Cara, protección para vapores orgánicos (exposición a solventes orgánicos, gases ácidos, humos metálicos, formaldehido, entre otros. Compatibles para adaptar filtros para material particulado, partículas aceitosas. | D22: PAR | E22: 30 | F22: 54000 | G22: 48500 | H22: =1.19*35071 -> 41734.49 | I22: 36134.454 | M22: 60163 | N22: 60163 | O22: =COUNT(F22:N22) -> 6 | P22: =ROUND(AVERAGE(F22:N22),2) -> 50115.82 | Q22: =ROUND(+P22*E22,2) -> 1503474.6 | R22: =STDEVP(F22:L22) -> 6754.2105 | S22: =R22/P22*100 -> 13.477202 | T22: =100-S22 -> 86.522798 | U22: =IF(T22>70,"ALTO","BAJO") -> ALTO
B23: 14 | C23: Prefiltros para material particulado adaptables a cartuchos. Compatibles para instalar sobre cartuchos con adaptador. Es fabricado con un Medio Filtrante Electrostático Avanzado, novedoso sistema de retención de partículas que permite mayor eficiencia del filtro con menor caída de presión. | D23: PAR | E23: 30 | F23: 36000 | G23: 9220 | H23: =1.19*12760 -> 15184.4 | I23: 10756.303 | M23: 33505 | N23: 33505 | O23: =COUNT(F23:N23) -> 6 | P23: =ROUND(AVERAGE(F23:N23),2) -> 23028.45 | Q23: =ROUND(+P23*E23,2) -> 690853.5 | R23: =STDEVP(F23:L23) -> 10739.076 | S23: =R23/P23*100 -> 46.633953 | T23: =100-S23 -> 53.366047 | U23: =IF(T23>70,"ALTO","BAJO") -> BAJO
B24: 15 | C24: Filtro para Soldadura (material particulado y humos metálicos). P100, filtro para material particulado y partículas de vapor orgánico y humos metálicos. Uso con respiradores reutilizables (cartuchos adaptables a mascara Full Face y Media Cara) | D24: PAR | E24: 30 | F24: 84000 | G24: 39750 | H24: =1.19*32040 -> 38127.6 | I24: 36134.454 | M24: 36563 | N24: 36563 | O24: =COUNT(F24:N24) -> 6 | P24: =ROUND(AVERAGE(F24:N24),2) -> 45189.68 | Q24: =ROUND(+P24*E24,2) -> 1355690.4 | R24: =STDEVP(F24:L24) -> 19957.967 | S24: =R24/P24*100 -> 44.164878 | T24: =100-S24 -> 55.835122 | U24: =IF(T24>70,"ALTO","BAJO") -> BAJO
B25: 16 | C25: Adaptador para instalar filtros sobre cartuchos. Pieza plástica que sirve para sostener y acoplar los filtros de material particulado sobre los cartuchos. Compatibilidad en los diseños y ajuste en los cartuchos | D25: PAR | E25: 30 | F25: 99000 | G25: 15200 | H25: =1.19*11220 -> 13351.8 | I25: 18907.563 | M25: 24828 | N25: 24828 | O25: =COUNT(F25:N25) -> 6 | P25: =ROUND(AVERAGE(F25:N25),2) -> 32685.89 | Q25: =ROUND(+P25*E25,2) -> 980576.7 | R25: =STDEVP(F25:L25) -> 36073.606 | S25: =R25/P25*100 -> 110.36446 | T25: =100-S25 -> -10.364461 | U25: =IF(T25>70,"ALTO","BAJO") -> BAJO
B26: 17 | C26: Protector auditivo de inserción. Fabricados en silicona o elastómero termoplástico hipoalergénico, lavables y reutilizables. NRR = 25 dB. Cordón de poliéster rompible trenzado, con estuche individual. | D26: UND | E26: 100 | F26: 1000 | G26: 1820 | H26: =1.19*1513 -> 1800.47 | I26: 1575.6303 | M26: 2848 | N26: 2848 | O26: =COUNT(F26:N26) -> 6 | P26: =ROUND(AVERAGE(F26:N26),2) -> 1982.02 | Q26: =ROUND(+P26*E26,2) -> 198202 | R26: =STDEVP(F26:L26) -> 331.2055 | S26: =R26/P26*100 -> 16.710502 | T26: =100-S26 -> 83.289498 | U26: =IF(T26>70,"ALTO","BAJO") -> ALTO
B27: 18 | C27: Protector auditivo de inserción desechable tipo espuma. Fabricados en espuma moldeable; por su estructura suave y redondeada se adapta fácilmente en conductos auditivos, grandes o pequeños. Reducción de Ruido (NRR) | D27: CAJA X 200 UND | E27: 8 | F27: 800 | G27: 90500 | H27: =1.19*77520 -> 92248.8 | I27: 84033.613 | J27: 1459 | O27: =COUNT(F27:N27) -> 5 | P27: =ROUND(AVERAGE(F27:N27),2) -> 53808.28 | Q27: =ROUND(+P27*E27,2) -> 430466.24 | R27: =STDEVP(F27:L27) -> 43099.54 | S27: =R27/P27*100 -> 80.098341 | T27: =100-S27 -> 19.901659 | U27: =IF(T27>70,"ALTO","BAJO") -> BAJO
B28: 19 | C28: Protector Auditivo tipo Copa. Diadema y orejeras acolchadas para mayor comodidad del usuario, incluso en largas jornadas de trabajo. Diadema graduable para mejor ajuste. Diadema rota para permitir su uso con casco. Atenuación global del protector; 25 dB, atenuación a altas frecuencias; 28 dB, atenuación a frecuencias medias; 22 dB, atenuación a bajas frecuencias; 15 28 dB. | D28: UND | E28: 20 | F28: 92000 | H28: =1.19*14880 -> 17707.2 | I28: 17226.891 | M28: 34771 | N28: 34771 | O28: =COUNT(F28:N28) -> 5 | P28: =ROUND(AVERAGE(F28:N28),2) -> 39295.22 | Q28: =ROUND(+P28*E28,2) -> 785904.4 | R28: =STDEVP(F28:L28) -> 35135.719 | S28: =R28/P28*100 -> 89.41474 | T28: =100-S28 -> 10.58526 | U28: =IF(T28>70,"ALTO","BAJO") -> BAJO
B29: 20 | C29: Guante de vaqueta corto. Fabricado en 100% cuero (vaqueta), cosido en hilo de alta resistencia debe proporcionar la comodidad de un guante tejido, sin sacrificar la flexibilidad y la destreza. | D29: PAR | E29: 200 | F29: 21000 | G29: 6950 | H29: =1.19*5426 -> 6456.94 | I29: 5630.2521 | L29: 5000 | M29: 10785 | N29: 10785 | O29: =COUNT(F29:N29) -> 7 | P29: =ROUND(AVERAGE(F29:N29),2) -> 9515.31 | Q29: =ROUND(+P29*E29,2) -> 1903062 | R29: =STDEVP(F29:L29) -> 6033.6486 | S29: =R29/P29*100 -> 63.409901 | T29: =100-S29 -> 36.590099 | U29: =IF(T29>70,"ALTO","BAJO") -> BAJO
B30: 21 | C30: Guante vaqueta largo. Fabricado en 100% cuero (vaqueta), debe proporcionar la comodidad de un guante tejido, sin sacrificar la flexibilidad y la destreza, manga larga para protección adicional en muñeca y parte del antebrazo. | D30: PAR | E30: 150 | F30: 19000 | G30: 7250 | H30: =1.19*8561 -> 10187.59 | I30: 8907.563 | K30: 13454 | M30: 18231 | N30: 18231 | O30: =COUNT(F30:N30) -> 7 | P30: =ROUND(AVERAGE(F30:N30),2) -> 13608.74 | Q30: =ROUND(+P30*E30,2) -> 2041311 | R30: =STDEVP(F30:L30) -> 4152.9798 | S30: =R30/P30*100 -> 30.517004 | T30: =100-S30 -> 69.482996 | U30: =IF(T30>70,"ALTO","BAJO") -> BAJO
B31: 22 | C31: Guante de nitrilo para Sustancias Químicas (Verde Largo). Fabricado en nitrilo (material sintético, bastante resistente a la mayoría de los productos químicos) hipoalergénicos. Forro interno en algodón para mayor frescura; texturizados en la punta de los dedos y en la palma para brindar mayor agarre. Longitud= 18 Pulgadas (45.7 cm) Espesor= 22mil (0.55mm). | D31: PAR | E31: 108 | F31: 32000 | G31: 18020 | H31: 19117 | I31: 18907.563 | L31: 62500 | M31: 20583 | N31: 20583 | O31: =COUNT(F31:N31) -> 7 | P31: =ROUND(AVERAGE(F31:N31),2) -> 27387.22 | Q31: =ROUND(+P31*E31,2) -> 2957819.8 | R31: =STDEVP(F31:L31) -> 17001.135 | S31: =R31/P31*100 -> 62.076892 | T31: =100-S31 -> 37.923108 | U31: =IF(T31>70,"ALTO","BAJO") -> BAJO
B32: 23 | C32: Guante Poliuretano. Fabricado en Nailon (74%) poliuretano (26%) Provee una capa con buena resistencia a la abrasión y rasgado, protección contra líquidos, agarre en seco y húmedo y durabilidad. El recubrimiento ofrece la misma sensibilidad táctil de un guante delgado, pero con la protección de un guante recubierto. | D32: PARES y/o CAJA X 50 PARES | E32: 300 | F32: 15000 | G32: 4600 | H32: =1.19*5084 -> 6049.96 | I32: 5147.0588 | J32: 7027 | K32: 12144 | M32: 7949 | N32: 7949 | O32: =COUNT(F32:N32) -> 8 | P32: =ROUND(AVERAGE(F32:N32),2) -> 8233.25 | Q32: =ROUND(+P32*E32,2) -> 2469975 | R32: =STDEVP(F32:L32) -> 3872.4643 | S32: =R32/P32*100 -> 47.034455 | T32: =100-S32 -> 52.965545 | U32: =IF(T32>70,"ALTO","BAJO") -> BAJO
B33: 24 | C33: Guante de nitrilo azul. Guante de nitrilo desechable de 8 mm de grosor, largo, de bajo Modulo, con puño enrollado, color azul, ambidiestro, ideal para usos generales y de laboratorio. Acabado rugoso para facilitar la manipulación de objetos resbalosos. | D33: PARES y/o CAJA X 50 PARES | E33: 500 | F33: 32000 | G33: 1000 | H33: =1.19*1920 -> 2284.8 | I33: 2000 | M33: 32315 | N33: 32315 | O33: =COUNT(F33:N33) -> 6 | P33: =ROUND(AVERAGE(F33:N33),2) -> 16985.8 | Q33: =ROUND(+P33*E33,2) -> 8492900 | R33: =STDEVP(F33:L33) -> 13102.302 | S33: =R33/P33*100 -> 77.136795 | T33: =100-S33 -> 22.863205 | U33: =IF(T33>70,"ALTO","BAJO") -> BAJO
B34: 25 | C34: Guante para soldador (resistente al calor Kevlar). Fabricado en carnaza, con refuerzos en palmas y dedos costura con hilo doble. Resistentes a la abrasión y a las chispas de soldadura. | D34: PAR | E34: 10 | F34: 31000 | G34: 22228 | H34: =1.19*12753 -> 15176.07 | I34: 11764.706 | M34: 30299 | N34: 30299 | O34: =COUNT(F34:N34) -> 6 | P34: =ROUND(AVERAGE(F34:N34),2) -> 23461.13 | Q34: =ROUND(+P34*E34,2) -> 234611.3 | R34: =STDEVP(F34:L34) -> 7366.2615 | S34: =R34/P34*100 -> 31.397727 | T34: =100-S34 -> 68.602273 | U34: =IF(T34>70,"ALTO","BAJO") -> BAJO
B35: 26 | C35: Guante de hilaza recubiertos en látex. Puño tejido, anatómico, resistencia mecánica, proporciona un agarre fuerte y de máxima destreza. Composición: 40% Hilaza • 60% Látex, Talla única. | D35: PARES y/o CAJA X 50 PARES | E35: 300 | F35: 11000 | H35: =1.19*4637 -> 5518.03 | I35: 5042.0168 | K35: 2370 | O35: =COUNT(F35:N35) -> 4 | P35: =ROUND(AVERAGE(F35:N35),2) -> 5982.51 | Q35: =ROUND(+P35*E35,2) -> 1794753 | R35: =STDEVP(F35:L35) -> 3135.5105 | S35: =R35/P35*100 -> 52.411287 | T35: =100-S35 -> 47.588713 | U35: =IF(T35>70,"ALTO","BAJO") -> BAJO
B36: 27 | C36: Peto en carnaza. Fabricado en carnaza fuerte, con grosor de 1.4 mm, para ser usado en labores de soldadura. Buena resistencia y flexibilidad, todas las costuras reforzadas. Talla Grande/L o XL, con tiras de sujeción en el cuello y cintura. | D36: UND | E36: 5 | F36: 30000 | G36: 18700 | H36: =1.19*14847 -> 17667.93 | I36: 8403.3613 | M36: 29735 | N36: 29735 | O36: =COUNT(F36:N36) -> 6 | P36: =ROUND(AVERAGE(F36:N36),2) -> 22373.55 | Q36: =ROUND(+P36*E36,2) -> 111867.75 | R36: =STDEVP(F36:L36) -> 7661.1965 | S36: =R36/P36*100 -> 34.242204 | T36: =100-S36 -> 65.757796 | U36: =IF(T36>70,"ALTO","BAJO") -> BAJO
B37: 28 | C37: Chaqueta en Vaqueta. Chaqueta fabricada en vaqueta, utilizada en trabajos de soldadura y/o fundición. Es ideal para proteger contra chispas o metales calientes. Color amarillo. Material: Vaqueta de cuero de res (vacuno), curtido al cromo, Hilo: poliéster, Cierres: broches metálicos. | D37: UND | E37: 10 | F37: 73000 | G37: 86666 | H37: =1.19*92974 -> 110639.06 | I37: 58823.529 | O37: =COUNT(F37:N37) -> 4 | P37: =ROUND(AVERAGE(F37:N37),2) -> 82282.15 | Q37: =ROUND(+P37*E37,2) -> 822821.5 | R37: =STDEVP(F37:L37) -> 19103.649 | S37: =R37/P37*100 -> 23.217246 | T37: =100-S37 -> 76.782754 | U37: =IF(T37>70,"ALTO","BAJO") -> ALTO
B38: 29 | C38: Peto plástico color negro. Fabricado en material vinilo con soporte textil en poliéster para evitar desgarre, buenas resistencias físicas, color firme y durable que no se decolora ni se transfieren a otros materiales, calibre 25 (0.58 mm) industrial. Costuras con sistema de electro sellado, impiden filtraciones en las uniones. Talla Grande/L o XL, con tiras de sujeción en el cuello y cintura, hebillas plásticas y graduables para ajuste al cuerpo. | D38: UND | E38: 30 | F38: 13000 | G38: 19500 | H38: =1.19*17780 -> 21158.2 | I38: 25210.084 | J38: 22382 | M38: 27518 | N38: 27518 | O38: =COUNT(F38:N38) -> 7 | P38: =ROUND(AVERAGE(F38:N38),2) -> 22326.61 | Q38: =ROUND(+P38*E38,2) -> 669798.3 | R38: =STDEVP(F38:L38) -> 4076.7066 | S38: =R38/P38*100 -> 18.259407 | T38: =100-S38 -> 81.740593 | U38: =IF(T38>70,"ALTO","BAJO") -> ALTO
B39: 30 | C39: DELANTAL PETO PARA GUADAÑA O MANDIL. Elemento de protección personal que protege tronco del trabajador contra riesgos mecánicos abrasión corte de cuchilla perforación y quemaduras de chispas En carnaza medida 140 cm cuero curtido grosor mínimo aceptado por la norma internacional 1.3 a 1.8 mm son reforzadas además posee cintas para ajuste en cuello y espalda con hebilla metálica hilo algodón trenzado de 4 cabos calibre 40 costuras de 4 a 5 cm correas de 60 cm mínimo de largo por 1.5 cm de ancho. | D39: UND | E39: 2 | F39: 35000 | G39: 34760 | H39: =1.19*99160 -> 118000.4 | I39: 126050.42 | O39: =COUNT(F39:N39) -> 4 | P39: =ROUND(AVERAGE(F39:N39),2) -> 78452.71 | Q39: =ROUND(+P39*E39,2) -> 156905.42 | R39: =STDEVP(F39:L39) -> 43665.641 | S39: =R39/P39*100 -> 55.65855 | T39: =100-S39 -> 44.34145 | U39: =IF(T39>70,"ALTO","BAJO") -> BAJO
B40: 31 | C40: Canilleras con refuerzo para guadañar . La estructura está compuesta por tiras metálicas en aluminio forradas en telas con refuerzo en nylon correas en nylon con hebillas para sujetas la pierna y el pie, se encuentran también en polietileno de alta resistencia montado en tela de nylon acolchada por tallas para que sean ajustables a la pierna del trabajador. | D40: PAR | E40: 2 | F40: 121000 | H40: =1.19*84405 -> 100441.95 | I40: 57142.857 | O40: =COUNT(F40:N40) -> 3 | P40: =ROUND(AVERAGE(F40:N40),2) -> 92861.6 | Q40: =ROUND(+P40*E40,2) -> 185723.2 | R40: =STDEVP(F40:L40) -> 26614.907 | S40: =R40/P40*100 -> 28.660832 | T40: =100-S40 -> 71.339168 | U40: =IF(T40>70,"ALTO","BAJO") -> ALTO
B41: 32 | C41: Cubre cara y Cuello. Fabricada en materiales frescos para protección del sol (Jean o Drill). Gorro tipo chavo o tipo pasamontañas que proteja nariz y boca. Talla Grande. | D41: UND | E41: 80 | F41: 55000 | H41: =1.19*8203 -> 9761.57 | I41: 10819.328 | K41: 12968 | M41: 21926 | N41: 21926 | O41: =COUNT(F41:N41) -> 6 | P41: =ROUND(AVERAGE(F41:N41),2) -> 22066.82 | Q41: =ROUND(+P41*E41,2) -> 1765345.6 | R41: =STDEVP(F41:L41) -> 19008.474 | S41: =R41/P41*100 -> 86.140521 | T41: =100-S41 -> 13.859479 | U41: =IF(T41>70,"ALTO","BAJO") -> BAJO
B42: 33 | C42: Protector o filtro solar FPS 50+. Crema hipoalergénica, resistente a la transpiración. Inhibe la acción de los rayos UVA y UVB mediante la combinación de filtros físicos y químicos, alcanzando un factor de protección solar superior a 50+. | D42: Frasco Mayor o Igual a 100ml. Hasta 150ml. | E42: 150 | F42: 72000 | G42: 36450 | H42: =1.19*32560 -> 38746.4 | I42: 30420.168 | K42: 44310 | M42: 45649 | N42: 45649 | O42: =COUNT(F42:N42) -> 7 | P42: =ROUND(AVERAGE(F42:N42),2) -> 44746.37 | Q42: =ROUND(+P42*E42,2) -> 6711955.5 | R42: =STDEVP(F42:L42) -> 14507.711 | S42: =R42/P42*100 -> 32.422096 | T42: =100-S42 -> 67.577904 | U42: =IF(T42>70,"ALTO","BAJO") -> BAJO
